Workbook
Name Azua: Prov!$C$3:$C$12
Name Bahoruco: Prov!$C$13:$C$17
Name Barahona: Prov!$C$18:$C$28
Name CodigoActividad: [1]!Tabla2[Código]
Name CodigoActividad: Tabla2[Código]
Name Dajabon: Prov!$C$29:$C$33
Name Dajabón: Prov!$C$29:$C$33
Name Distrito_Nacional: Prov!$C$2
Name Duarte: Prov!$C$34:$C$40
Name El_Seibo: Prov!$C$41:$C$42
Name Elias_Pina: Prov!$C$43:$C$48
Name Elías_Piña: Prov!$C$43:$C$48
Name Espaillat: Prov!$C$49:$C$52
Name Hato_Mayor: Prov!$C$53:$C$55
Name Hermanas_Mirabal: Prov!$C$56:$C$58
Name Independencia: Prov!$C$59:$C$64
Name La_Altagracia: Prov!$C$65:$C$66
Name La_Romana: Prov!$C$67:$C$69
Name La_Vega: Prov!$C$70:$C$73
Name Le.1: Obj!$D$132:$D$141
Name Le.2: Obj!$D$142:$D$143
Name Le.3: Obj!$D$144:$D$146
Name Le.4: Obj!$D$147
Name ls_ComprayAlquiler: Catalogo!$G$33:$G$41
Name ls_Departamento: Catalogo!$D$36:$D$68
Name Ls_DepartamentosSRS: Catalogo!$G$130:$G$146
Name Ls_DependenciasSRS: Catalogo!$B$97:$B$102
Name ls_Direccion: Catalogo!$D$32:$D$33
Name Ls_DivisionesSRS: Catalogo!$E$105:$E$121
Name Ls_Estructura: Catalogo!$B$23:$B$28
Name Ls_GerenciasSRS: Catalogo!$E$124:$E$126
Name Ls_LinesEstategica: Obj!$B$6:$B$9
Name Ls_Medio_Verificacion: Catalogo!$B$152:$B$171
Name Ls_ObjEstrategico: Obj!$G$6:$G$21
Name Ls_Oficina: Catalogo!$D$87:$D$90
Name Ls_OficinasSRS: Catalogo!#REF!
Name ls_Regiones: Catalogo!$B$10:$B$19
Name ls_SubDireccion: Catalogo!$D$71:$D$80
Name ls_TiposAcciones: Catalogo!$G$11:$G$14
Name ls_UnidadesSRS: Catalogo!$B$105:$B$143
Name lsAcabadosTextiles: #REF!
Name lsAcabadosTextiles: #REF!
Name lsAireAcondicionado: #REF!
Name lsAireAcondicionado: #REF!
Name lsAlimentosyBebidas: #REF!
Name lsAlimentosyBebidas: #REF!
Name lsArticulosdePlastico: #REF!
Name lsArticulosdePlastico: #REF!
Name lsElectrodomesticos: #REF!
Name lsElectrodomesticos: #REF!
Name lsEquiposComputos: #REF!
Name lsEquiposComputos: #REF!
Name lsEquiposMedicos: #REF!
Name lsEquiposMedicos: #REF!
Name lsEquiposSeguridad: #REF!
Name lsEquiposSeguridad: #REF!
Name lsEquiposTransporte: #REF!
Name lsEquiposTransporte: #REF!
Name lsEventosGenerales: #REF!
Name lsEventosGenerales: #REF!

Sheet Resumen 
I1: Siglas Dependencias DC-SNS | K1: Siglas SRS | AB1: INSUMOS | AC1: Unidad de medidas
A2: Servicio Nacional de Salud | I2: Dirección Ejecutiva (DEJ) | K2: Servicio Regional de Salud Metropolitano (SRSM) | AB2: Abanico De Pared | AC2: Unidad
A3: Dirección de Planificación y Desarrollo | I3: Atención a Usuarios (DAU) | K3: Servicio Regional de Salud Valdesia (SRSV) | AB3: Abanico De Pedestal | AC3: Galon
I4: Comité Etica Pública (CEP) | K4: Servicio Regional de Salud Norcentral (SRSNC) | AB4: Acido Muriatico | AC4: Cilidros 100Lb/22Gl
A5: Cantidad acciones/actividades/trimestre | I5: Cooperación Internacional (COP) | K5: Servicio Regional de Salud Nordeste (SRSND) | AB5: Acido Urico | AC5: Talonario
A6: Primer Trimestre | B6: =Tabla2[[#Totals],[Ene]]+Tabla2[[#Totals],[Feb]]+Tabla2[[#Totals],[Mar]] -> 233 | I6: Calidad Institucional (DCI) | K6: Servicio Regional de Salud Enriquillo (SRSEN) | AB6: Adaptador Macho De 1/2 | AC6: Resma
A7: Segundo Trimestre | B7: =Tabla2[[#Totals],[Abr]]+Tabla2[[#Totals],[May]]+Tabla2[[#Totals],[Jun]] -> 267 | I7: Administración (DAD) | K7: Servicio Regional de Salud Este (SRSES) | AB7: Adaptador Macho Pvc 1 Pulg | AC7: Caja
A8: Tercer Trimestre | B8: =Tabla2[[#Totals],[Jul]]+Tabla2[[#Totals],[Ago]]+Tabla2[[#Totals],[Sep]] -> 237 | I8: Dirección Centros Hospitalarios (DCH) | K8: Servicio Regional de Salud El Valle (SRSEV) | AB8: Adaptador Macho Pvc 3/4 | AC8: Paquete 5Lbs
A9: Cuarto Trimestre | B9: =Tabla2[[#Totals],[Oct]]+Tabla2[[#Totals],[Nov]]+Tabla2[[#Totals],[Dic]] -> 229 | I9: Emergencia y Desastres (DED) | K9: Servicio Regional de Cibao Occidental (SRSCO) | AB9: Agua De Bateria | AC9: Rollos
A10: Total actividades del año 2020 | B10: =SUM(B6:B9) -> 966 | I10: Comunicación Estratégica (DCE) | K10: Servicio Regional de Salud Cibao Central (SRSCC) | AB10: Agua Destilada | AC10: Paquetes 100/1
I11: Financiero (DF) | AB11: Aguja De Sutura | AC11: Paquetes
I12: Gestión Humana (DGH) | AB12: Aire Acondicionado 18,000 Btu | AC12: Set De 100
I13: Infraestructura y Equipos (DIE) | AB13: Alambre Thhn No. 12 Negro | AC13: Paquete 1Lib.
A14: Tabla Resumen POA 2020 | I14: Consultoría Jurídica (DCJ) | AB14: Alambre Thhn No. 12 Rojo | AC14: Paquete 5Lib.
A15: Área Organizacional | B15: Presupuesto | C15: Nº Productos | D15: Nº Actividades | E15: % (Productos) | F15: % (Actividades) | G15: % (Presupuesto) | I15: Monitoreo y Evaluación (DME) | AB15: Alambre Thnn No. 12 Blanco | AC15: Pie
A16: Administrativo - Financiero | B16: 223147.5 | C16: 4 | D16: 11 | E16: =+C16/$C$35 -> 0.064516129 | F16: =+D16/$D$35 -> 0.041825095 | G16: =+B16/$B$35 -> 0.020884924 | I16: Planificación (DPD) | AB16: Alcohol Isopropilico | AC16: Casset De 40
A17: Primer Nivel (DPN) | B17: 5337556.8 | C17: 5 | D17: 50 | E17: =+C17/$C$35 -> 0.080645161 | F17: =+D17/$D$35 -> 0.19011407 | G17: =+B17/$B$35 -> 0.49955509 | I17: Dirección Primer Nivel (DPN) | AB17: Alfombras Para Baños | AC17: Caja/12
A18: Atención a Usuarios (DAU) | B18: 182678.6 | C18: 2 | D18: 16 | E18: =+C18/$C$35 -> 0.032258065 | F18: =+D18/$D$35 -> 0.060836502 | G18: =+B18/$B$35 -> 0.01709734 | I18: Asistencia a la Red (DAR) | AB18: Alicate | AC18: Capsula /500
A19: Calidad Servicios de Salud (CSS) | B19: 30800 | C19: 1 | D19: 5 | E19: =+C19/$C$35 -> 0.016129032 | F19: =+D19/$D$35 -> 0.019011407 | G19: =+B19/$B$35 -> 0.0028826479 | I19: Seguridad Física (DSF) | AB19: Alicate Articulado 12 Pulg. | AC19: Set De 200
A20: Dirección Centros Hospitalarios (DCH) | B20: 186265 | C20: 14 | D20: 21 | E20: =+C20/$C$35 -> 0.22580645 | F20: =+D20/$D$35 -> 0.079847909 | G20: =+B20/$B$35 -> 0.017433 | I20: Sistema de Información (DSI) | AB20: Alicate De Presion Curvo | AC20: Set De 100
A21: Control y Fiscalización (OCF) | B21: 64476.8 | C21: 1 | D21: 3 | E21: =+C21/$C$35 -> 0.016129032 | F21: =+D21/$D$35 -> 0.011406844 | G21: =+B21/$B$35 -> 0.0060345426 | I21: Tecnología (DTI) | AB21: Almuerzo | AC21: Frasco
A22: Emergencia y Desastres (DED) | B22: 47352.5 | C22: 4 | D22: 15 | E22: =+C22/$C$35 -> 0.064516129 | F22: =+D22/$D$35 -> 0.057034221 | G22: =+B22/$B$35 -> 0.0044318371 | I22: Calidad Servicios de Salud (CSS) | AB22: Almuerzo | AC22: Rollos
A23: Division Gestion Clinica | B23: 141127.5 | C23: 5 | D23: 13 | E23: =+C23/$C$35 -> 0.080645161 | F23: =+D23/$D$35 -> 0.049429658 | G23: =+B23/$B$35 -> 0.01320847 | I23: Materno-Infantil (MIA) | AB23: Amalgama | AC23: Caja/50
A24: Sistema de Información (DSI) | B24: 181230.5 | C24: 5 | D24: 13 | E24: =+C24/$C$35 -> 0.080645161 | F24: =+D24/$D$35 -> 0.049429658 | G24: =+B24/$B$35 -> 0.016961809 | I24: OAI | AB24: Ambientador | AC24: Noche
A25: Gestión Humana (DGH) | B25: 2030200 | C25: 6 | D25: 13 | E25: =+C25/$C$35 -> 0.096774194 | F25: =+D25/$D$35 -> 0.049429658 | G25: =+B25/$B$35 -> 0.19001142 | I25: Control y Fiscalización (OCF) | AB25: Ambientador Elect. Con 2 Aromas | AC25: Faldo/20U/D
A26: Infraestructura y Equipos (DIE) | B26: 102760 | C26: 1 | D26: 4 | E26: =+C26/$C$35 -> 0.016129032 | F26: =+D26/$D$35 -> 0.015209125 | G26: =+B26/$B$35 -> 0.0096175616 | I26: Odontología (ODO) | AB26: Anestesia 2%
A27: Materno-Infantil (MIA) | B27: 114530 | C27: 1 | D27: 18 | E27: =+C27/$C$35 -> 0.016129032 | F27: =+D27/$D$35 -> 0.068441065 | G27: =+B27/$B$35 -> 0.010719145 | I27: Pasantía Médica (PSM) | AB27: Anestesia 3%
A28: Servicios Diagnósticos y Sangre (SDS) | B28: 52378.6 | C28: 1 | D28: 8 | E28: =+C28/$C$35 -> 0.016129032 | F28: =+D28/$D$35 -> 0.030418251 | G28: =+B28/$B$35 -> 0.0049022422 | I28: Servicios Diagnósticos y Sangre (SDS) | AB28: Anti A
A29: Odontología (ODO) | B29: 629427.05 | C29: 1 | D29: 11 | E29: =+C29/$C$35 -> 0.016129032 | F29: =+D29/$D$35 -> 0.041825095 | G29: =+B29/$B$35 -> 0.058909628 | I29: Medicamentos e Insumos (DMI) | AB29: Anti B
A30: OAI | B30: 26990 | C30: 2 | D30: 14 | E30: =+C30/$C$35 -> 0.032258065 | F30: =+D30/$D$35 -> 0.053231939 | G30: =+B30/$B$35 -> 0.0025260606 | AB30: Anti C
A31: Tecnología (DTI) | B31: 512273.7 | C31: 2 | D31: 12 | E31: =+C31/$C$35 -> 0.032258065 | F31: =+D31/$D$35 -> 0.045627376 | G31: =+B31/$B$35 -> 0.047944958
A32: Medicamentos e Insumos (DMI) | B32: 117401 | C32: 1 | D32: 10 | E32: =+C32/$C$35 -> 0.016129032 | F32: =+D32/$D$35 -> 0.038022814 | G32: =+B32/$B$35 -> 0.010987849
A33: Planificación y Desarrollo | B33: 681834.3 | C33: 5 | D33: 18 | E33: =+C33/$C$35 -> 0.080645161 | F33: =+D33/$D$35 -> 0.068441065 | G33: =+B33/$B$35 -> 0.063814552
A34: Equidad de Genero y Salud Mental | B34: 22191.1 | C34: 1 | D34: 8 | E34: =+C34/$C$35 -> 0.016129032 | F34: =+D34/$D$35 -> 0.030418251 | G34: =+B34/$B$35 -> 0.0020769197
A35: Total | B35: =SUM(B16:B34) -> 10684621 | C35: =SUM(C16:C34) -> 62 | D35: =SUM(D16:D34) -> 263 | E35: =SUM(E16:E34) -> 1 | F35: =SUM(F16:F34) -> 1 | G35: =SUM(G16:G34) -> 1 | AB35: Anti D
AB36: Anticoagulante
AB37: Aplicadores De Madera
AB38: Archivo De Metal 4 Gavetas 8 1/2 X 11
AB39: Archivo Modular De 3 Gavetas
AB40: Armario De Metal
AB41: Aso Latex
AB42: Auto Clave
AB43: Azucar
AB44: Balanza Adulto
AB45: Balanza Pediatrica
AB46: Banda Elastica
AB47: Bandeja Carton Para Porta Objetos
... AB396: Zafacon Con Tapa

Sheet Formulario PPGR1
H2: Servicio Nacional de Salud | M2: Año del POA: | N2: 2020
H3: Dirección de Planificación y Desarrollo | M3: Servicio Regional de Salud: | N3: R6 - SRS El Valle | V3: =VLOOKUP(N3,Catalogo!$B$10:$C$19,2,FALSE) -> Ls_DependenciasSRS
M4: Estructura: | N4: Gerencia | V4: =IF(V3="Ls_Estructura",VLOOKUP(N4,Catalogo!B23:C27,2,FALSE),VLOOKUP(N4,Catalogo!$B$97:$C$101,2,FALSE)) -> Ls_GerenciasSRS
H5: Identificación de Productos/Resultados | M5: =IF(V3="Ls_Estructura",VLOOKUP($N$4,Catalogo!$B$23:$D$28,3,FALSE),VLOOKUP($N$4,Catalogo!$B$97:$D$101,3,FALSE)) -> Gerencias: | N5: Regional (Consolidado)
B8: Prioridades Directivas | C8: POA | D8: SRS | E8: AREA | F8: TIPO | G8: Línea estratégica | H8: Cod_LE | I8: Objetivo | J8: Cod_Obj | K8: Resultado esperado | L8: Productos | M8: Indicador | N8: Unidad de medida | O8: Línea Base | P8: Meta | Q8: 1er. Trimestre | R8: 2do. Trimestre | S8: 3er. Trimestre | T8: 4to. Trimestre | U8: Supuestos | V8: Dependencia responsable
B9: Gestión y Control de la Planificación Institucional | C9: =IF(Tabla3[[#This Row],[Línea estratégica]]="","",#REF!) -> #REF! | D9: =IF(Tabla3[[#This Row],[Línea estratégica]]="","",#REF!) -> #REF! | E9: =IF(Tabla3[[#This Row],[Línea estratégica]]="","",#REF!) -> #REF! | F9: =IF(Tabla3[[#This Row],[Línea estratégica]]="","",#REF!) -> #REF! | G9: Le.1 - Fortalecer las capacidades gestoras institucionales del SNS a través de la implementación del Modelo de Gestión, del desarrollo de su organización funcional y de las capacidades e instrumentos necesarios en cada ámbito de gestión | H9: =IFERROR(VLOOKUP(Tabla3[[#This Row],[Línea estratégica]],Obj!$B$57:$C$90,2,FALSE),"") -> Le.1 | I9: Obj1.1 - Definir e implementar un modelo organizativo funcional en el Nivel Central del SNS | J9: =IFERROR(VLOOKUP($I9,Obj!$D$132:$E$147,2,FALSE),"") -> Obj1.1 | K9: Gestión Administrativa y Estratégica fortalecida | L9: 1.1.3.1 Fortalecimiento de la Planificación Institucional | Y9: Desarrollo y Gestión de la Red de Servicios
B10: Gestión y Control de la Planificación Institucional | C10: =IF(Tabla3[[#This Row],[Línea estratégica]]="","",#REF!) -> #REF! | D10: =IF(Tabla3[[#This Row],[Línea estratégica]]="","",#REF!) -> #REF! | E10: =IF(Tabla3[[#This Row],[Línea estratégica]]="","",#REF!) -> #REF! | F10: =IF(Tabla3[[#This Row],[Línea estratégica]]="","",#REF!) -> #REF! | G10: Le.1 - Fortalecer las capacidades gestoras institucionales del SNS a través de la implementación del Modelo de Gestión, del desarrollo de su organización funcional y de las capacidades e instrumentos necesarios en cada ámbito de gestión | H10: =IFERROR(VLOOKUP(Tabla3[[#This Row],[Línea estratégica]],Obj!$B$57:$C$90,2,FALSE),"") -> Le.1 | I10: Obj1.1 - Definir e implementar un modelo organizativo funcional en el Nivel Central del SNS | J10: =IFERROR(VLOOKUP($I10,Obj!$D$132:$E$147,2,FALSE),"") -> Obj1.1 | K10: Gestión Administrativa y Estratégica fortalecida | L10: 1.1.3.2 Modelo de Gestión de Calidad Intitucional | Y10: Transparencia Institucional
B11: Gestión y Control de la Planificación Institucional | C11: =IF(Tabla3[[#This Row],[Línea estratégica]]="","",#REF!) -> #REF! | D11: =IF(Tabla3[[#This Row],[Línea estratégica]]="","",#REF!) -> #REF! | E11: =IF(Tabla3[[#This Row],[Línea estratégica]]="","",#REF!) -> #REF! | F11: =IF(Tabla3[[#This Row],[Línea estratégica]]="","",#REF!) -> #REF! | G11: Le.1 - Fortalecer las capacidades gestoras institucionales del SNS a través de la implementación del Modelo de Gestión, del desarrollo de su organización funcional y de las capacidades e instrumentos necesarios en cada ámbito de gestión | H11: =IFERROR(VLOOKUP(Tabla3[[#This Row],[Línea estratégica]],Obj!$B$57:$C$90,2,FALSE),"") -> Le.1 | I11: Obj1.1 - Definir e implementar un modelo organizativo funcional en el Nivel Central del SNS | J11: =IFERROR(VLOOKUP($I11,Obj!$D$132:$E$147,2,FALSE),"") -> Obj1.1 | K11: Gestión Administrativa y Estratégica fortalecida | L11: 1.1.3.3 Gestión documental de procesos institucionales | Y11: Gestión Integral de Información
B12: Gestión y Control de la Planificación Institucional | C12: =IF(Tabla3[[#This Row],[Línea estratégica]]="","",#REF!) -> #REF! | D12: =IF(Tabla3[[#This Row],[Línea estratégica]]="","",#REF!) -> #REF! | E12: =IF(Tabla3[[#This Row],[Línea estratégica]]="","",#REF!) -> #REF! | F12: =IF(Tabla3[[#This Row],[Línea estratégica]]="","",#REF!) -> #REF! | G12: Le.1 - Fortalecer las capacidades gestoras institucionales del SNS a través de la implementación del Modelo de Gestión, del desarrollo de su organización funcional y de las capacidades e instrumentos necesarios en cada ámbito de gestión | H12: =IFERROR(VLOOKUP(Tabla3[[#This Row],[Línea estratégica]],Obj!$B$57:$C$90,2,FALSE),"") -> Le.1 | I12: Obj1.1 - Definir e implementar un modelo organizativo funcional en el Nivel Central del SNS | J12: =IFERROR(VLOOKUP($I12,Obj!$D$132:$E$147,2,FALSE),"") -> Obj1.1 | K12: Gestión Administrativa y Estratégica fortalecida | L12: 1.1.3.4 Implementación del Modelo de Gestión | Y12: Gestión y Control de la Planificación Institucional
B13: Gestión y Control de la Planificación Institucional | C13: =IF(Tabla3[[#This Row],[Línea estratégica]]="","",#REF!) -> #REF! | D13: =IF(Tabla3[[#This Row],[Línea estratégica]]="","",#REF!) -> #REF! | E13: =IF(Tabla3[[#This Row],[Línea estratégica]]="","",#REF!) -> #REF! | F13: =IF(Tabla3[[#This Row],[Línea estratégica]]="","",#REF!) -> #REF! | G13: Le.1 - Fortalecer las capacidades gestoras institucionales del SNS a través de la implementación del Modelo de Gestión, del desarrollo de su organización funcional y de las capacidades e instrumentos necesarios en cada ámbito de gestión | H13: =IFERROR(VLOOKUP(Tabla3[[#This Row],[Línea estratégica]],Obj!$B$57:$C$90,2,FALSE),"") -> Le.1 | I13: Obj1.10 - Fortalecer el sistema de monitoreo y evaluación, para la toma de decisiones basado en información de calidad y acorde a los objetivos propuestos. | J13: =IFERROR(VLOOKUP($I13,Obj!$D$132:$E$147,2,FALSE),"") -> Obj1.10 | K13: Monitoreados los objetivos propuestos y definidos los alcances de cumplimiento. | L13: 1.10.2.1Desarrollo de un Sistema de Monitoreo de la calidad del servicio | Y13: Promoción y Cultura de Innovación
B14: Gestión y Control de la Planificación Institucional | C14: =IF(Tabla3[[#This Row],[Línea estratégica]]="","",#REF!) -> #REF! | D14: =IF(Tabla3[[#This Row],[Línea estratégica]]="","",#REF!) -> #REF! | E14: =IF(Tabla3[[#This Row],[Línea estratégica]]="","",#REF!) -> #REF! | F14: =IF(Tabla3[[#This Row],[Línea estratégica]]="","",#REF!) -> #REF! | G14: Le.1 - Fortalecer las capacidades gestoras institucionales del SNS a través de la implementación del Modelo de Gestión, del desarrollo de su organización funcional y de las capacidades e instrumentos necesarios en cada ámbito de gestión | H14: =IFERROR(VLOOKUP(Tabla3[[#This Row],[Línea estratégica]],Obj!$B$57:$C$90,2,FALSE),"") -> Le.1 | I14: Obj1.6 - Fortalecer los sistemas de información existentes en todos los niveles del SNS para apoyar la gestión para resultados | J14: =IFERROR(VLOOKUP($I14,Obj!$D$132:$E$147,2,FALSE),"") -> Obj1.6 | K14: Régimen de auditoria de calidad de la información implementado | L14: 1.6.3.1Protocolo Auditoría Calidad del Dato | Y14: Disminución de la Mortalidad Materna e Infantil
B15: Gestión y Control de la Planificación Institucional | C15: =IF(Tabla3[[#This Row],[Línea estratégica]]="","",#REF!) -> #REF! | D15: =IF(Tabla3[[#This Row],[Línea estratégica]]="","",#REF!) -> #REF! | E15: =IF(Tabla3[[#This Row],[Línea estratégica]]="","",#REF!) -> #REF! | F15: =IF(Tabla3[[#This Row],[Línea estratégica]]="","",#REF!) -> #REF! | G15: Le.1 - Fortalecer las capacidades gestoras institucionales del SNS a través de la implementación del Modelo de Gestión, del desarrollo de su organización funcional y de las capacidades e instrumentos necesarios en cada ámbito de gestión | H15: =IFERROR(VLOOKUP(Tabla3[[#This Row],[Línea estratégica]],Obj!$B$57:$C$90,2,FALSE),"") -> Le.1 | I15: Obj1.6 - Fortalecer los sistemas de información existentes en todos los niveles del SNS para apoyar la gestión para resultados | J15: =IFERROR(VLOOKUP($I15,Obj!$D$132:$E$147,2,FALSE),"") -> Obj1.6 | K15: Estandarizados los instrumentos de recolección de datos de los establecimientos de salud y de las entidades administrativas de la red, que minimice la duplicidad de reportes e informes que emanen de los diferentes niveles | L15: 1.6.2.1Implementación del Expedientes Integral de Salud | Y15: Gestionar y fortalecer el Talento Humano
B16: Gestión y Control de la Planificación Institucional | C16: =IF(Tabla3[[#This Row],[Línea estratégica]]="","",#REF!) -> #REF! | D16: =IF(Tabla3[[#This Row],[Línea estratégica]]="","",#REF!) -> #REF! | E16: =IF(Tabla3[[#This Row],[Línea estratégica]]="","",#REF!) -> #REF! | F16: =IF(Tabla3[[#This Row],[Línea estratégica]]="","",#REF!) -> #REF! | G16: Le.1 - Fortalecer las capacidades gestoras institucionales del SNS a través de la implementación del Modelo de Gestión, del desarrollo de su organización funcional y de las capacidades e instrumentos necesarios en cada ámbito de gestión | H16: =IFERROR(VLOOKUP(Tabla3[[#This Row],[Línea estratégica]],Obj!$B$57:$C$90,2,FALSE),"") -> Le.1 | I16: Obj1.6 - Fortalecer los sistemas de información existentes en todos los niveles del SNS para apoyar la gestión para resultados | J16: =IFERROR(VLOOKUP($I16,Obj!$D$132:$E$147,2,FALSE),"") -> Obj1.6 | K16: Estandarizados los instrumentos de recolección de datos de los establecimientos de salud y de las entidades administrativas de la red, que minimice la duplicidad de reportes e informes que emanen de los diferentes niveles | L16: 1.6.2.2 Despliegue del Sistema de información de producción de servicios | Y16: Automatización Tecnológica
B17: Automatización Tecnológica | C17: =IF(Tabla3[[#This Row],[Línea estratégica]]="","",#REF!) -> #REF! | D17: =IF(Tabla3[[#This Row],[Línea estratégica]]="","",#REF!) -> #REF! | E17: =IF(Tabla3[[#This Row],[Línea estratégica]]="","",#REF!) -> #REF! | F17: =IF(Tabla3[[#This Row],[Línea estratégica]]="","",#REF!) -> #REF! | G17: Le.1 - Fortalecer las capacidades gestoras institucionales del SNS a través de la implementación del Modelo de Gestión, del desarrollo de su organización funcional y de las capacidades e instrumentos necesarios en cada ámbito de gestión | H17: =IFERROR(VLOOKUP(Tabla3[[#This Row],[Línea estratégica]],Obj!$B$57:$C$90,2,FALSE),"") -> Le.1 | I17: Obj1.6 - Fortalecer los sistemas de información existentes en todos los niveles del SNS para apoyar la gestión para resultados | J17: =IFERROR(VLOOKUP($I17,Obj!$D$132:$E$147,2,FALSE),"") -> Obj1.6 | K17: Adecuada infraestructura tecnología para dar respuestas a las demandas de los usuarios del nivel central del SNS | L17: 1.6.1.1Fortalecimiento de la estructura tecnológica de la Red SNS | Y17: Cultura de Servicios y Gestión de Usuarios
B18: Desarrollo y Gestión de la Red de Servicios | C18: =IF(Tabla3[[#This Row],[Línea estratégica]]="","",#REF!) -> #REF! | D18: =IF(Tabla3[[#This Row],[Línea estratégica]]="","",#REF!) -> #REF! | E18: =IF(Tabla3[[#This Row],[Línea estratégica]]="","",#REF!) -> #REF! | F18: =IF(Tabla3[[#This Row],[Línea estratégica]]="","",#REF!) -> #REF! | G18: Le.3 - Desarrollo de la red asistencial del SNS en coherencia con las políticas de Estado en materia de salud y el Modelo de Atención | H18: =IFERROR(VLOOKUP(Tabla3[[#This Row],[Línea estratégica]],Obj!$B$57:$C$90,2,FALSE),"") -> Le.3 | I18: Obj3.2 - Direccionar los recursos para apoyar la implementación del Modelo de Atención en la red de servicios | J18: =IFERROR(VLOOKUP($I18,Obj!$D$132:$E$147,2,FALSE),"") -> Obj3.2 | K18: Presupuestos priorizados Plan de Inversiones definido y planificado Flujos financieros a los SRS y a los niveles de atención coherentes con el Modelo y con la prioridad de fortalecer la Atención Primaria y el resto de áreas criticas | L18: 3.2.1.1 Mejora de la hostelería hospitalaria | Y18: Fortalecimiento de la Veeduría y participación social
B19: Desarrollo y Gestión de la Red de Servicios | C19: =IF(Tabla3[[#This Row],[Línea estratégica]]="","",#REF!) -> #REF! | D19: =IF(Tabla3[[#This Row],[Línea estratégica]]="","",#REF!) -> #REF! | E19: =IF(Tabla3[[#This Row],[Línea estratégica]]="","",#REF!) -> #REF! | F19: =IF(Tabla3[[#This Row],[Línea estratégica]]="","",#REF!) -> #REF! | G19: Le.1 - Fortalecer las capacidades gestoras institucionales del SNS a través de la implementación del Modelo de Gestión, del desarrollo de su organización funcional y de las capacidades e instrumentos necesarios en cada ámbito de gestión | H19: =IFERROR(VLOOKUP(Tabla3[[#This Row],[Línea estratégica]],Obj!$B$57:$C$90,2,FALSE),"") -> Le.1 | I19: Obj1.3 - Desarrollar e implementar un modelo económico y financiero que garantice la sostenibilidad de la Red de servicios incluyendo los Hospitales Autogestionados | J19: =IFERROR(VLOOKUP($I19,Obj!$D$132:$E$147,2,FALSE),"") -> Obj1.3 | K19: Racionalizado el uso de los recursos financieros y económicos (inventario, bienes y equipos) | L19: 1.3.2.1Implementación del Sistema de Administración de Bienes | Y19: Calidad de la Atención Clínica
B20: Desarrollo y Gestión de la Red de Servicios | C20: =IF(Tabla3[[#This Row],[Línea estratégica]]="","",#REF!) -> #REF! | D20: =IF(Tabla3[[#This Row],[Línea estratégica]]="","",#REF!) -> #REF! | E20: =IF(Tabla3[[#This Row],[Línea estratégica]]="","",#REF!) -> #REF! | F20: =IF(Tabla3[[#This Row],[Línea estratégica]]="","",#REF!) -> #REF! | G20: Le.1 - Fortalecer las capacidades gestoras institucionales del SNS a través de la implementación del Modelo de Gestión, del desarrollo de su organización funcional y de las capacidades e instrumentos necesarios en cada ámbito de gestión | H20: =IFERROR(VLOOKUP(Tabla3[[#This Row],[Línea estratégica]],Obj!$B$57:$C$90,2,FALSE),"") -> Le.1 | I20: Obj1.3 - Desarrollar e implementar un modelo económico y financiero que garantice la sostenibilidad de la Red de servicios incluyendo los Hospitales Autogestionados | J20: =IFERROR(VLOOKUP($I20,Obj!$D$132:$E$147,2,FALSE),"") -> Obj1.3 | K20: Incrementada la sostenibilidad financiera de la Red, mediante la implementación de un Modelo de Gestión Económico y Financiero que permita reducir las brechas entre los recursos y las necesidades | L20: 1.3.1.1Implementación de las NOBACI
B21: Desarrollo y Gestión de la Red de Servicios | C21: =IF(Tabla3[[#This Row],[Línea estratégica]]="","",#REF!) -> #REF! | D21: =IF(Tabla3[[#This Row],[Línea estratégica]]="","",#REF!) -> #REF! | E21: =IF(Tabla3[[#This Row],[Línea estratégica]]="","",#REF!) -> #REF! | F21: =IF(Tabla3[[#This Row],[Línea estratégica]]="","",#REF!) -> #REF! | G21: Le.1 - Fortalecer las capacidades gestoras institucionales del SNS a través de la implementación del Modelo de Gestión, del desarrollo de su organización funcional y de las capacidades e instrumentos necesarios en cada ámbito de gestión | H21: =IFERROR(VLOOKUP(Tabla3[[#This Row],[Línea estratégica]],Obj!$B$57:$C$90,2,FALSE),"") -> Le.1 | I21: Obj1.3 - Desarrollar e implementar un modelo económico y financiero que garantice la sostenibilidad de la Red de servicios incluyendo los Hospitales Autogestionados | J21: =IFERROR(VLOOKUP($I21,Obj!$D$132:$E$147,2,FALSE),"") -> Obj1.3 | K21: Incrementada la sostenibilidad financiera de la Red, mediante la implementación de un Modelo de Gestión Económico y Financiero que permita reducir las brechas entre los recursos y las necesidades | L21: 1.3.1.2 Fortalecimiento de la gestión financiera de la Red
B22: Transparencia Institucional | C22: =IF(Tabla3[[#This Row],[Línea estratégica]]="","",#REF!) -> #REF! | D22: =IF(Tabla3[[#This Row],[Línea estratégica]]="","",#REF!) -> #REF! | E22: =IF(Tabla3[[#This Row],[Línea estratégica]]="","",#REF!) -> #REF! | F22: =IF(Tabla3[[#This Row],[Línea estratégica]]="","",#REF!) -> #REF! | G22: Le.1 - Fortalecer las capacidades gestoras institucionales del SNS a través de la implementación del Modelo de Gestión, del desarrollo de su organización funcional y de las capacidades e instrumentos necesarios en cada ámbito de gestión | H22: =IFERROR(VLOOKUP(Tabla3[[#This Row],[Línea estratégica]],Obj!$B$57:$C$90,2,FALSE),"") -> Le.1 | I22: Obj1.2 - Actualizar e implementar el Modelo de Gestión del SNS en todos sus niveles y el Modelo de Red de los SRS | J22: =IFERROR(VLOOKUP($I22,Obj!$D$132:$E$147,2,FALSE),"") -> Obj1.2 | K22: Modelo de Red implementado y operando acorde a los lineamientos del Modelo de Gestión y del Modelo de Atención | L22: 1.2.1.1Portales de Transparencia de la Red SNS
B23: Calidad de la Atención Clínica | C23: =IF(Tabla3[[#This Row],[Línea estratégica]]="","",#REF!) -> #REF! | D23: =IF(Tabla3[[#This Row],[Línea estratégica]]="","",#REF!) -> #REF! | E23: =IF(Tabla3[[#This Row],[Línea estratégica]]="","",#REF!) -> #REF! | F23: =IF(Tabla3[[#This Row],[Línea estratégica]]="","",#REF!) -> #REF! | G23: Le.4 - Mejora de la provisión de los programas y acciones de salud colectiva, con enfoque en prevención y control de enfermedades evitables | H23: =IFERROR(VLOOKUP(Tabla3[[#This Row],[Línea estratégica]],Obj!$B$57:$C$90,2,FALSE),"") -> Le.4 | I23: Obj4.1 - Fortalecer y garantizar la provisión de servicios de los programas de salud colectiva que se brindan en los diferentes niveles de atención | J23: =IFERROR(VLOOKUP($I23,Obj!$D$132:$E$147,2,FALSE),"") -> Obj4.1 | K23: Mejorada la prestación de servicios a la población con TB mediante un abordaje integral y basado en la estrategia mundial “Fin de la Tuberculosis”, intensificando las intervenciones focalizadas en poblaciones clave y grupos de riesgo | L23: 4.1.4.1Fortalecimiento de los servicios de atención a pacientes con TB
B24: Calidad de la Atención Clínica | C24: =IF(Tabla3[[#This Row],[Línea estratégica]]="","",#REF!) -> #REF! | D24: =IF(Tabla3[[#This Row],[Línea estratégica]]="","",#REF!) -> #REF! | E24: =IF(Tabla3[[#This Row],[Línea estratégica]]="","",#REF!) -> #REF! | F24: =IF(Tabla3[[#This Row],[Línea estratégica]]="","",#REF!) -> #REF! | G24: Le.4 - Mejora de la provisión de los programas y acciones de salud colectiva, con enfoque en prevención y control de enfermedades evitables | H24: =IFERROR(VLOOKUP(Tabla3[[#This Row],[Línea estratégica]],Obj!$B$57:$C$90,2,FALSE),"") -> Le.4 | I24: Obj4.1 - Fortalecer y garantizar la provisión de servicios de los programas de salud colectiva que se brindan en los diferentes niveles de atención | J24: =IFERROR(VLOOKUP($I24,Obj!$D$132:$E$147,2,FALSE),"") -> Obj4.1 | K24: Garantizado el continuo de la atención para aumentar las expectativas de vida en personas que viven con VIH-SIDA mediante la correcta aplicación de las normas, guías y protocolos nacionales | L24: 4.1.2.1Fortalecimiento de los servicios de atención a pacientes con TB-VIH
B25: Calidad de la Atención Clínica | C25: =IF(Tabla3[[#This Row],[Línea estratégica]]="","",#REF!) -> #REF! | D25: =IF(Tabla3[[#This Row],[Línea estratégica]]="","",#REF!) -> #REF! | E25: =IF(Tabla3[[#This Row],[Línea estratégica]]="","",#REF!) -> #REF! | F25: =IF(Tabla3[[#This Row],[Línea estratégica]]="","",#REF!) -> #REF! | G25: Le.3 - Desarrollo de la red asistencial del SNS en coherencia con las políticas de Estado en materia de salud y el Modelo de Atención | H25: =IFERROR(VLOOKUP(Tabla3[[#This Row],[Línea estratégica]],Obj!$B$57:$C$90,2,FALSE),"") -> Le.3 | I25: Obj3.3 - Desarrollar una cartera de servicios estandarizada y de acuerdo al modelo de atención en los centros de salud, con igual capacidad resolutiva | J25: =IFERROR(VLOOKUP($I25,Obj!$D$132:$E$147,2,FALSE),"") -> Obj3.3 | K25: Fortalecido el acceso a la atención, mediante una cartera de servicios que responda a las necesidades de salud de la población, priorizando los grupos más vulnerables | L25: 3.3.1.1Acceso a Servicios Diagnósticos y Gestión de Sangre Segura
B26: Disminución de la Mortalidad Materna e Infantil | C26: =IF(Tabla3[[#This Row],[Línea estratégica]]="","",#REF!) -> #REF! | D26: =IF(Tabla3[[#This Row],[Línea estratégica]]="","",#REF!) -> #REF! | E26: =IF(Tabla3[[#This Row],[Línea estratégica]]="","",#REF!) -> #REF! | F26: =IF(Tabla3[[#This Row],[Línea estratégica]]="","",#REF!) -> #REF! | G26: Le.4 - Mejora de la provisión de los programas y acciones de salud colectiva, con enfoque en prevención y control de enfermedades evitables | H26: =IFERROR(VLOOKUP(Tabla3[[#This Row],[Línea estratégica]],Obj!$B$57:$C$90,2,FALSE),"") -> Le.4 | I26: Obj4.1 - Fortalecer y garantizar la provisión de servicios de los programas de salud colectiva que se brindan en los diferentes niveles de atención | J26: =IFERROR(VLOOKUP($I26,Obj!$D$132:$E$147,2,FALSE),"") -> Obj4.1 | K26: Mejorada la cobertura y calidad en materia de salud sexual-reproductiva en todos los niveles de atención con énfasis en la atención materno-perinatal, infantil y adolescente | L26: 4.1.3.1Despliegue Inicativa Madre y Bebé bien cuidados
B27: Disminución de la Mortalidad Materna e Infantil | C27: =IF(Tabla3[[#This Row],[Línea estratégica]]="","",#REF!) -> #REF! | D27: =IF(Tabla3[[#This Row],[Línea estratégica]]="","",#REF!) -> #REF! | E27: =IF(Tabla3[[#This Row],[Línea estratégica]]="","",#REF!) -> #REF! | F27: =IF(Tabla3[[#This Row],[Línea estratégica]]="","",#REF!) -> #REF! | G27: Le.4 - Mejora de la provisión de los programas y acciones de salud colectiva, con enfoque en prevención y control de enfermedades evitables | H27: =IFERROR(VLOOKUP(Tabla3[[#This Row],[Línea estratégica]],Obj!$B$57:$C$90,2,FALSE),"") -> Le.4 | I27: Obj4.1 - Fortalecer y garantizar la provisión de servicios de los programas de salud colectiva que se brindan en los diferentes niveles de atención | J27: =IFERROR(VLOOKUP($I27,Obj!$D$132:$E$147,2,FALSE),"") -> Obj4.1 | K27: Mejorada la cobertura y calidad en materia de salud sexual-reproductiva en todos los niveles de atención con énfasis en la atención materno-perinatal, infantil y adolescente | L27: 4.1.3.2 Provisión de servicios Salud Materno, Neonatal y Adolescente
B28: Calidad de la Atención Clínica | C28: =IF(Tabla3[[#This Row],[Línea estratégica]]="","",#REF!) -> #REF! | D28: =IF(Tabla3[[#This Row],[Línea estratégica]]="","",#REF!) -> #REF! | E28: =IF(Tabla3[[#This Row],[Línea estratégica]]="","",#REF!) -> #REF! | F28: =IF(Tabla3[[#This Row],[Línea estratégica]]="","",#REF!) -> #REF! | G28: Le.3 - Desarrollo de la red asistencial del SNS en coherencia con las políticas de Estado en materia de salud y el Modelo de Atención | H28: =IFERROR(VLOOKUP(Tabla3[[#This Row],[Línea estratégica]],Obj!$B$57:$C$90,2,FALSE),"") -> Le.3 | I28: Obj3.1 - Implementar el Modelo de Atención en todos los niveles de la red de servicios de salud | J28: =IFERROR(VLOOKUP($I28,Obj!$D$132:$E$147,2,FALSE),"") -> Obj3.1 | K28: Red de Atención Primaria articulada, coordinada y fortalecida Atención Materno Infantil de calidad y estructurada Atención a la urgencia y emergencia cumpliendo criterios de calidad y coordinación Fortalecido el modelo de referencia y contrareferencia Acceso universal a medicamentos en la Red de Primer Nivel de atención Disponibilidad oportuna de sangre en condiciones de calidad Gobernanza fortalecida | L28: 3.1.1.1Mejora de la provisión de medicamentos e insumos
B29: Calidad de la Atención Clínica | C29: =IF(Tabla3[[#This Row],[Línea estratégica]]="","",#REF!) -> #REF! | D29: =IF(Tabla3[[#This Row],[Línea estratégica]]="","",#REF!) -> #REF! | E29: =IF(Tabla3[[#This Row],[Línea estratégica]]="","",#REF!) -> #REF! | F29: =IF(Tabla3[[#This Row],[Línea estratégica]]="","",#REF!) -> #REF! | G29: Le.3 - Desarrollo de la red asistencial del SNS en coherencia con las políticas de Estado en materia de salud y el Modelo de Atención | H29: =IFERROR(VLOOKUP(Tabla3[[#This Row],[Línea estratégica]],Obj!$B$57:$C$90,2,FALSE),"") -> Le.3 | I29: Obj3.3 - Desarrollar una cartera de servicios estandarizada y de acuerdo al modelo de atención en los centros de salud, con igual capacidad resolutiva | J29: =IFERROR(VLOOKUP($I29,Obj!$D$132:$E$147,2,FALSE),"") -> Obj3.3 | K29: Fortalecido el acceso a la atención, mediante una cartera de servicios que responda a las necesidades de salud de la población, priorizando los grupos más vulnerables | L29: 3.3.1.2 Provisión de servicios de salud bucal individual y colectiva
B30: Calidad de la Atención Clínica | C30: =IF(Tabla3[[#This Row],[Línea estratégica]]="","",#REF!) -> #REF! | D30: =IF(Tabla3[[#This Row],[Línea estratégica]]="","",#REF!) -> #REF! | E30: =IF(Tabla3[[#This Row],[Línea estratégica]]="","",#REF!) -> #REF! | F30: =IF(Tabla3[[#This Row],[Línea estratégica]]="","",#REF!) -> #REF! | G30: Le.3 - Desarrollo de la red asistencial del SNS en coherencia con las políticas de Estado en materia de salud y el Modelo de Atención | H30: =IFERROR(VLOOKUP(Tabla3[[#This Row],[Línea estratégica]],Obj!$B$57:$C$90,2,FALSE),"") -> Le.3 | I30: Obj3.3 - Desarrollar una cartera de servicios estandarizada y de acuerdo al modelo de atención en los centros de salud, con igual capacidad resolutiva | J30: =IFERROR(VLOOKUP($I30,Obj!$D$132:$E$147,2,FALSE),"") -> Obj3.3 | K30: Fortalecido el acceso a la atención, mediante una cartera de servicios que responda a las necesidades de salud de la población, priorizando los grupos más vulnerables | L30: 3.3.1.3 Provisión de servicios de prevención de cáncer cérvico uterino
B31: Calidad de la Atención Clínica | C31: =IF(Tabla3[[#This Row],[Línea estratégica]]="","",#REF!) -> #REF! | D31: =IF(Tabla3[[#This Row],[Línea estratégica]]="","",#REF!) -> #REF! | E31: =IF(Tabla3[[#This Row],[Línea estratégica]]="","",#REF!) -> #REF! | F31: =IF(Tabla3[[#This Row],[Línea estratégica]]="","",#REF!) -> #REF! | G31: Le.3 - Desarrollo de la red asistencial del SNS en coherencia con las políticas de Estado en materia de salud y el Modelo de Atención | H31: =IFERROR(VLOOKUP(Tabla3[[#This Row],[Línea estratégica]],Obj!$B$57:$C$90,2,FALSE),"") -> Le.3 | I31: Obj3.3 - Desarrollar una cartera de servicios estandarizada y de acuerdo al modelo de atención en los centros de salud, con igual capacidad resolutiva | J31: =IFERROR(VLOOKUP($I31,Obj!$D$132:$E$147,2,FALSE),"") -> Obj3.3 | K31: Fortalecido el acceso a la atención, mediante una cartera de servicios que responda a las necesidades de salud de la población, priorizando los grupos más vulnerables | L31: 3.3.1.4 Plan Operativo Anual y presupuesto 2020 del SRS coherente con los objetivos del Modelo de Atención.
... B57: Automatización Tecnológica | C57: =IF(Tabla3[[#This Row],[Línea estratégica]]="","",#REF!) -> #REF! | D57: =IF(Tabla3[[#This Row],[Línea estratégica]]="","",#REF!) -> #REF! | E57: =IF(Tabla3[[#This Row],[Línea estratégica]]="","",#REF!) -> #REF! | F57: =IF(Tabla3[[#This Row],[Línea estratégica]]="","",#REF!) -> #REF! | G57: Le.1 - Fortalecer las capacidades gestoras institucionales del SNS a través de la implementación del Modelo de Gestión, del desarrollo de su organización funcional y de las capacidades e instrumentos necesarios en cada ámbito de gestión | H57: =IFERROR(VLOOKUP(Tabla3[[#This Row],[Línea estratégica]],Obj!$B$57:$C$90,2,FALSE),"") -> Le.1 | I57: Obj1.6 - Fortalecer los sistemas de información existentes en todos los niveles del SNS para apoyar la gestión para resultados | J57: =IFERROR(VLOOKUP($I57,Obj!$D$132:$E$147,2,FALSE),"") -> Obj1.6 | K57: Sistemas de información digitales estandarizados, que permita el flujo de información entre niveles y facilite la toma de decisiones desarrollados e implementados | L57: 1.6.4.2 Programa de Gestion Cita
B58: Fortalecimiento de la Veeduría y participación social | C58: =IF(Tabla3[[#This Row],[Línea estratégica]]="","",#REF!) -> #REF! | D58: =IF(Tabla3[[#This Row],[Línea estratégica]]="","",#REF!) -> #REF! | E58: =IF(Tabla3[[#This Row],[Línea estratégica]]="","",#REF!) -> #REF! | F58: =IF(Tabla3[[#This Row],[Línea estratégica]]="","",#REF!) -> #REF! | G58: Le.1 - Fortalecer las capacidades gestoras institucionales del SNS a través de la implementación del Modelo de Gestión, del desarrollo de su organización funcional y de las capacidades e instrumentos necesarios en cada ámbito de gestión | H58: =IFERROR(VLOOKUP(Tabla3[[#This Row],[Línea estratégica]],Obj!$B$57:$C$90,2,FALSE),"") -> Le.1 | I58: Obj1.2 - Actualizar e implementar el Modelo de Gestión del SNS en todos sus niveles y el Modelo de Red de los SRS | J58: =+J57 -> Obj1.6 | K58: Promovida la gestión eficiente, que facilite la comunicación, coordinación y control de la red del SNS | L58: 1.2.2.1Implementación de los Comités de Veeduría
B59: Calidad de la Atención Clínica | C59: =IF(Tabla3[[#This Row],[Línea estratégica]]="","",#REF!) -> #REF! | D59: =IF(Tabla3[[#This Row],[Línea estratégica]]="","",#REF!) -> #REF! | E59: =IF(Tabla3[[#This Row],[Línea estratégica]]="","",#REF!) -> #REF! | F59: =IF(Tabla3[[#This Row],[Línea estratégica]]="","",#REF!) -> #REF! | G59: Le.3 - Desarrollo de la red asistencial del SNS en coherencia con las políticas de Estado en materia de salud y el Modelo de Atención | H59: =IFERROR(VLOOKUP(Tabla3[[#This Row],[Línea estratégica]],Obj!$B$57:$C$90,2,FALSE),"") -> Le.3 | I59: Obj3.1 - Implementar el Modelo de Atención en todos los niveles de la red de servicios de salud | J59: =IFERROR(VLOOKUP($I59,Obj!$D$132:$E$147,2,FALSE),"") -> Obj3.1 | K59: Red de Atención Primaria articulada, coordinada y fortalecida Atención Materno Infantil de calidad y estructurada Atención a la urgencia y emergencia cumpliendo criterios de calidad y coordinación Fortalecido el modelo de referencia y contrareferencia Acceso universal a medicamentos en la Red de Primer Nivel de atención Disponibilidad oportuna de sangre en condiciones de calidad Gobernanza fortalecida | L59: 3.1.1.9 Fortalecimientos de los Servicios Materno Infantil y Neonatal
B60: Calidad de la Atención Clínica | C60: =IF(Tabla3[[#This Row],[Línea estratégica]]="","",#REF!) -> #REF! | D60: =IF(Tabla3[[#This Row],[Línea estratégica]]="","",#REF!) -> #REF! | E60: =IF(Tabla3[[#This Row],[Línea estratégica]]="","",#REF!) -> #REF! | F60: =IF(Tabla3[[#This Row],[Línea estratégica]]="","",#REF!) -> #REF! | G60: Le.1 - Fortalecer las capacidades gestoras institucionales del SNS a través de la implementación del Modelo de Gestión, del desarrollo de su organización funcional y de las capacidades e instrumentos necesarios en cada ámbito de gestión | H60: =IFERROR(VLOOKUP(Tabla3[[#This Row],[Línea estratégica]],Obj!$B$57:$C$90,2,FALSE),"") -> Le.1 | I60: Obj1.10 - Fortalecer el sistema de monitoreo y evaluación, para la toma de decisiones basado en información de calidad y acorde a los objetivos propuestos. | J60: =IFERROR(VLOOKUP($I60,Obj!$D$132:$E$147,2,FALSE),"") -> Obj1.10 | K60: Definidos y estandarizados los mecanismos, instrumentos de medición y reporte de los planes y programas. | L60: 1.10.1.1Sistema de Salud Ambiental Hospitalaria (SAH)
B61: Calidad de la Atención Clínica | C61: =IF(Tabla3[[#This Row],[Línea estratégica]]="","",#REF!) -> #REF! | D61: =IF(Tabla3[[#This Row],[Línea estratégica]]="","",#REF!) -> #REF! | E61: =IF(Tabla3[[#This Row],[Línea estratégica]]="","",#REF!) -> #REF! | F61: =IF(Tabla3[[#This Row],[Línea estratégica]]="","",#REF!) -> #REF! | G61: Le.4 - Mejora de la provisión de los programas y acciones de salud colectiva, con enfoque en prevención y control de enfermedades evitables | H61: =IFERROR(VLOOKUP(Tabla3[[#This Row],[Línea estratégica]],Obj!$B$57:$C$90,2,FALSE),"") -> Le.4 | I61: Obj4.1 - Fortalecer y garantizar la provisión de servicios de los programas de salud colectiva que se brindan en los diferentes niveles de atención | J61: =IFERROR(VLOOKUP($I61,Obj!$D$132:$E$147,2,FALSE),"") -> Obj4.1 | K61: Mejorada la prestación de servicios a la población con TB mediante un abordaje integral y basado en la estrategia mundial “Fin de la Tuberculosis”, intensificando las intervenciones focalizadas en poblaciones clave y grupos de riesgo | L61: 4.1.4.2 Conformación de los Comites de Salud Hospitalarios
B62: Desarrollo y Gestión de la Red de Servicios | C62: =IF(Tabla3[[#This Row],[Línea estratégica]]="","",#REF!) -> #REF! | D62: =IF(Tabla3[[#This Row],[Línea estratégica]]="","",#REF!) -> #REF! | E62: =IF(Tabla3[[#This Row],[Línea estratégica]]="","",#REF!) -> #REF! | F62: =IF(Tabla3[[#This Row],[Línea estratégica]]="","",#REF!) -> #REF! | G62: Le.3 - Desarrollo de la red asistencial del SNS en coherencia con las políticas de Estado en materia de salud y el Modelo de Atención | H62: =IFERROR(VLOOKUP(Tabla3[[#This Row],[Línea estratégica]],Obj!$B$57:$C$90,2,FALSE),"") -> Le.3 | I62: Obj3.1 - Implementar el Modelo de Atención en todos los niveles de la red de servicios de salud | J62: =IFERROR(VLOOKUP($I62,Obj!$D$132:$E$147,2,FALSE),"") -> Obj3.1 | K62: Red de Atención Primaria articulada, coordinada y fortalecida Atención Materno Infantil de calidad y estructurada Atención a la urgencia y emergencia cumpliendo criterios de calidad y coordinación Fortalecido el modelo de referencia y contrareferencia Acceso universal a medicamentos en la Red de Primer Nivel de atención Disponibilidad oportuna de sangre en condiciones de calidad Gobernanza fortalecida | L62: 3.1.1.10 Fortalecimiento de la Red de Emergencias de forma humanizada, eficiente y de calidad
B63: Desarrollo y Gestión de la Red de Servicios | C63: =IF(Tabla3[[#This Row],[Línea estratégica]]="","",#REF!) -> #REF! | D63: =IF(Tabla3[[#This Row],[Línea estratégica]]="","",#REF!) -> #REF! | E63: =IF(Tabla3[[#This Row],[Línea estratégica]]="","",#REF!) -> #REF! | F63: =IF(Tabla3[[#This Row],[Línea estratégica]]="","",#REF!) -> #REF! | G63: Le.3 - Desarrollo de la red asistencial del SNS en coherencia con las políticas de Estado en materia de salud y el Modelo de Atención | H63: =IFERROR(VLOOKUP(Tabla3[[#This Row],[Línea estratégica]],Obj!$B$57:$C$90,2,FALSE),"") -> Le.3 | I63: Obj3.1 - Implementar el Modelo de Atención en todos los niveles de la red de servicios de salud | J63: =IFERROR(VLOOKUP($I63,Obj!$D$132:$E$147,2,FALSE),"") -> Obj3.1 | K63: Red de Atención Primaria articulada, coordinada y fortalecida Atención Materno Infantil de calidad y estructurada Atención a la urgencia y emergencia cumpliendo criterios de calidad y coordinación Fortalecido el modelo de referencia y contrareferencia Acceso universal a medicamentos en la Red de Primer Nivel de atención Disponibilidad oportuna de sangre en condiciones de calidad Gobernanza fortalecida | L63: 3.1.1.11 Desarrollo, Gestión y coordinación de traslados de pacientes en las redes de servicios de emergencias.
B64: Desarrollo y Gestión de la Red de Servicios | C64: =IF(Tabla3[[#This Row],[Línea estratégica]]="","",#REF!) -> #REF! | D64: =IF(Tabla3[[#This Row],[Línea estratégica]]="","",#REF!) -> #REF! | E64: =IF(Tabla3[[#This Row],[Línea estratégica]]="","",#REF!) -> #REF! | F64: =IF(Tabla3[[#This Row],[Línea estratégica]]="","",#REF!) -> #REF! | G64: Le.3 - Desarrollo de la red asistencial del SNS en coherencia con las políticas de Estado en materia de salud y el Modelo de Atención | H64: =IFERROR(VLOOKUP(Tabla3[[#This Row],[Línea estratégica]],Obj!$B$57:$C$90,2,FALSE),"") -> Le.3 | I64: Obj3.3 - Desarrollar una cartera de servicios estandarizada y de acuerdo al modelo de atención en los centros de salud, con igual capacidad resolutiva | J64: =IFERROR(VLOOKUP($I64,Obj!$D$132:$E$147,2,FALSE),"") -> Obj3.3 | K64: Fortalecido el acceso a la atención, mediante una cartera de servicios que responda a las necesidades de salud de la población, priorizando los grupos más vulnerables | L64: 3.3.1.7 Preparación y Respuesta a Emergencias de Salud Publica y Desastres
B65: Transparencia Institucional | C65: =IF(Tabla3[[#This Row],[Línea estratégica]]="","",#REF!) -> #REF! | D65: =IF(Tabla3[[#This Row],[Línea estratégica]]="","",#REF!) -> #REF! | E65: =IF(Tabla3[[#This Row],[Línea estratégica]]="","",#REF!) -> #REF! | F65: =IF(Tabla3[[#This Row],[Línea estratégica]]="","",#REF!) -> #REF! | G65: Le.1 - Fortalecer las capacidades gestoras institucionales del SNS a través de la implementación del Modelo de Gestión, del desarrollo de su organización funcional y de las capacidades e instrumentos necesarios en cada ámbito de gestión | H65: =IFERROR(VLOOKUP(Tabla3[[#This Row],[Línea estratégica]],Obj!$B$57:$C$90,2,FALSE),"") -> Le.1 | I65: Obj1.1 - Definir e implementar un modelo organizativo funcional en el Nivel Central del SNS | J65: =+J59 -> Obj3.1 | K65: Red de Atención Primaria articulada, coordinada y fortalecida Atención Materno Infantil de calidad y estructurada Atención a la urgencia y emergencia cumpliendo criterios de calidad y coordinación Fortalecido el modelo de referencia y contrareferencia Acceso universal a medicamentos en la Red de Primer Nivel de atención Disponibilidad oportuna de sangre en condiciones de calidad Gobernanza fortalecida | L65: 1.1.2.3 Estandarización de los Sub-portales de Trasparencia de la Red SNS
B66: Transparencia Institucional | C66: =IF(Tabla3[[#This Row],[Línea estratégica]]="","",#REF!) -> #REF! | D66: =IF(Tabla3[[#This Row],[Línea estratégica]]="","",#REF!) -> #REF! | E66: =IF(Tabla3[[#This Row],[Línea estratégica]]="","",#REF!) -> #REF! | F66: =IF(Tabla3[[#This Row],[Línea estratégica]]="","",#REF!) -> #REF! | G66: Le.1 - Fortalecer las capacidades gestoras institucionales del SNS a través de la implementación del Modelo de Gestión, del desarrollo de su organización funcional y de las capacidades e instrumentos necesarios en cada ámbito de gestión | H66: =IFERROR(VLOOKUP(Tabla3[[#This Row],[Línea estratégica]],Obj!$B$57:$C$90,2,FALSE),"") -> Le.1 | I66: Obj1.1 - Definir e implementar un modelo organizativo funcional en el Nivel Central del SNS | J66: =+J60 -> Obj1.10 | K66: Monitoreados los objetivos propuestos y definidos los alcances de cumplimiento. | L66: 1.1.2.4 Conformación Comisiones de Ética
B67: Calidad de la Atención Clínica | C67: =IF(Tabla3[[#This Row],[Línea estratégica]]="","",#REF!) -> #REF! | D67: =IF(Tabla3[[#This Row],[Línea estratégica]]="","",#REF!) -> #REF! | E67: =IF(Tabla3[[#This Row],[Línea estratégica]]="","",#REF!) -> #REF! | F67: =IF(Tabla3[[#This Row],[Línea estratégica]]="","",#REF!) -> #REF! | G67: Le.1 - Fortalecer las capacidades gestoras institucionales del SNS a través de la implementación del Modelo de Gestión, del desarrollo de su organización funcional y de las capacidades e instrumentos necesarios en cada ámbito de gestión | H67: =IFERROR(VLOOKUP(Tabla3[[#This Row],[Línea estratégica]],Obj!$B$57:$C$90,2,FALSE),"") -> Le.1 | I67: Obj1.2 - Actualizar e implementar el Modelo de Gestión del SNS en todos sus niveles y el Modelo de Red de los SRS | J67: =+J61 -> Obj4.1 | K67: Garantizado el continuo de la atención para aumentar las expectativas de vida en personas que viven con VIH-SIDA mediante la correcta aplicación de las normas, guías y protocolos nacionales | L67: 1.2.2.2 Despliegue de los instrumentos de Gestión Clínica
B68: Calidad de la Atención Clínica | C68: =IF(Tabla3[[#This Row],[Línea estratégica]]="","",#REF!) -> #REF! | D68: =IF(Tabla3[[#This Row],[Línea estratégica]]="","",#REF!) -> #REF! | E68: =IF(Tabla3[[#This Row],[Línea estratégica]]="","",#REF!) -> #REF! | F68: =IF(Tabla3[[#This Row],[Línea estratégica]]="","",#REF!) -> #REF! | G68: Le.4 - Mejora de la provisión de los programas y acciones de salud colectiva, con enfoque en prevención y control de enfermedades evitables | H68: =IFERROR(VLOOKUP(Tabla3[[#This Row],[Línea estratégica]],Obj!$B$57:$C$90,2,FALSE),"") -> Le.4 | I68: Obj4.1 - Fortalecer y garantizar la provisión de servicios de los programas de salud colectiva que se brindan en los diferentes niveles de atención | J68: =+J62 -> Obj3.1 | L68: 4.1.4.3 Deteccion, Diagnostico y Tratamiento (DDT) en los Servicios, para el fin de la TB 2035
B69: Calidad de la Atención Clínica | C69: =IF(Tabla3[[#This Row],[Línea estratégica]]="","",#REF!) -> #REF! | D69: =IF(Tabla3[[#This Row],[Línea estratégica]]="","",#REF!) -> #REF! | E69: =IF(Tabla3[[#This Row],[Línea estratégica]]="","",#REF!) -> #REF! | F69: =IF(Tabla3[[#This Row],[Línea estratégica]]="","",#REF!) -> #REF! | G69: Le.3 - Desarrollo de la red asistencial del SNS en coherencia con las políticas de Estado en materia de salud y el Modelo de Atención | H69: =IFERROR(VLOOKUP(Tabla3[[#This Row],[Línea estratégica]],Obj!$B$57:$C$90,2,FALSE),"") -> Le.3 | I69: Obj3.1 - Implementar el Modelo de Atención en todos los niveles de la red de servicios de salud | J69: =+J63 -> Obj3.1 | K69: Red de Atención Primaria articulada, coordinada y fortalecida Atención Materno Infantil de calidad y estructurada Atención a la urgencia y emergencia cumpliendo criterios de calidad y coordinación Fortalecido el modelo de referencia y contrareferencia Acceso universal a medicamentos en la Red de Primer Nivel de atención Disponibilidad oportuna de sangre en condiciones de calidad Gobernanza fortalecida | L69: 3.1.1.12 Fortalecidos los Servicios de Malaria en la Red de Establecimientos
B70: Calidad de la Atención Clínica | C70: =IF(Tabla3[[#This Row],[Línea estratégica]]="","",#REF!) -> #REF! | D70: =IF(Tabla3[[#This Row],[Línea estratégica]]="","",#REF!) -> #REF! | E70: =IF(Tabla3[[#This Row],[Línea estratégica]]="","",#REF!) -> #REF! | F70: =IF(Tabla3[[#This Row],[Línea estratégica]]="","",#REF!) -> #REF! | G70: Le.4 - Mejora de la provisión de los programas y acciones de salud colectiva, con enfoque en prevención y control de enfermedades evitables | H70: =IFERROR(VLOOKUP(Tabla3[[#This Row],[Línea estratégica]],Obj!$B$57:$C$90,2,FALSE),"") -> Le.4 | I70: Obj4.1 - Fortalecer y garantizar la provisión de servicios de los programas de salud colectiva que se brindan en los diferentes niveles de atención | J70: =+J64 -> Obj3.3 | L70: 4.1.2.2 Fortalecidos los Servicios de Atención Integral (SAIs) para el VIH-SIDA
C71: =IF(Tabla3[[#This Row],[Línea estratégica]]="","",#REF!) | D71: =IF(Tabla3[[#This Row],[Línea estratégica]]="","",#REF!) | E71: =IF(Tabla3[[#This Row],[Línea estratégica]]="","",#REF!) | F71: =IF(Tabla3[[#This Row],[Línea estratégica]]="","",#REF!) | H71: =IFERROR(VLOOKUP(Tabla3[[#This Row],[Línea estratégica]],Obj!$B$57:$C$90,2,FALSE),"") | J71: =+J65 -> Obj3.1
C72: =IF(Tabla3[[#This Row],[Línea estratégica]]="","",#REF!) | D72: =IF(Tabla3[[#This Row],[Línea estratégica]]="","",#REF!) | E72: =IF(Tabla3[[#This Row],[Línea estratégica]]="","",#REF!) | F72: =IF(Tabla3[[#This Row],[Línea estratégica]]="","",#REF!) | H72: =IFERROR(VLOOKUP(Tabla3[[#This Row],[Línea estratégica]],Obj!$B$57:$C$90,2,FALSE),"") | J72: =+J66 -> Obj1.10
C73: =IF(Tabla3[[#This Row],[Línea estratégica]]="","",#REF!) | D73: =IF(Tabla3[[#This Row],[Línea estratégica]]="","",#REF!) | E73: =IF(Tabla3[[#This Row],[Línea estratégica]]="","",#REF!) | F73: =IF(Tabla3[[#This Row],[Línea estratégica]]="","",#REF!) | H73: =IFERROR(VLOOKUP(Tabla3[[#This Row],[Línea estratégica]],Obj!$B$57:$C$90,2,FALSE),"") | J73: =+J67 -> Obj4.1
C74: =IF(Tabla3[[#This Row],[Línea estratégica]]="","",#REF!) | D74: =IF(Tabla3[[#This Row],[Línea estratégica]]="","",#REF!) | E74: =IF(Tabla3[[#This Row],[Línea estratégica]]="","",#REF!) | F74: =IF(Tabla3[[#This Row],[Línea estratégica]]="","",#REF!) | H74: =IFERROR(VLOOKUP(Tabla3[[#This Row],[Línea estratégica]],Obj!$B$57:$C$90,2,FALSE),"") | J74: =+J68 -> Obj3.1
C75: =IF(Tabla3[[#This Row],[Línea estratégica]]="","",#REF!) | D75: =IF(Tabla3[[#This Row],[Línea estratégica]]="","",#REF!) | E75: =IF(Tabla3[[#This Row],[Línea estratégica]]="","",#REF!) | F75: =IF(Tabla3[[#This Row],[Línea estratégica]]="","",#REF!) | H75: =IFERROR(VLOOKUP(Tabla3[[#This Row],[Línea estratégica]],Obj!$B$57:$C$90,2,FALSE),"") | J75: =+J69 -> Obj3.1
C76: =IF(Tabla3[[#This Row],[Línea estratégica]]="","",#REF!) | D76: =IF(Tabla3[[#This Row],[Línea estratégica]]="","",#REF!) | E76: =IF(Tabla3[[#This Row],[Línea estratégica]]="","",#REF!) | F76: =IF(Tabla3[[#This Row],[Línea estratégica]]="","",#REF!) | H76: =IFERROR(VLOOKUP(Tabla3[[#This Row],[Línea estratégica]],Obj!$B$57:$C$90,2,FALSE),"") | J76: =+J70 -> Obj3.3
C77: =IF(Tabla3[[#This Row],[Línea estratégica]]="","",#REF!) | D77: =IF(Tabla3[[#This Row],[Línea estratégica]]="","",#REF!) | E77: =IF(Tabla3[[#This Row],[Línea estratégica]]="","",#REF!) | F77: =IF(Tabla3[[#This Row],[Línea estratégica]]="","",#REF!) | H77: =IFERROR(VLOOKUP(Tabla3[[#This Row],[Línea estratégica]],Obj!$B$57:$C$90,2,FALSE),"") | J77: =+J71 -> Obj3.1
C78: =IF(Tabla3[[#This Row],[Línea estratégica]]="","",#REF!) | D78: =IF(Tabla3[[#This Row],[Línea estratégica]]="","",#REF!) | E78: =IF(Tabla3[[#This Row],[Línea estratégica]]="","",#REF!) | F78: =IF(Tabla3[[#This Row],[Línea estratégica]]="","",#REF!) | H78: =IFERROR(VLOOKUP(Tabla3[[#This Row],[Línea estratégica]],Obj!$B$57:$C$90,2,FALSE),"") | J78: =+J72 -> Obj1.10
C79: =IF(Tabla3[[#This Row],[Línea estratégica]]="","",#REF!) | D79: =IF(Tabla3[[#This Row],[Línea estratégica]]="","",#REF!) | E79: =IF(Tabla3[[#This Row],[Línea estratégica]]="","",#REF!) | F79: =IF(Tabla3[[#This Row],[Línea estratégica]]="","",#REF!) | H79: =IFERROR(VLOOKUP(Tabla3[[#This Row],[Línea estratégica]],Obj!$B$57:$C$90,2,FALSE),"") | J79: =+J73 -> Obj4.1
C80: =IF(Tabla3[[#This Row],[Línea estratégica]]="","",#REF!) | D80: =IF(Tabla3[[#This Row],[Línea estratégica]]="","",#REF!) | E80: =IF(Tabla3[[#This Row],[Línea estratégica]]="","",#REF!) | F80: =IF(Tabla3[[#This Row],[Línea estratégica]]="","",#REF!) | H80: =IFERROR(VLOOKUP(Tabla3[[#This Row],[Línea estratégica]],Obj!$B$57:$C$90,2,FALSE),"") | J80: =+J74 -> Obj3.1
C81: =IF(Tabla3[[#This Row],[Línea estratégica]]="","",#REF!) | D81: =IF(Tabla3[[#This Row],[Línea estratégica]]="","",#REF!) | E81: =IF(Tabla3[[#This Row],[Línea estratégica]]="","",#REF!) | F81: =IF(Tabla3[[#This Row],[Línea estratégica]]="","",#REF!) | H81: =IFERROR(VLOOKUP(Tabla3[[#This Row],[Línea estratégica]],Obj!$B$57:$C$90,2,FALSE),"") | J81: =+J75 -> Obj3.1
C82: =IF(Tabla3[[#This Row],[Línea estratégica]]="","",#REF!) | D82: =IF(Tabla3[[#This Row],[Línea estratégica]]="","",#REF!) | E82: =IF(Tabla3[[#This Row],[Línea estratégica]]="","",#REF!) | F82: =IF(Tabla3[[#This Row],[Línea estratégica]]="","",#REF!) | H82: =IFERROR(VLOOKUP(Tabla3[[#This Row],[Línea estratégica]],Obj!$B$57:$C$90,2,FALSE),"") | J82: =+J76 -> Obj3.3
... C121: =IF(Tabla3[[#This Row],[Línea estratégica]]="","",#REF!) | D121: =IF(Tabla3[[#This Row],[Línea estratégica]]="","",#REF!) | E121: =IF(Tabla3[[#This Row],[Línea estratégica]]="","",#REF!) | F121: =IF(Tabla3[[#This Row],[Línea estratégica]]="","",#REF!) | H121: =IFERROR(VLOOKUP(Tabla3[[#This Row],[Línea estratégica]],Obj!$B$57:$C$90,2,FALSE),"") | J121: =+J115 -> Obj4.1

Sheet Formulario PPGR2
H2: ='Formulario PPGR1'!H2 -> Servicio Nacional de Salud
H3: ='Formulario PPGR1'!H3 -> Dirección de Planificación y Desarrollo | AA3: =IF('Formulario PPGR1'!$N$3="SNS - Dirección Central","ls_Departamento","Ls_DepartamentosSRS") -> Ls_DepartamentosSRS
H5: Identificación de actividades
H6: ='Formulario PPGR1'!$N$3 -> R6 - SRS El Valle
B8: ID_Dependendencia | C8: POA | D8: SRS | E8: AREA | F8: TIPO | G8: Productos | H8: Código | I8: Actividades Programables Presupuestables | J8: Ene | K8: Feb | L8: Mar | M8: Abr | N8: May | O8: Jun | P8: Jul | Q8: Ago | R8: Sep | S8: Oct | T8: Nov | U8: Dic | V8: Total de Acciones | W8: Medio de Verificación 1 | X8: Medio de Verificación 2 | Y8: Medio de Verificación 3 | Z8: Observaciones | AA8: Responsable
B9: =IF(Tabla2[[#This Row],[Productos ]]="","",CONCATENATE(Tabla2[[#This Row],[POA]],".",Tabla2[[#This Row],[SRS]],".",Tabla2[[#This Row],[AREA]],".",Tabla2[[#This Row],[TIPO]])) -> #REF! | C9: =IF(Tabla2[[#This Row],[Productos ]]="","",'Formulario PPGR1'!#REF!) -> #REF! | D9: =IF(Tabla2[[#This Row],[Productos ]]="","",'Formulario PPGR1'!#REF!) -> #REF! | E9: =IF(Tabla2[[#This Row],[Productos ]]="","",'Formulario PPGR1'!#REF!) -> #REF! | F9: =IF(Tabla2[[#This Row],[Productos ]]="","",'Formulario PPGR1'!#REF!) -> #REF! | G9: 1.3.1.1Implementación de las NOBACI | H9: SRSEV1.3.1.1.01 | I9: Elaboración del Plan de Mejora de las NOBACI | M9: 1 | V9: =SUM(Tabla2[[#This Row],[Ene]:[Dic]]) -> 1 | W9: Plan de mejora NOBACI | AA9: Administrativa-Financiera
B10: =IF(Tabla2[[#This Row],[Productos ]]="","",CONCATENATE(Tabla2[[#This Row],[POA]],".",Tabla2[[#This Row],[SRS]],".",Tabla2[[#This Row],[AREA]],".",Tabla2[[#This Row],[TIPO]])) -> #REF! | C10: =IF(Tabla2[[#This Row],[Productos ]]="","",'Formulario PPGR1'!#REF!) -> #REF! | D10: =IF(Tabla2[[#This Row],[Productos ]]="","",'Formulario PPGR1'!#REF!) -> #REF! | E10: =IF(Tabla2[[#This Row],[Productos ]]="","",'Formulario PPGR1'!#REF!) -> #REF! | F10: =IF(Tabla2[[#This Row],[Productos ]]="","",'Formulario PPGR1'!#REF!) -> #REF! | G10: 1.3.1.1Implementación de las NOBACI | H10: SRSEV1.3.1.1.02 | I10: Seguimiento a la implementación del Plan de Mejora NOBACI | Q10: 1 | T10: 1 | V10: =SUM(Tabla2[[#This Row],[Ene]:[Dic]]) -> 2 | W10: Matriz Resumen de Seguimiento NOBACI | X10: Informe | AA10: Administrativa-Financiera
B11: =IF(Tabla2[[#This Row],[Productos ]]="","",CONCATENATE(Tabla2[[#This Row],[POA]],".",Tabla2[[#This Row],[SRS]],".",Tabla2[[#This Row],[AREA]],".",Tabla2[[#This Row],[TIPO]])) -> #REF! | C11: =IF(Tabla2[[#This Row],[Productos ]]="","",'Formulario PPGR1'!#REF!) -> #REF! | D11: =IF(Tabla2[[#This Row],[Productos ]]="","",'Formulario PPGR1'!#REF!) -> #REF! | E11: =IF(Tabla2[[#This Row],[Productos ]]="","",'Formulario PPGR1'!#REF!) -> #REF! | F11: =IF(Tabla2[[#This Row],[Productos ]]="","",'Formulario PPGR1'!#REF!) -> #REF! | G11: 1.3.2.1Implementación del Sistema de Administración de Bienes | H11: SRSEV1.3.2.1.01 | I11: Actualización trimestral del Inventario SRS/GAS/PN | L11: 1 | O11: 1 | R11: 1 | U11: 1 | V11: =SUM(Tabla2[[#This Row],[Ene]:[Dic]]) -> 4 | W11: Inventario | AA11: Administrativa-Financiera
B12: =IF(Tabla2[[#This Row],[Productos ]]="","",CONCATENATE(Tabla2[[#This Row],[POA]],".",Tabla2[[#This Row],[SRS]],".",Tabla2[[#This Row],[AREA]],".",Tabla2[[#This Row],[TIPO]])) -> #REF! | C12: =IF(Tabla2[[#This Row],[Productos ]]="","",'Formulario PPGR1'!#REF!) -> #REF! | D12: =IF(Tabla2[[#This Row],[Productos ]]="","",'Formulario PPGR1'!#REF!) -> #REF! | E12: =IF(Tabla2[[#This Row],[Productos ]]="","",'Formulario PPGR1'!#REF!) -> #REF! | F12: =IF(Tabla2[[#This Row],[Productos ]]="","",'Formulario PPGR1'!#REF!) -> #REF! | G12: 1.3.2.1Implementación del Sistema de Administración de Bienes | H12: SRSEV1.3.2.1.02 | I12: Reporte y descargo equipo chatarra | T12: 1 | V12: =SUM(Tabla2[[#This Row],[Ene]:[Dic]]) -> 1 | W12: Reporte | AA12: Administrativa-Financiera
B13: =IF(Tabla2[[#This Row],[Productos ]]="","",CONCATENATE(Tabla2[[#This Row],[POA]],".",Tabla2[[#This Row],[SRS]],".",Tabla2[[#This Row],[AREA]],".",Tabla2[[#This Row],[TIPO]])) -> #REF! | C13: =IF(Tabla2[[#This Row],[Productos ]]="","",'Formulario PPGR1'!#REF!) -> #REF! | D13: =IF(Tabla2[[#This Row],[Productos ]]="","",'Formulario PPGR1'!#REF!) -> #REF! | E13: =IF(Tabla2[[#This Row],[Productos ]]="","",'Formulario PPGR1'!#REF!) -> #REF! | F13: =IF(Tabla2[[#This Row],[Productos ]]="","",'Formulario PPGR1'!#REF!) -> #REF! | G13: 1.3.2.1Implementación del Sistema de Administración de Bienes | H13: SRSEV1.3.2.1.03 | I13: Auditoria inventario bienes | U13: 1 | V13: =SUM(Tabla2[[#This Row],[Ene]:[Dic]]) -> 1 | W13: Informe | AA13: Administrativa-Financiera
B14: =IF(Tabla2[[#This Row],[Productos ]]="","",CONCATENATE(Tabla2[[#This Row],[POA]],".",Tabla2[[#This Row],[SRS]],".",Tabla2[[#This Row],[AREA]],".",Tabla2[[#This Row],[TIPO]])) -> #REF! | C14: =IF(Tabla2[[#This Row],[Productos ]]="","",'Formulario PPGR1'!#REF!) -> #REF! | D14: =IF(Tabla2[[#This Row],[Productos ]]="","",'Formulario PPGR1'!#REF!) -> #REF! | E14: =IF(Tabla2[[#This Row],[Productos ]]="","",'Formulario PPGR1'!#REF!) -> #REF! | F14: =IF(Tabla2[[#This Row],[Productos ]]="","",'Formulario PPGR1'!#REF!) -> #REF! | G14: 1.3.1.2 Fortalecimiento de la gestión financiera de la Red | H14: SRSEV1.3.1.2.01 | I14: Seguimiento a los contratos entre las ARS, CEAS y Centros Diagnósticos para incrementar la venta de servicios | M14: 1 | S14: 1 | V14: =SUM(Tabla2[[#This Row],[Ene]:[Dic]]) -> 2 | W14: Informe | AA14: Administrativa-Financiera
B15: =IF(Tabla2[[#This Row],[Productos ]]="","",CONCATENATE(Tabla2[[#This Row],[POA]],".",Tabla2[[#This Row],[SRS]],".",Tabla2[[#This Row],[AREA]],".",Tabla2[[#This Row],[TIPO]])) -> #REF! | C15: =IF(Tabla2[[#This Row],[Productos ]]="","",'Formulario PPGR1'!#REF!) -> #REF! | D15: =IF(Tabla2[[#This Row],[Productos ]]="","",'Formulario PPGR1'!#REF!) -> #REF! | E15: =IF(Tabla2[[#This Row],[Productos ]]="","",'Formulario PPGR1'!#REF!) -> #REF! | F15: =IF(Tabla2[[#This Row],[Productos ]]="","",'Formulario PPGR1'!#REF!) -> #REF! | G15: 1.3.1.2 Fortalecimiento de la gestión financiera de la Red | H15: SRSEV1.3.1.2.02 | I15: Seguimiento y análisis al proceso de facturación por venta de servicios a ARS en los EESS | L15: 1 | O15: 1 | R15: 1 | U15: 1 | V15: =SUM(Tabla2[[#This Row],[Ene]:[Dic]]) -> 4 | W15: Informe | AA15: Administrativa-Financiera
B16: =IF(Tabla2[[#This Row],[Productos ]]="","",CONCATENATE(Tabla2[[#This Row],[POA]],".",Tabla2[[#This Row],[SRS]],".",Tabla2[[#This Row],[AREA]],".",Tabla2[[#This Row],[TIPO]])) -> #REF! | C16: =IF(Tabla2[[#This Row],[Productos ]]="","",'Formulario PPGR1'!#REF!) -> #REF! | D16: =IF(Tabla2[[#This Row],[Productos ]]="","",'Formulario PPGR1'!#REF!) -> #REF! | E16: =IF(Tabla2[[#This Row],[Productos ]]="","",'Formulario PPGR1'!#REF!) -> #REF! | F16: =IF(Tabla2[[#This Row],[Productos ]]="","",'Formulario PPGR1'!#REF!) -> #REF! | G16: 1.3.1.2 Fortalecimiento de la gestión financiera de la Red | H16: SRSEV1.3.1.2.03 | I16: Seguimiento a la implementacion de costeo hospitalario | N16: 1 | T16: 1 | V16: =SUM(Tabla2[[#This Row],[Ene]:[Dic]]) -> 2 | W16: Informe | AA16: Administrativa-Financiera
B17: =IF(Tabla2[[#This Row],[Productos ]]="","",CONCATENATE(Tabla2[[#This Row],[POA]],".",Tabla2[[#This Row],[SRS]],".",Tabla2[[#This Row],[AREA]],".",Tabla2[[#This Row],[TIPO]])) -> #REF! | C17: =IF(Tabla2[[#This Row],[Productos ]]="","",'Formulario PPGR1'!#REF!) -> #REF! | D17: =IF(Tabla2[[#This Row],[Productos ]]="","",'Formulario PPGR1'!#REF!) -> #REF! | E17: =IF(Tabla2[[#This Row],[Productos ]]="","",'Formulario PPGR1'!#REF!) -> #REF! | F17: =IF(Tabla2[[#This Row],[Productos ]]="","",'Formulario PPGR1'!#REF!) -> #REF! | G17: 1.3.1.2 Fortalecimiento de la gestión financiera de la Red | H17: SRSEV1.3.1.2.04 | I17: Elaboracion Estados financieros | J17: 1 | K17: 1 | L17: 1 | M17: 1 | N17: 1 | O17: 1 | P17: 1 | Q17: 1 | R17: 1 | S17: 1 | T17: 1 | U17: 1 | V17: =SUM(Tabla2[[#This Row],[Ene]:[Dic]]) -> 12 | W17: Informe | Y17: Otros | Z17: Estado Financieros | AA17: Administrativa-Financiera
B18: =IF(Tabla2[[#This Row],[Productos ]]="","",CONCATENATE(Tabla2[[#This Row],[POA]],".",Tabla2[[#This Row],[SRS]],".",Tabla2[[#This Row],[AREA]],".",Tabla2[[#This Row],[TIPO]])) -> #REF! | C18: =IF(Tabla2[[#This Row],[Productos ]]="","",'Formulario PPGR1'!#REF!) -> #REF! | D18: =IF(Tabla2[[#This Row],[Productos ]]="","",'Formulario PPGR1'!#REF!) -> #REF! | E18: =IF(Tabla2[[#This Row],[Productos ]]="","",'Formulario PPGR1'!#REF!) -> #REF! | F18: =IF(Tabla2[[#This Row],[Productos ]]="","",'Formulario PPGR1'!#REF!) -> #REF! | G18: 1.3.1.2 Fortalecimiento de la gestión financiera de la Red | H18: SRSEV1.3.1.2.05 | I18: Análisis y seguimiento a las glosas reportadas | L18: 1 | O18: 1 | R18: 1 | U18: 1 | V18: =SUM(Tabla2[[#This Row],[Ene]:[Dic]]) -> 4 | W18: Informe | AA18: Administrativa-Financiera
B19: =IF(Tabla2[[#This Row],[Productos ]]="","",CONCATENATE(Tabla2[[#This Row],[POA]],".",Tabla2[[#This Row],[SRS]],".",Tabla2[[#This Row],[AREA]],".",Tabla2[[#This Row],[TIPO]])) -> #REF! | C19: =IF(Tabla2[[#This Row],[Productos ]]="","",'Formulario PPGR1'!#REF!) -> #REF! | D19: =IF(Tabla2[[#This Row],[Productos ]]="","",'Formulario PPGR1'!#REF!) -> #REF! | E19: =IF(Tabla2[[#This Row],[Productos ]]="","",'Formulario PPGR1'!#REF!) -> #REF! | F19: =IF(Tabla2[[#This Row],[Productos ]]="","",'Formulario PPGR1'!#REF!) -> #REF! | G19: 1.1.3.1 Fortalecimiento de la Planificación Institucional | H19: SRSEV1.1.3.1.01 | I19: Elaboración del PACC 2021 | O19: 1 | V19: =SUM(Tabla2[[#This Row],[Ene]:[Dic]]) -> 1 | W19: Plan | AA19: Administrativa-Financiera
B20: =IF(Tabla2[[#This Row],[Productos ]]="","",CONCATENATE(Tabla2[[#This Row],[POA]],".",Tabla2[[#This Row],[SRS]],".",Tabla2[[#This Row],[AREA]],".",Tabla2[[#This Row],[TIPO]])) -> #REF! | C20: =IF(Tabla2[[#This Row],[Productos ]]="","",'Formulario PPGR1'!#REF!) -> #REF! | D20: =IF(Tabla2[[#This Row],[Productos ]]="","",'Formulario PPGR1'!#REF!) -> #REF! | E20: =IF(Tabla2[[#This Row],[Productos ]]="","",'Formulario PPGR1'!#REF!) -> #REF! | F20: =IF(Tabla2[[#This Row],[Productos ]]="","",'Formulario PPGR1'!#REF!) -> #REF! | G20: 3.1.1.2 Despliegue Ruta Critica para el desarrollo del Modelo de Atención | H20: SRSEV 3.1.1.2.01 | I20: Inducción a los Médicos Pasantes de Ley en el Modelo de Atención e Instrumentos de Reportes | L20: 1 | O20: 1 | R20: 1 | T20: 1 | V20: =SUM(Tabla2[[#This Row],[Ene]:[Dic]]) -> 4 | W20: Listado de participación | X20: Agenda | AA20: Primer Nivel de Atención
B21: =IF(Tabla2[[#This Row],[Productos ]]="","",CONCATENATE(Tabla2[[#This Row],[POA]],".",Tabla2[[#This Row],[SRS]],".",Tabla2[[#This Row],[AREA]],".",Tabla2[[#This Row],[TIPO]])) -> #REF! | C21: =IF(Tabla2[[#This Row],[Productos ]]="","",'Formulario PPGR1'!#REF!) -> #REF! | D21: =IF(Tabla2[[#This Row],[Productos ]]="","",'Formulario PPGR1'!#REF!) -> #REF! | E21: =IF(Tabla2[[#This Row],[Productos ]]="","",'Formulario PPGR1'!#REF!) -> #REF! | F21: =IF(Tabla2[[#This Row],[Productos ]]="","",'Formulario PPGR1'!#REF!) -> #REF! | G21: 3.1.1.2 Despliegue Ruta Critica para el desarrollo del Modelo de Atención | H21: SRSEV 3.1.1.2.02 | I21: Seguimiento a las GAS de las etapas de la ruta critica. | L21: 1 | O21: 1 | R21: 1 | V21: =SUM(Tabla2[[#This Row],[Ene]:[Dic]]) -> 3 | W21: Informe | AA21: Primer Nivel de Atención
B22: =IF(Tabla2[[#This Row],[Productos ]]="","",CONCATENATE(Tabla2[[#This Row],[POA]],".",Tabla2[[#This Row],[SRS]],".",Tabla2[[#This Row],[AREA]],".",Tabla2[[#This Row],[TIPO]])) -> #REF! | C22: =IF(Tabla2[[#This Row],[Productos ]]="","",'Formulario PPGR1'!#REF!) -> #REF! | D22: =IF(Tabla2[[#This Row],[Productos ]]="","",'Formulario PPGR1'!#REF!) -> #REF! | E22: =IF(Tabla2[[#This Row],[Productos ]]="","",'Formulario PPGR1'!#REF!) -> #REF! | F22: =IF(Tabla2[[#This Row],[Productos ]]="","",'Formulario PPGR1'!#REF!) -> #REF! | G22: 3.1.1.2 Despliegue Ruta Critica para el desarrollo del Modelo de Atención | H22: SRSEV 3.1.1.2.03 | I22: Seguimiento al Llenado de la Ficha Familiar en el Primer Nivel | L22: 1 | O22: 1 | R22: 1 | V22: =SUM(Tabla2[[#This Row],[Ene]:[Dic]]) -> 3 | W22: Reporte | AA22: Primer Nivel de Atención
B23: =IF(Tabla2[[#This Row],[Productos ]]="","",CONCATENATE(Tabla2[[#This Row],[POA]],".",Tabla2[[#This Row],[SRS]],".",Tabla2[[#This Row],[AREA]],".",Tabla2[[#This Row],[TIPO]])) -> #REF! | C23: =IF(Tabla2[[#This Row],[Productos ]]="","",'Formulario PPGR1'!#REF!) -> #REF! | D23: =IF(Tabla2[[#This Row],[Productos ]]="","",'Formulario PPGR1'!#REF!) -> #REF! | E23: =IF(Tabla2[[#This Row],[Productos ]]="","",'Formulario PPGR1'!#REF!) -> #REF! | F23: =IF(Tabla2[[#This Row],[Productos ]]="","",'Formulario PPGR1'!#REF!) -> #REF! | G23: 3.1.1.2 Despliegue Ruta Critica para el desarrollo del Modelo de Atención | H23: SRSEV 3.1.1.2.04 | I23: Seguimiento a la actualizaciòn de la Ficha Familiar en la UNAP | K23: 1 | Q23: 1 | V23: =SUM(Tabla2[[#This Row],[Ene]:[Dic]]) -> 2 | W23: Reporte | AA23: Primer Nivel de Atención
B24: =IF(Tabla2[[#This Row],[Productos ]]="","",CONCATENATE(Tabla2[[#This Row],[POA]],".",Tabla2[[#This Row],[SRS]],".",Tabla2[[#This Row],[AREA]],".",Tabla2[[#This Row],[TIPO]])) -> #REF! | C24: =IF(Tabla2[[#This Row],[Productos ]]="","",'Formulario PPGR1'!#REF!) -> #REF! | D24: =IF(Tabla2[[#This Row],[Productos ]]="","",'Formulario PPGR1'!#REF!) -> #REF! | E24: =IF(Tabla2[[#This Row],[Productos ]]="","",'Formulario PPGR1'!#REF!) -> #REF! | F24: =IF(Tabla2[[#This Row],[Productos ]]="","",'Formulario PPGR1'!#REF!) -> #REF! | G24: 3.1.1.2 Despliegue Ruta Critica para el desarrollo del Modelo de Atención | H24: SRSEV 3.1.1.2.05 | I24: Seguimiento a la digitaciòn de la Ficha Familiar en la UNAP | L24: 1 | R24: 1 | V24: =SUM(Tabla2[[#This Row],[Ene]:[Dic]]) -> 2 | W24: Registro Digital | X24: Informe | AA24: Primer Nivel de Atención
B25: =IF(Tabla2[[#This Row],[Productos ]]="","",CONCATENATE(Tabla2[[#This Row],[POA]],".",Tabla2[[#This Row],[SRS]],".",Tabla2[[#This Row],[AREA]],".",Tabla2[[#This Row],[TIPO]])) -> #REF! | C25: =IF(Tabla2[[#This Row],[Productos ]]="","",'Formulario PPGR1'!#REF!) -> #REF! | D25: =IF(Tabla2[[#This Row],[Productos ]]="","",'Formulario PPGR1'!#REF!) -> #REF! | E25: =IF(Tabla2[[#This Row],[Productos ]]="","",'Formulario PPGR1'!#REF!) -> #REF! | F25: =IF(Tabla2[[#This Row],[Productos ]]="","",'Formulario PPGR1'!#REF!) -> #REF! | G25: 3.1.1.2 Despliegue Ruta Critica para el desarrollo del Modelo de Atención | H25: SRSEV 3.1.1.2.06 | I25: Elaboración de croquis | L25: 2 | N25: 2 | P25: 2 | R25: 2 | T25: 2 | V25: =SUM(Tabla2[[#This Row],[Ene]:[Dic]]) -> 10 | W25: Registro Digital | AA25: Primer Nivel de Atención
B26: =IF(Tabla2[[#This Row],[Productos ]]="","",CONCATENATE(Tabla2[[#This Row],[POA]],".",Tabla2[[#This Row],[SRS]],".",Tabla2[[#This Row],[AREA]],".",Tabla2[[#This Row],[TIPO]])) -> #REF! | C26: =IF(Tabla2[[#This Row],[Productos ]]="","",'Formulario PPGR1'!#REF!) -> #REF! | D26: =IF(Tabla2[[#This Row],[Productos ]]="","",'Formulario PPGR1'!#REF!) -> #REF! | E26: =IF(Tabla2[[#This Row],[Productos ]]="","",'Formulario PPGR1'!#REF!) -> #REF! | F26: =IF(Tabla2[[#This Row],[Productos ]]="","",'Formulario PPGR1'!#REF!) -> #REF! | G26: 3.1.1.2 Despliegue Ruta Critica para el desarrollo del Modelo de Atención | H26: SRSEV 3.1.1.2.07 | I26: Supervisión del apego a protocolos y calidad de los servicios de atención | J26: 3 | M26: 1 | P26: 1 | T26: 1 | V26: =SUM(Tabla2[[#This Row],[Ene]:[Dic]]) -> 6 | W26: Hoja de supervisión | X26: Informe | AA26: Calidad de los Servicios y Gestión de Usuarios
B27: =IF(Tabla2[[#This Row],[Productos ]]="","",CONCATENATE(Tabla2[[#This Row],[POA]],".",Tabla2[[#This Row],[SRS]],".",Tabla2[[#This Row],[AREA]],".",Tabla2[[#This Row],[TIPO]])) -> #REF! | C27: =IF(Tabla2[[#This Row],[Productos ]]="","",'Formulario PPGR1'!#REF!) -> #REF! | D27: =IF(Tabla2[[#This Row],[Productos ]]="","",'Formulario PPGR1'!#REF!) -> #REF! | E27: =IF(Tabla2[[#This Row],[Productos ]]="","",'Formulario PPGR1'!#REF!) -> #REF! | F27: =IF(Tabla2[[#This Row],[Productos ]]="","",'Formulario PPGR1'!#REF!) -> #REF! | G27: 3.1.1.2 Despliegue Ruta Critica para el desarrollo del Modelo de Atención | H27: SRSEV 3.1.1.2.07 | I27: Seguimiento a la elaboración y actualización de los croquis | K27: 3 | M27: 3 | O27: 3 | Q27: 3 | S27: 3 | U27: 3 | V27: =SUM(Tabla2[[#This Row],[Ene]:[Dic]]) -> 18 | W27: Hoja de supervisión | X27: Informe | AA27: Primer Nivel de Atención
B28: =IF(Tabla2[[#This Row],[Productos ]]="","",CONCATENATE(Tabla2[[#This Row],[POA]],".",Tabla2[[#This Row],[SRS]],".",Tabla2[[#This Row],[AREA]],".",Tabla2[[#This Row],[TIPO]])) -> #REF! | C28: =IF(Tabla2[[#This Row],[Productos ]]="","",'Formulario PPGR1'!#REF!) -> #REF! | D28: =IF(Tabla2[[#This Row],[Productos ]]="","",'Formulario PPGR1'!#REF!) -> #REF! | E28: =IF(Tabla2[[#This Row],[Productos ]]="","",'Formulario PPGR1'!#REF!) -> #REF! | F28: =IF(Tabla2[[#This Row],[Productos ]]="","",'Formulario PPGR1'!#REF!) -> #REF! | G28: 3.1.1.2 Despliegue Ruta Critica para el desarrollo del Modelo de Atención | H28: SRSEV 3.1.1.2.09 | I28: Monitoreo del uso adecuado de las Guias de Diagnostico y Tratamiento en las Unidades de Atencion Primaria | K28: 3 | M28: 3 | O28: 3 | Q28: 3 | S28: 3 | U28: 3 | V28: =SUM(Tabla2[[#This Row],[Ene]:[Dic]]) -> 18 | W28: Hoja de supervisión | X28: Informe | AA28: Primer Nivel de Atención
B29: =IF(Tabla2[[#This Row],[Productos ]]="","",CONCATENATE(Tabla2[[#This Row],[POA]],".",Tabla2[[#This Row],[SRS]],".",Tabla2[[#This Row],[AREA]],".",Tabla2[[#This Row],[TIPO]])) -> #REF! | C29: =IF(Tabla2[[#This Row],[Productos ]]="","",'Formulario PPGR1'!#REF!) -> #REF! | D29: =IF(Tabla2[[#This Row],[Productos ]]="","",'Formulario PPGR1'!#REF!) -> #REF! | E29: =IF(Tabla2[[#This Row],[Productos ]]="","",'Formulario PPGR1'!#REF!) -> #REF! | F29: =IF(Tabla2[[#This Row],[Productos ]]="","",'Formulario PPGR1'!#REF!) -> #REF! | G29: 3.1.1.2 Despliegue Ruta Critica para el desarrollo del Modelo de Atención | H29: SRSEV 3.1.1.2.10 | I29: Visitas de monitoreo a los Programas de Salud en Atencion Primaria | K29: 1 | M29: 1 | O29: 1 | Q29: 1 | S29: 1 | U29: 1 | V29: =SUM(Tabla2[[#This Row],[Ene]:[Dic]]) -> 6 | W29: Hoja de supervisión | X29: Informe | Y29: Listado de participación | AA29: Primer Nivel de Atención
B30: =IF(Tabla2[[#This Row],[Productos ]]="","",CONCATENATE(Tabla2[[#This Row],[POA]],".",Tabla2[[#This Row],[SRS]],".",Tabla2[[#This Row],[AREA]],".",Tabla2[[#This Row],[TIPO]])) -> #REF! | C30: =IF(Tabla2[[#This Row],[Productos ]]="","",'Formulario PPGR1'!#REF!) -> #REF! | D30: =IF(Tabla2[[#This Row],[Productos ]]="","",'Formulario PPGR1'!#REF!) -> #REF! | E30: =IF(Tabla2[[#This Row],[Productos ]]="","",'Formulario PPGR1'!#REF!) -> #REF! | F30: =IF(Tabla2[[#This Row],[Productos ]]="","",'Formulario PPGR1'!#REF!) -> #REF! | G30: 3.1.1.2 Despliegue Ruta Critica para el desarrollo del Modelo de Atención | H30: SRSEV 3.1.1.2.11 | I30: Sesión de trabajo con los coordinadores de zona para la puesta en marcha de los instrumentos de Monitoreo y Evaluacion estandarizados | K30: 1 | V30: =SUM(Tabla2[[#This Row],[Ene]:[Dic]]) -> 1 | W30: Listado de participación | X30: Minuta | AA30: Primer Nivel de Atención
B31: =IF(Tabla2[[#This Row],[Productos ]]="","",CONCATENATE(Tabla2[[#This Row],[POA]],".",Tabla2[[#This Row],[SRS]],".",Tabla2[[#This Row],[AREA]],".",Tabla2[[#This Row],[TIPO]])) -> #REF! | C31: =IF(Tabla2[[#This Row],[Productos ]]="","",'Formulario PPGR1'!#REF!) -> #REF! | D31: =IF(Tabla2[[#This Row],[Productos ]]="","",'Formulario PPGR1'!#REF!) -> #REF! | E31: =IF(Tabla2[[#This Row],[Productos ]]="","",'Formulario PPGR1'!#REF!) -> #REF! | F31: =IF(Tabla2[[#This Row],[Productos ]]="","",'Formulario PPGR1'!#REF!) -> #REF! | G31: 3.1.1.2 Despliegue Ruta Critica para el desarrollo del Modelo de Atención | H31: SRSEV 3.1.1.2.12 | I31: Reuniones con las Gerencias de Áreas para Revisión y Actualización de la Línea Basal. | J31: 1 | P31: 1 | V31: =SUM(Tabla2[[#This Row],[Ene]:[Dic]]) -> 2 | W31: Listado de participación | X31: Minuta | AA31: Primer Nivel de Atención
B32: =IF(Tabla2[[#This Row],[Productos ]]="","",CONCATENATE(Tabla2[[#This Row],[POA]],".",Tabla2[[#This Row],[SRS]],".",Tabla2[[#This Row],[AREA]],".",Tabla2[[#This Row],[TIPO]])) -> #REF! | C32: =IF(Tabla2[[#This Row],[Productos ]]="","",'Formulario PPGR1'!#REF!) -> #REF! | D32: =IF(Tabla2[[#This Row],[Productos ]]="","",'Formulario PPGR1'!#REF!) -> #REF! | E32: =IF(Tabla2[[#This Row],[Productos ]]="","",'Formulario PPGR1'!#REF!) -> #REF! | F32: =IF(Tabla2[[#This Row],[Productos ]]="","",'Formulario PPGR1'!#REF!) -> #REF! | G32: 3.1.1.2 Despliegue Ruta Critica para el desarrollo del Modelo de Atención | H32: SRSEV 3.1.1.2.13 | I32: Visitas de verificación a establecimientos para supervisar el cumplimiento de los médicos pasantes. | J32: 1 | K32: 1 | L32: 1 | M32: 1 | N32: 1 | O32: 1 | P32: 1 | Q32: 1 | R32: 1 | S32: 1 | T32: 1 | U32: 1 | V32: =SUM(Tabla2[[#This Row],[Ene]:[Dic]]) -> 12 | W32: Hoja de supervisión | X32: Informe | AA32: Primer Nivel de Atención
B33: =IF(Tabla2[[#This Row],[Productos ]]="","",CONCATENATE(Tabla2[[#This Row],[POA]],".",Tabla2[[#This Row],[SRS]],".",Tabla2[[#This Row],[AREA]],".",Tabla2[[#This Row],[TIPO]])) -> #REF! | C33: =IF(Tabla2[[#This Row],[Productos ]]="","",'Formulario PPGR1'!#REF!) -> #REF! | D33: =IF(Tabla2[[#This Row],[Productos ]]="","",'Formulario PPGR1'!#REF!) -> #REF! | E33: =IF(Tabla2[[#This Row],[Productos ]]="","",'Formulario PPGR1'!#REF!) -> #REF! | F33: =IF(Tabla2[[#This Row],[Productos ]]="","",'Formulario PPGR1'!#REF!) -> #REF! | G33: 3.1.1.2 Despliegue Ruta Critica para el desarrollo del Modelo de Atención | H33: SRSEV 3.1.1.2.14 | I33: Sesion de trabajo con las áreas para seguimiento de la cartera de servicio actualizada y estandarizada que se ofertan en las UNAP. | L33: 1 | V33: =SUM(Tabla2[[#This Row],[Ene]:[Dic]]) -> 1 | W33: Listado de participación | X33: Minuta | AA33: Primer Nivel de Atención
B34: =IF(Tabla2[[#This Row],[Productos ]]="","",CONCATENATE(Tabla2[[#This Row],[POA]],".",Tabla2[[#This Row],[SRS]],".",Tabla2[[#This Row],[AREA]],".",Tabla2[[#This Row],[TIPO]])) -> #REF! | C34: =IF(Tabla2[[#This Row],[Productos ]]="","",'Formulario PPGR1'!#REF!) -> #REF! | D34: =IF(Tabla2[[#This Row],[Productos ]]="","",'Formulario PPGR1'!#REF!) -> #REF! | E34: =IF(Tabla2[[#This Row],[Productos ]]="","",'Formulario PPGR1'!#REF!) -> #REF! | F34: =IF(Tabla2[[#This Row],[Productos ]]="","",'Formulario PPGR1'!#REF!) -> #REF! | G34: 3.1.1.2 Despliegue Ruta Critica para el desarrollo del Modelo de Atención | H34: SRSEV 3.1.1.2.15 | I34: Seguimiento a la estrategia de salud mental comunitaria | P34: 1 | V34: =SUM(Tabla2[[#This Row],[Ene]:[Dic]]) -> 1 | W34: Hoja de supervisión | X34: Informe | AA34: Primer Nivel de Atención
B35: =IF(Tabla2[[#This Row],[Productos ]]="","",CONCATENATE(Tabla2[[#This Row],[POA]],".",Tabla2[[#This Row],[SRS]],".",Tabla2[[#This Row],[AREA]],".",Tabla2[[#This Row],[TIPO]])) -> #REF! | C35: =IF(Tabla2[[#This Row],[Productos ]]="","",'Formulario PPGR1'!#REF!) -> #REF! | D35: =IF(Tabla2[[#This Row],[Productos ]]="","",'Formulario PPGR1'!#REF!) -> #REF! | E35: =IF(Tabla2[[#This Row],[Productos ]]="","",'Formulario PPGR1'!#REF!) -> #REF! | F35: =IF(Tabla2[[#This Row],[Productos ]]="","",'Formulario PPGR1'!#REF!) -> #REF! | G35: 1.8.1.1 Fortalecimiento a los Establecimientos de Salud en el proceso de habilitación del MSP | H35: SRSEV 1.8.1.1.01 | I35: Seguimiento al proceso de habilitaciòn de CPN. | J35: 1 | K35: 1 | L35: 1 | V35: =SUM(Tabla2[[#This Row],[Ene]:[Dic]]) -> 3 | W35: Informe | AA35: Primer Nivel de Atención
B36: =IF(Tabla2[[#This Row],[Productos ]]="","",CONCATENATE(Tabla2[[#This Row],[POA]],".",Tabla2[[#This Row],[SRS]],".",Tabla2[[#This Row],[AREA]],".",Tabla2[[#This Row],[TIPO]])) -> #REF! | C36: =IF(Tabla2[[#This Row],[Productos ]]="","",'Formulario PPGR1'!#REF!) -> #REF! | D36: =IF(Tabla2[[#This Row],[Productos ]]="","",'Formulario PPGR1'!#REF!) -> #REF! | E36: =IF(Tabla2[[#This Row],[Productos ]]="","",'Formulario PPGR1'!#REF!) -> #REF! | F36: =IF(Tabla2[[#This Row],[Productos ]]="","",'Formulario PPGR1'!#REF!) -> #REF! | G36: 1.8.1.1 Fortalecimiento a los Establecimientos de Salud en el proceso de habilitación del MSP | H36: SRSEV 1.8.1.1.02 | I36: Sesiones de trabajo para elaboraciòn del plan de mejora para el proceso de habilitacion de los CPN. | M36: 1 | O36: 1 | V36: =SUM(Tabla2[[#This Row],[Ene]:[Dic]]) -> 2 | W36: Listado de participación | X36: Minuta | AA36: Primer Nivel de Atención
B37: =IF(Tabla2[[#This Row],[Productos ]]="","",CONCATENATE(Tabla2[[#This Row],[POA]],".",Tabla2[[#This Row],[SRS]],".",Tabla2[[#This Row],[AREA]],".",Tabla2[[#This Row],[TIPO]])) -> #REF! | C37: =IF(Tabla2[[#This Row],[Productos ]]="","",'Formulario PPGR1'!#REF!) -> #REF! | D37: =IF(Tabla2[[#This Row],[Productos ]]="","",'Formulario PPGR1'!#REF!) -> #REF! | E37: =IF(Tabla2[[#This Row],[Productos ]]="","",'Formulario PPGR1'!#REF!) -> #REF! | F37: =IF(Tabla2[[#This Row],[Productos ]]="","",'Formulario PPGR1'!#REF!) -> #REF! | G37: 2.2.4.1Plan de capacitación Institucional | H37: SRSEV 2.2.4.1.01 | I37: Seccion de trabajo para la elaboracion del plan de capacitación permanente dirigidos a los equipos de Primer Nivel. | J37: 1 | V37: =SUM(Tabla2[[#This Row],[Ene]:[Dic]]) -> 1 | W37: Listado de participación | X37: Plan | AA37: Primer Nivel de Atención
B38: =IF(Tabla2[[#This Row],[Productos ]]="","",CONCATENATE(Tabla2[[#This Row],[POA]],".",Tabla2[[#This Row],[SRS]],".",Tabla2[[#This Row],[AREA]],".",Tabla2[[#This Row],[TIPO]])) -> #REF! | C38: =IF(Tabla2[[#This Row],[Productos ]]="","",'Formulario PPGR1'!#REF!) -> #REF! | D38: =IF(Tabla2[[#This Row],[Productos ]]="","",'Formulario PPGR1'!#REF!) -> #REF! | E38: =IF(Tabla2[[#This Row],[Productos ]]="","",'Formulario PPGR1'!#REF!) -> #REF! | F38: =IF(Tabla2[[#This Row],[Productos ]]="","",'Formulario PPGR1'!#REF!) -> #REF! | G38: 2.2.4.1 Plan de capacitación Institucional | H38: SRSEV 2.2.4.1.02 | I38: Seguimiento al plan capacitacion a los equipos del Primer Nivel de Atencion | L38: 1 | P38: 1 | S38: 1 | V38: =SUM(Tabla2[[#This Row],[Ene]:[Dic]]) -> 3 | W38: Informe | AA38: Primer Nivel de Atención
B39: =IF(Tabla2[[#This Row],[Productos ]]="","",CONCATENATE(Tabla2[[#This Row],[POA]],".",Tabla2[[#This Row],[SRS]],".",Tabla2[[#This Row],[AREA]],".",Tabla2[[#This Row],[TIPO]])) -> #REF! | C39: =IF(Tabla2[[#This Row],[Productos ]]="","",'Formulario PPGR1'!#REF!) -> #REF! | D39: =IF(Tabla2[[#This Row],[Productos ]]="","",'Formulario PPGR1'!#REF!) -> #REF! | E39: =IF(Tabla2[[#This Row],[Productos ]]="","",'Formulario PPGR1'!#REF!) -> #REF! | F39: =IF(Tabla2[[#This Row],[Productos ]]="","",'Formulario PPGR1'!#REF!) -> #REF! | G39: 2.2.4.1 Plan de capacitación Institucional | H39: SRSEV 2.2.4.1.03 | I39: Talleres de capacitacion para la Erradicaciòn de la Malaria | L39: 1 | R39: 1 | V39: =SUM(Tabla2[[#This Row],[Ene]:[Dic]]) -> 2 | W39: Listado de participación | X39: Agenda | AA39: Gestión Clínica
B40: =IF(Tabla2[[#This Row],[Productos ]]="","",CONCATENATE(Tabla2[[#This Row],[POA]],".",Tabla2[[#This Row],[SRS]],".",Tabla2[[#This Row],[AREA]],".",Tabla2[[#This Row],[TIPO]])) -> #REF! | C40: =IF(Tabla2[[#This Row],[Productos ]]="","",'Formulario PPGR1'!#REF!) -> #REF! | D40: =IF(Tabla2[[#This Row],[Productos ]]="","",'Formulario PPGR1'!#REF!) -> #REF! | E40: =IF(Tabla2[[#This Row],[Productos ]]="","",'Formulario PPGR1'!#REF!) -> #REF! | F40: =IF(Tabla2[[#This Row],[Productos ]]="","",'Formulario PPGR1'!#REF!) -> #REF! | G40: 2.2.4.1 Plan de capacitación Institucional | H40: SRSEV 2.2.4.1.04 | I40: Talleres de capacitaciòn para la implementaciòn de pruebas rapidas de VIH en el primer nivel | L40: 1 | M40: 1 | V40: =SUM(Tabla2[[#This Row],[Ene]:[Dic]]) -> 2 | W40: Listado de participación | X40: Agenda | AA40: Gestión Clínica
B41: =IF(Tabla2[[#This Row],[Productos ]]="","",CONCATENATE(Tabla2[[#This Row],[POA]],".",Tabla2[[#This Row],[SRS]],".",Tabla2[[#This Row],[AREA]],".",Tabla2[[#This Row],[TIPO]])) -> #REF! | C41: =IF(Tabla2[[#This Row],[Productos ]]="","",'Formulario PPGR1'!#REF!) -> #REF! | D41: =IF(Tabla2[[#This Row],[Productos ]]="","",'Formulario PPGR1'!#REF!) -> #REF! | E41: =IF(Tabla2[[#This Row],[Productos ]]="","",'Formulario PPGR1'!#REF!) -> #REF! | F41: =IF(Tabla2[[#This Row],[Productos ]]="","",'Formulario PPGR1'!#REF!) -> #REF! | G41: 2.2.4.1 Plan de capacitación Institucional | H41: SRSEV 2.2.4.1.03 | I41: Talleres de capacitacion para la Erradicaciòn de la Malaria | L41: 1 | R41: 1 | V41: =SUM(Tabla2[[#This Row],[Ene]:[Dic]]) -> 2 | W41: Listado de participación | X41: Agenda | AA41: Primer Nivel de Atención
B42: =IF(Tabla2[[#This Row],[Productos ]]="","",CONCATENATE(Tabla2[[#This Row],[POA]],".",Tabla2[[#This Row],[SRS]],".",Tabla2[[#This Row],[AREA]],".",Tabla2[[#This Row],[TIPO]])) -> #REF! | C42: =IF(Tabla2[[#This Row],[Productos ]]="","",'Formulario PPGR1'!#REF!) -> #REF! | D42: =IF(Tabla2[[#This Row],[Productos ]]="","",'Formulario PPGR1'!#REF!) -> #REF! | E42: =IF(Tabla2[[#This Row],[Productos ]]="","",'Formulario PPGR1'!#REF!) -> #REF! | F42: =IF(Tabla2[[#This Row],[Productos ]]="","",'Formulario PPGR1'!#REF!) -> #REF! | G42: 2.2.4.1 Plan de capacitación Institucional | H42: SRSEV 2.2.4.1.04 | I42: Talleres de capacitaciòn para la implementaciòn de pruebas rapidas de VIH en el primer nivel | K42: 1 | T42: 1 | V42: =SUM(Tabla2[[#This Row],[Ene]:[Dic]]) -> 2 | W42: Listado de participación | X42: Agenda | AA42: Primer Nivel de Atención
B43: =IF(Tabla2[[#This Row],[Productos ]]="","",CONCATENATE(Tabla2[[#This Row],[POA]],".",Tabla2[[#This Row],[SRS]],".",Tabla2[[#This Row],[AREA]],".",Tabla2[[#This Row],[TIPO]])) -> #REF! | C43: =IF(Tabla2[[#This Row],[Productos ]]="","",'Formulario PPGR1'!#REF!) -> #REF! | D43: =IF(Tabla2[[#This Row],[Productos ]]="","",'Formulario PPGR1'!#REF!) -> #REF! | E43: =IF(Tabla2[[#This Row],[Productos ]]="","",'Formulario PPGR1'!#REF!) -> #REF! | F43: =IF(Tabla2[[#This Row],[Productos ]]="","",'Formulario PPGR1'!#REF!) -> #REF! | G43: 2.2.4.1 Plan de capacitación Institucional | H43: SRSEV 2.2.4.1.05 | I43: Talleres de capacitaciòn a los equipos de la UNAP sobre Nutriciòn y Salud | M43: 1 | S43: 1 | V43: =SUM(Tabla2[[#This Row],[Ene]:[Dic]]) -> 2 | W43: Listado de participación | X43: Agenda | AA43: Primer Nivel de Atención
B44: =IF(Tabla2[[#This Row],[Productos ]]="","",CONCATENATE(Tabla2[[#This Row],[POA]],".",Tabla2[[#This Row],[SRS]],".",Tabla2[[#This Row],[AREA]],".",Tabla2[[#This Row],[TIPO]])) -> #REF! | C44: =IF(Tabla2[[#This Row],[Productos ]]="","",'Formulario PPGR1'!#REF!) -> #REF! | D44: =IF(Tabla2[[#This Row],[Productos ]]="","",'Formulario PPGR1'!#REF!) -> #REF! | E44: =IF(Tabla2[[#This Row],[Productos ]]="","",'Formulario PPGR1'!#REF!) -> #REF! | F44: =IF(Tabla2[[#This Row],[Productos ]]="","",'Formulario PPGR1'!#REF!) -> #REF! | G44: 2.2.4.1 Plan de capacitación Institucional | H44: SRSEV 2.2.4.1.06 | I44: Talleres de articulaciòn de los equipos de la UNAP con el INAIPI | L44: 1 | P44: 1 | V44: =SUM(Tabla2[[#This Row],[Ene]:[Dic]]) -> 2 | W44: Listado de participación | X44: Agenda | AA44: Primer Nivel de Atención
B45: =IF(Tabla2[[#This Row],[Productos ]]="","",CONCATENATE(Tabla2[[#This Row],[POA]],".",Tabla2[[#This Row],[SRS]],".",Tabla2[[#This Row],[AREA]],".",Tabla2[[#This Row],[TIPO]])) -> #REF! | C45: =IF(Tabla2[[#This Row],[Productos ]]="","",'Formulario PPGR1'!#REF!) -> #REF! | D45: =IF(Tabla2[[#This Row],[Productos ]]="","",'Formulario PPGR1'!#REF!) -> #REF! | E45: =IF(Tabla2[[#This Row],[Productos ]]="","",'Formulario PPGR1'!#REF!) -> #REF! | F45: =IF(Tabla2[[#This Row],[Productos ]]="","",'Formulario PPGR1'!#REF!) -> #REF! | G45: 2.2.4.1 Plan de capacitación Institucional | H45: SRSEV 2.2.4.1.07 | I45: Seguimiento a la Historia Clinica Perinatal en la Unap. | K45: 1 | O45: 1 | T45: 1 | V45: =SUM(Tabla2[[#This Row],[Ene]:[Dic]]) -> 3 | W45: Informe | X45: Listado de participación | AA45: Primer Nivel de Atención
B46: =IF(Tabla2[[#This Row],[Productos ]]="","",CONCATENATE(Tabla2[[#This Row],[POA]],".",Tabla2[[#This Row],[SRS]],".",Tabla2[[#This Row],[AREA]],".",Tabla2[[#This Row],[TIPO]])) -> #REF! | C46: =IF(Tabla2[[#This Row],[Productos ]]="","",'Formulario PPGR1'!#REF!) -> #REF! | D46: =IF(Tabla2[[#This Row],[Productos ]]="","",'Formulario PPGR1'!#REF!) -> #REF! | E46: =IF(Tabla2[[#This Row],[Productos ]]="","",'Formulario PPGR1'!#REF!) -> #REF! | F46: =IF(Tabla2[[#This Row],[Productos ]]="","",'Formulario PPGR1'!#REF!) -> #REF! | G46: 2.2.4.1 Plan de capacitación Institucional | H46: SRSEV 2.2.4.1.08 | I46: Talleres de capacitación Inicitiva Cuidado Sensible y Cariñoso | L46: 1 | P46: 1 | V46: =SUM(Tabla2[[#This Row],[Ene]:[Dic]]) -> 2 | W46: Listado de participación | X46: Agenda | AA46: Primer Nivel de Atención
B47: =IF(Tabla2[[#This Row],[Productos ]]="","",CONCATENATE(Tabla2[[#This Row],[POA]],".",Tabla2[[#This Row],[SRS]],".",Tabla2[[#This Row],[AREA]],".",Tabla2[[#This Row],[TIPO]])) -> #REF! | C47: =IF(Tabla2[[#This Row],[Productos ]]="","",'Formulario PPGR1'!#REF!) -> #REF! | D47: =IF(Tabla2[[#This Row],[Productos ]]="","",'Formulario PPGR1'!#REF!) -> #REF! | E47: =IF(Tabla2[[#This Row],[Productos ]]="","",'Formulario PPGR1'!#REF!) -> #REF! | F47: =IF(Tabla2[[#This Row],[Productos ]]="","",'Formulario PPGR1'!#REF!) -> #REF! | G47: 2.2.4.1 Plan de capacitación Institucional | H47: SRSEV 2.2.4.1.09 | I47: Talleres de capacitación sobre Violencia | N47: 1 | V47: =SUM(Tabla2[[#This Row],[Ene]:[Dic]]) -> 1 | W47: Listado de participación | X47: Agenda | Z47: Depende del Nombramiento del Encargado de Genero Regional. | AA47: Primer Nivel de Atención
B48: =IF(Tabla2[[#This Row],[Productos ]]="","",CONCATENATE(Tabla2[[#This Row],[POA]],".",Tabla2[[#This Row],[SRS]],".",Tabla2[[#This Row],[AREA]],".",Tabla2[[#This Row],[TIPO]])) -> #REF! | C48: =IF(Tabla2[[#This Row],[Productos ]]="","",'Formulario PPGR1'!#REF!) -> #REF! | D48: =IF(Tabla2[[#This Row],[Productos ]]="","",'Formulario PPGR1'!#REF!) -> #REF! | E48: =IF(Tabla2[[#This Row],[Productos ]]="","",'Formulario PPGR1'!#REF!) -> #REF! | F48: =IF(Tabla2[[#This Row],[Productos ]]="","",'Formulario PPGR1'!#REF!) -> #REF! | G48: 2.2.4.1 Plan de capacitación Institucional | H48: SRSEV 2.2.4.1.10 | I48: Talleres de capacitación salud mental | Q48: 1 | V48: =SUM(Tabla2[[#This Row],[Ene]:[Dic]]) -> 1 | W48: Listado de participación | X48: Agenda | AA48: Primer Nivel de Atención
B49: =IF(Tabla2[[#This Row],[Productos ]]="","",CONCATENATE(Tabla2[[#This Row],[POA]],".",Tabla2[[#This Row],[SRS]],".",Tabla2[[#This Row],[AREA]],".",Tabla2[[#This Row],[TIPO]])) -> #REF! | C49: =IF(Tabla2[[#This Row],[Productos ]]="","",'Formulario PPGR1'!#REF!) -> #REF! | D49: =IF(Tabla2[[#This Row],[Productos ]]="","",'Formulario PPGR1'!#REF!) -> #REF! | E49: =IF(Tabla2[[#This Row],[Productos ]]="","",'Formulario PPGR1'!#REF!) -> #REF! | F49: =IF(Tabla2[[#This Row],[Productos ]]="","",'Formulario PPGR1'!#REF!) -> #REF! | G49: 2.2.4.1 Plan de capacitación Institucional | H49: SRSEV 2.2.4.1.11 | I49: Talleres de capacitación sobre Lactancia Materna | M49: 1 | V49: =SUM(Tabla2[[#This Row],[Ene]:[Dic]]) -> 1 | W49: Listado de participación | X49: Agenda | AA49: Primer Nivel de Atención
B50: =IF(Tabla2[[#This Row],[Productos ]]="","",CONCATENATE(Tabla2[[#This Row],[POA]],".",Tabla2[[#This Row],[SRS]],".",Tabla2[[#This Row],[AREA]],".",Tabla2[[#This Row],[TIPO]])) -> #REF! | C50: =IF(Tabla2[[#This Row],[Productos ]]="","",'Formulario PPGR1'!#REF!) -> #REF! | D50: =IF(Tabla2[[#This Row],[Productos ]]="","",'Formulario PPGR1'!#REF!) -> #REF! | E50: =IF(Tabla2[[#This Row],[Productos ]]="","",'Formulario PPGR1'!#REF!) -> #REF! | F50: =IF(Tabla2[[#This Row],[Productos ]]="","",'Formulario PPGR1'!#REF!) -> #REF! | G50: 2.2.4.1 Plan de capacitación Institucional | H50: SRSEV 2.2.4.1.12 | I50: Talleres de Capacitación de la Guia de Observacion de Recien nacidos y puerperas en el primer nivel de atención. | L50: 1 | S50: 1 | V50: =SUM(Tabla2[[#This Row],[Ene]:[Dic]]) -> 2 | W50: Listado de participación | X50: Agenda | AA50: Primer Nivel de Atención
B51: =IF(Tabla2[[#This Row],[Productos ]]="","",CONCATENATE(Tabla2[[#This Row],[POA]],".",Tabla2[[#This Row],[SRS]],".",Tabla2[[#This Row],[AREA]],".",Tabla2[[#This Row],[TIPO]])) -> #REF! | C51: =IF(Tabla2[[#This Row],[Productos ]]="","",'Formulario PPGR1'!#REF!) -> #REF! | D51: =IF(Tabla2[[#This Row],[Productos ]]="","",'Formulario PPGR1'!#REF!) -> #REF! | E51: =IF(Tabla2[[#This Row],[Productos ]]="","",'Formulario PPGR1'!#REF!) -> #REF! | F51: =IF(Tabla2[[#This Row],[Productos ]]="","",'Formulario PPGR1'!#REF!) -> #REF! | G51: 2.2.4.1 Plan de capacitación Institucional | H51: SRSEV 2.2.4.1.13 | I51: Taller de Capacitacion a los Supervisores de Areas y Coordinadores de Zona sobre Herramientas y Conocimientos basicos de Monitoreo y Evaluacion. | K51: 1 | V51: =SUM(Tabla2[[#This Row],[Ene]:[Dic]]) -> 1 | W51: Listado de participación | X51: Agenda | AA51: Primer Nivel de Atención
B52: =IF(Tabla2[[#This Row],[Productos ]]="","",CONCATENATE(Tabla2[[#This Row],[POA]],".",Tabla2[[#This Row],[SRS]],".",Tabla2[[#This Row],[AREA]],".",Tabla2[[#This Row],[TIPO]])) -> #REF! | C52: =IF(Tabla2[[#This Row],[Productos ]]="","",'Formulario PPGR1'!#REF!) -> #REF! | D52: =IF(Tabla2[[#This Row],[Productos ]]="","",'Formulario PPGR1'!#REF!) -> #REF! | E52: =IF(Tabla2[[#This Row],[Productos ]]="","",'Formulario PPGR1'!#REF!) -> #REF! | F52: =IF(Tabla2[[#This Row],[Productos ]]="","",'Formulario PPGR1'!#REF!) -> #REF! | G52: 2.2.4.1 Plan de capacitación Institucional | H52: SRSEV 2.2.4.1.14 | I52: Capacitación a promotores y líderes comunitarios en captación temprana de la embarazada, identificación de riesgos y derivación oportuna | J52: 1 | L52: 1 | N52: 1 | P52: 1 | R52: 1 | V52: =SUM(Tabla2[[#This Row],[Ene]:[Dic]]) -> 5 | W52: Listado de participación | X52: Agenda | AA52: Primer Nivel de Atención
B53: =IF(Tabla2[[#This Row],[Productos ]]="","",CONCATENATE(Tabla2[[#This Row],[POA]],".",Tabla2[[#This Row],[SRS]],".",Tabla2[[#This Row],[AREA]],".",Tabla2[[#This Row],[TIPO]])) -> #REF! | C53: =IF(Tabla2[[#This Row],[Productos ]]="","",'Formulario PPGR1'!#REF!) -> #REF! | D53: =IF(Tabla2[[#This Row],[Productos ]]="","",'Formulario PPGR1'!#REF!) -> #REF! | E53: =IF(Tabla2[[#This Row],[Productos ]]="","",'Formulario PPGR1'!#REF!) -> #REF! | F53: =IF(Tabla2[[#This Row],[Productos ]]="","",'Formulario PPGR1'!#REF!) -> #REF! | G53: 1.2.1.2 Modelo de Red implementado y operando acorde a los lineamientos del Modelo de Gestión y del Modelo de Atención | H53: SRSEV 1.2.1.2.01 | I53: Reunion para la elaboracion del Plan de Promoción y Prevención de enfermedades en los CPN. | J53: 1 | V53: =SUM(Tabla2[[#This Row],[Ene]:[Dic]]) -> 1 | W53: Listado de participación | X53: Plan | AA53: Primer Nivel de Atención
B54: =IF(Tabla2[[#This Row],[Productos ]]="","",CONCATENATE(Tabla2[[#This Row],[POA]],".",Tabla2[[#This Row],[SRS]],".",Tabla2[[#This Row],[AREA]],".",Tabla2[[#This Row],[TIPO]])) -> #REF! | C54: =IF(Tabla2[[#This Row],[Productos ]]="","",'Formulario PPGR1'!#REF!) -> #REF! | D54: =IF(Tabla2[[#This Row],[Productos ]]="","",'Formulario PPGR1'!#REF!) -> #REF! | E54: =IF(Tabla2[[#This Row],[Productos ]]="","",'Formulario PPGR1'!#REF!) -> #REF! | F54: =IF(Tabla2[[#This Row],[Productos ]]="","",'Formulario PPGR1'!#REF!) -> #REF! | G54: 1.2.1.2 Modelo de Red implementado y operando acorde a los lineamientos del Modelo de Gestión y del Modelo de Atención | H54: SRSEV 1.2.1.2.02 | I54: Seguimiento a las GAS a la implementación del Plan de Promoción y Prevención de enfermedades en los CPN. | L54: 1 | O54: 1 | R54: 1 | V54: =SUM(Tabla2[[#This Row],[Ene]:[Dic]]) -> 3 | W54: Informe | AA54: Primer Nivel de Atención
B55: =IF(Tabla2[[#This Row],[Productos ]]="","",CONCATENATE(Tabla2[[#This Row],[POA]],".",Tabla2[[#This Row],[SRS]],".",Tabla2[[#This Row],[AREA]],".",Tabla2[[#This Row],[TIPO]])) -> #REF! | C55: =IF(Tabla2[[#This Row],[Productos ]]="","",'Formulario PPGR1'!#REF!) -> #REF! | D55: =IF(Tabla2[[#This Row],[Productos ]]="","",'Formulario PPGR1'!#REF!) -> #REF! | E55: =IF(Tabla2[[#This Row],[Productos ]]="","",'Formulario PPGR1'!#REF!) -> #REF! | F55: =IF(Tabla2[[#This Row],[Productos ]]="","",'Formulario PPGR1'!#REF!) -> #REF! | G55: 4.1.1.1Provisión de servicios a usuarios con enfermedades crónicas no transmisibles y adultos mayores | H55: SRSEV 4.1.1.1.01 | I55: Monitoreo y seguimiento de las acciones en los Circulos Comunitarios llevadas a cabo en los CPN | K55: 1 | M55: 1 | O55: 1 | Q55: 1 | S55: 1 | V55: =SUM(Tabla2[[#This Row],[Ene]:[Dic]]) -> 5 | W55: Hoja de supervisión | X55: Informe | Y55: Listado de participación | AA55: Primer Nivel de Atención
B56: =IF(Tabla2[[#This Row],[Productos ]]="","",CONCATENATE(Tabla2[[#This Row],[POA]],".",Tabla2[[#This Row],[SRS]],".",Tabla2[[#This Row],[AREA]],".",Tabla2[[#This Row],[TIPO]])) -> #REF! | C56: =IF(Tabla2[[#This Row],[Productos ]]="","",'Formulario PPGR1'!#REF!) -> #REF! | D56: =IF(Tabla2[[#This Row],[Productos ]]="","",'Formulario PPGR1'!#REF!) -> #REF! | E56: =IF(Tabla2[[#This Row],[Productos ]]="","",'Formulario PPGR1'!#REF!) -> #REF! | F56: =IF(Tabla2[[#This Row],[Productos ]]="","",'Formulario PPGR1'!#REF!) -> #REF! | G56: 4.1.1.1Provisión de servicios a usuarios con enfermedades crónicas no transmisibles y adultos mayores | H56: SRSEV 4.1.1.1.02 | I56: Captura, seguimiento y evaluación de la estrategia de Adulto Mayor en las UNAP | J56: 2 | O56: 1 | Q56: 1 | S56: 1 | V56: =SUM(Tabla2[[#This Row],[Ene]:[Dic]]) -> 5 | W56: Hoja de supervisión | X56: Informe | Y56: Listado de participación | AA56: Primer Nivel de Atención
B57: =IF(Tabla2[[#This Row],[Productos ]]="","",CONCATENATE(Tabla2[[#This Row],[POA]],".",Tabla2[[#This Row],[SRS]],".",Tabla2[[#This Row],[AREA]],".",Tabla2[[#This Row],[TIPO]])) -> #REF! | C57: =IF(Tabla2[[#This Row],[Productos ]]="","",'Formulario PPGR1'!#REF!) -> #REF! | D57: =IF(Tabla2[[#This Row],[Productos ]]="","",'Formulario PPGR1'!#REF!) -> #REF! | E57: =IF(Tabla2[[#This Row],[Productos ]]="","",'Formulario PPGR1'!#REF!) -> #REF! | F57: =IF(Tabla2[[#This Row],[Productos ]]="","",'Formulario PPGR1'!#REF!) -> #REF! | G57: 4.1.1.1Provisión de servicios a usuarios con enfermedades crónicas no transmisibles y adultos mayores | H57: SRSEV 4.1.1.1.03 | I57: Mesa de trabajo para la socializaccion de Captura, seguimiento y evaluación de la estrategia de Adulto Mayor en las UNAP | N57: 1 | R57: 1 | V57: =SUM(Tabla2[[#This Row],[Ene]:[Dic]]) -> 2 | W57: Listado de participación | X57: Minuta | AA57: Primer Nivel de Atención
B58: =IF(Tabla2[[#This Row],[Productos ]]="","",CONCATENATE(Tabla2[[#This Row],[POA]],".",Tabla2[[#This Row],[SRS]],".",Tabla2[[#This Row],[AREA]],".",Tabla2[[#This Row],[TIPO]])) -> #REF! | C58: =IF(Tabla2[[#This Row],[Productos ]]="","",'Formulario PPGR1'!#REF!) -> #REF! | D58: =IF(Tabla2[[#This Row],[Productos ]]="","",'Formulario PPGR1'!#REF!) -> #REF! | E58: =IF(Tabla2[[#This Row],[Productos ]]="","",'Formulario PPGR1'!#REF!) -> #REF! | F58: =IF(Tabla2[[#This Row],[Productos ]]="","",'Formulario PPGR1'!#REF!) -> #REF! | G58: 3.1.1.2 Despliegue Ruta Critica para el desarrollo del Modelo de Atención | H58: SRSEV 3.1.1.2.16 | I58: Seguimiento a los CPN a la Estrategia de atención y prevención de las ECNT | L58: 1 | N58: 1 | P58: 1 | R58: 1 | T58: 1 | V58: =SUM(Tabla2[[#This Row],[Ene]:[Dic]]) -> 5 | W58: Hoja de supervisión | X58: Informe | Y58: Listado de participación | AA58: Primer Nivel de Atención
B59: =IF(Tabla2[[#This Row],[Productos ]]="","",CONCATENATE(Tabla2[[#This Row],[POA]],".",Tabla2[[#This Row],[SRS]],".",Tabla2[[#This Row],[AREA]],".",Tabla2[[#This Row],[TIPO]])) -> #REF! | C59: =IF(Tabla2[[#This Row],[Productos ]]="","",'Formulario PPGR1'!#REF!) -> #REF! | D59: =IF(Tabla2[[#This Row],[Productos ]]="","",'Formulario PPGR1'!#REF!) -> #REF! | E59: =IF(Tabla2[[#This Row],[Productos ]]="","",'Formulario PPGR1'!#REF!) -> #REF! | F59: =IF(Tabla2[[#This Row],[Productos ]]="","",'Formulario PPGR1'!#REF!) -> #REF! | G59: 3.1.1.2 Despliegue Ruta Critica para el desarrollo del Modelo de Atención | H59: SRSEV 3.1.1.2.17 | I59: Mesa de trabajo para la implementación de la Estrategia Hearts en el primer nivel de atención | P59: 1 | V59: =SUM(Tabla2[[#This Row],[Ene]:[Dic]]) -> 1 | W59: Listado de participación | X59: Minuta | Z59: Depende del SNS | AA59: Primer Nivel de Atención
B60: =IF(Tabla2[[#This Row],[Productos ]]="","",CONCATENATE(Tabla2[[#This Row],[POA]],".",Tabla2[[#This Row],[SRS]],".",Tabla2[[#This Row],[AREA]],".",Tabla2[[#This Row],[TIPO]])) -> #REF! | C60: =IF(Tabla2[[#This Row],[Productos ]]="","",'Formulario PPGR1'!#REF!) -> #REF! | D60: =IF(Tabla2[[#This Row],[Productos ]]="","",'Formulario PPGR1'!#REF!) -> #REF! | E60: =IF(Tabla2[[#This Row],[Productos ]]="","",'Formulario PPGR1'!#REF!) -> #REF! | F60: =IF(Tabla2[[#This Row],[Productos ]]="","",'Formulario PPGR1'!#REF!) -> #REF! | G60: 3.1.1.2 Despliegue Ruta Critica para el desarrollo del Modelo de Atención | H60: SRSEV 3.1.1.2.18 | I60: Seguimiento al stock de medicamentos de urgencias a CPN para gestantes (Trastornos Hipertensivos, Anafilaxia, etc) | J60: 2 | L60: 1 | O60: 1 | R60: 1 | U60: 1 | V60: =SUM(Tabla2[[#This Row],[Ene]:[Dic]]) -> 6 | W60: Hoja de supervisión | X60: Informe | Y60: Listado de participación | AA60: Primer Nivel de Atención
B61: =IF(Tabla2[[#This Row],[Productos ]]="","",CONCATENATE(Tabla2[[#This Row],[POA]],".",Tabla2[[#This Row],[SRS]],".",Tabla2[[#This Row],[AREA]],".",Tabla2[[#This Row],[TIPO]])) -> #REF! | C61: =IF(Tabla2[[#This Row],[Productos ]]="","",'Formulario PPGR1'!#REF!) -> #REF! | D61: =IF(Tabla2[[#This Row],[Productos ]]="","",'Formulario PPGR1'!#REF!) -> #REF! | E61: =IF(Tabla2[[#This Row],[Productos ]]="","",'Formulario PPGR1'!#REF!) -> #REF! | F61: =IF(Tabla2[[#This Row],[Productos ]]="","",'Formulario PPGR1'!#REF!) -> #REF! | G61: 3.1.1.2 Despliegue Ruta Critica para el desarrollo del Modelo de Atención | H61: SRSEV 3.1.1.2.19 | I61: Monitoreo y seguimiento a la entrega de medicamentos a pacientes con patologías crónicas | L61: 1 | O61: 1 | R61: 1 | U61: 1 | V61: =SUM(Tabla2[[#This Row],[Ene]:[Dic]]) -> 4 | W61: Hoja de supervisión | X61: Informe | Y61: Listado de participación | AA61: Primer Nivel de Atención
B62: =IF(Tabla2[[#This Row],[Productos ]]="","",CONCATENATE(Tabla2[[#This Row],[POA]],".",Tabla2[[#This Row],[SRS]],".",Tabla2[[#This Row],[AREA]],".",Tabla2[[#This Row],[TIPO]])) -> #REF! | C62: =IF(Tabla2[[#This Row],[Productos ]]="","",'Formulario PPGR1'!#REF!) -> #REF! | D62: =IF(Tabla2[[#This Row],[Productos ]]="","",'Formulario PPGR1'!#REF!) -> #REF! | E62: =IF(Tabla2[[#This Row],[Productos ]]="","",'Formulario PPGR1'!#REF!) -> #REF! | F62: =IF(Tabla2[[#This Row],[Productos ]]="","",'Formulario PPGR1'!#REF!) -> #REF! | G62: 3.1.1.2 Despliegue Ruta Critica para el desarrollo del Modelo de Atención | H62: SRSEV 3.1.1.2.20 | I62: Sesión de trabajo con los supervisores de área para coordinar acciones de atención a la mujer y al niño/a durante el embarazo y puerperio. | K62: 1 | Q62: 1 | V62: =SUM(Tabla2[[#This Row],[Ene]:[Dic]]) -> 2 | W62: Listado de participación | X62: Minuta | AA62: Primer Nivel de Atención
B63: =IF(Tabla2[[#This Row],[Productos ]]="","",CONCATENATE(Tabla2[[#This Row],[POA]],".",Tabla2[[#This Row],[SRS]],".",Tabla2[[#This Row],[AREA]],".",Tabla2[[#This Row],[TIPO]])) -> #REF! | C63: =IF(Tabla2[[#This Row],[Productos ]]="","",'Formulario PPGR1'!#REF!) -> #REF! | D63: =IF(Tabla2[[#This Row],[Productos ]]="","",'Formulario PPGR1'!#REF!) -> #REF! | E63: =IF(Tabla2[[#This Row],[Productos ]]="","",'Formulario PPGR1'!#REF!) -> #REF! | F63: =IF(Tabla2[[#This Row],[Productos ]]="","",'Formulario PPGR1'!#REF!) -> #REF! | G63: 3.1.1.2 Despliegue Ruta Critica para el desarrollo del Modelo de Atención | H63: SRSEV 3.1.1.2.21 | I63: Seguimiento a los equipos de la UNAP para la captaciòn y seguimiento de grupos priorizados: Menores de 5 años, Embarazadas y Adultos Mayores | J63: 2 | O63: 1 | R63: 1 | V63: =SUM(Tabla2[[#This Row],[Ene]:[Dic]]) -> 4 | W63: Hoja de supervisión | X63: Informe | Y63: Listado de participación | AA63: Primer Nivel de Atención
B64: =IF(Tabla2[[#This Row],[Productos ]]="","",CONCATENATE(Tabla2[[#This Row],[POA]],".",Tabla2[[#This Row],[SRS]],".",Tabla2[[#This Row],[AREA]],".",Tabla2[[#This Row],[TIPO]])) -> #REF! | C64: =IF(Tabla2[[#This Row],[Productos ]]="","",'Formulario PPGR1'!#REF!) -> #REF! | D64: =IF(Tabla2[[#This Row],[Productos ]]="","",'Formulario PPGR1'!#REF!) -> #REF! | E64: =IF(Tabla2[[#This Row],[Productos ]]="","",'Formulario PPGR1'!#REF!) -> #REF! | F64: =IF(Tabla2[[#This Row],[Productos ]]="","",'Formulario PPGR1'!#REF!) -> #REF! | G64: 4.1.1.1Provisión de servicios a usuarios con enfermedades crónicas no transmisibles y adultos mayores | H64: SRSEV 4.1.1.1.04 | I64: Sesiones de trabajo con cordinadores de zona para Levantamiento de perfil epidemiologico de poblacion asignada | L64: 1 | P64: 1 | S64: 1 | V64: =SUM(Tabla2[[#This Row],[Ene]:[Dic]]) -> 3 | W64: Minuta | X64: Listado de participación | AA64: Primer Nivel de Atención
B65: =IF(Tabla2[[#This Row],[Productos ]]="","",CONCATENATE(Tabla2[[#This Row],[POA]],".",Tabla2[[#This Row],[SRS]],".",Tabla2[[#This Row],[AREA]],".",Tabla2[[#This Row],[TIPO]])) -> #REF! | C65: =IF(Tabla2[[#This Row],[Productos ]]="","",'Formulario PPGR1'!#REF!) -> #REF! | D65: =IF(Tabla2[[#This Row],[Productos ]]="","",'Formulario PPGR1'!#REF!) -> #REF! | E65: =IF(Tabla2[[#This Row],[Productos ]]="","",'Formulario PPGR1'!#REF!) -> #REF! | F65: =IF(Tabla2[[#This Row],[Productos ]]="","",'Formulario PPGR1'!#REF!) -> #REF! | G65: 4.1.1.1Provisión de servicios a usuarios con enfermedades crónicas no transmisibles y adultos mayores | H65: SRSEV 4.1.1.1.05 | I65: Reunion para definición de metas locales por indicadores definidos en el marco del convenio con SENASA | L65: 1 | P65: 1 | S65: 1 | V65: =SUM(Tabla2[[#This Row],[Ene]:[Dic]]) -> 3 | W65: Listado de participación | X65: Minuta | AA65: Primer Nivel de Atención
B66: =IF(Tabla2[[#This Row],[Productos ]]="","",CONCATENATE(Tabla2[[#This Row],[POA]],".",Tabla2[[#This Row],[SRS]],".",Tabla2[[#This Row],[AREA]],".",Tabla2[[#This Row],[TIPO]])) -> #REF! | C66: =IF(Tabla2[[#This Row],[Productos ]]="","",'Formulario PPGR1'!#REF!) -> #REF! | D66: =IF(Tabla2[[#This Row],[Productos ]]="","",'Formulario PPGR1'!#REF!) -> #REF! | E66: =IF(Tabla2[[#This Row],[Productos ]]="","",'Formulario PPGR1'!#REF!) -> #REF! | F66: =IF(Tabla2[[#This Row],[Productos ]]="","",'Formulario PPGR1'!#REF!) -> #REF! | G66: 3.1.1.2 Despliegue Ruta Critica para el desarrollo del Modelo de Atención | H66: SRSEV 3.1.1.2.22 | I66: Monitoreo de la Captación y seguimiento a población sintomaticos respiratorios | J66: 2 | N66: 1 | T66: 1 | V66: =SUM(Tabla2[[#This Row],[Ene]:[Dic]]) -> 4 | W66: Hoja de supervisión | X66: Informe | Y66: Listado de participación | AA66: Gestión Clínica
B67: =IF(Tabla2[[#This Row],[Productos ]]="","",CONCATENATE(Tabla2[[#This Row],[POA]],".",Tabla2[[#This Row],[SRS]],".",Tabla2[[#This Row],[AREA]],".",Tabla2[[#This Row],[TIPO]])) -> #REF! | C67: =IF(Tabla2[[#This Row],[Productos ]]="","",'Formulario PPGR1'!#REF!) -> #REF! | D67: =IF(Tabla2[[#This Row],[Productos ]]="","",'Formulario PPGR1'!#REF!) -> #REF! | E67: =IF(Tabla2[[#This Row],[Productos ]]="","",'Formulario PPGR1'!#REF!) -> #REF! | F67: =IF(Tabla2[[#This Row],[Productos ]]="","",'Formulario PPGR1'!#REF!) -> #REF! | G67: 3.1.1.2 Despliegue Ruta Critica para el desarrollo del Modelo de Atención | H67: SRSEV 3.1.1.2.23 | I67: Sesiones de trabajo para la elaboracion de cronogama de Jornada Extensión de Cobertura de Salud | K67: 1 | V67: =SUM(Tabla2[[#This Row],[Ene]:[Dic]]) -> 1 | W67: Listado de participación | X67: Otros | Y67: Minuta | Z67: Cronograma | AA67: Primer Nivel de Atención
B68: =IF(Tabla2[[#This Row],[Productos ]]="","",CONCATENATE(Tabla2[[#This Row],[POA]],".",Tabla2[[#This Row],[SRS]],".",Tabla2[[#This Row],[AREA]],".",Tabla2[[#This Row],[TIPO]])) -> #REF! | C68: =IF(Tabla2[[#This Row],[Productos ]]="","",'Formulario PPGR1'!#REF!) -> #REF! | D68: =IF(Tabla2[[#This Row],[Productos ]]="","",'Formulario PPGR1'!#REF!) -> #REF! | E68: =IF(Tabla2[[#This Row],[Productos ]]="","",'Formulario PPGR1'!#REF!) -> #REF! | F68: =IF(Tabla2[[#This Row],[Productos ]]="","",'Formulario PPGR1'!#REF!) -> #REF! | G68: 3.1.1.2 Despliegue Ruta Critica para el desarrollo del Modelo de Atención | H68: SRSEV 3.1.1.2.24 | I68: Seguimiento a la Jornada Extension de Cobertura de servicios de salud | N68: 1 | S68: 1 | V68: =SUM(Tabla2[[#This Row],[Ene]:[Dic]]) -> 2 | W68: Listado de participación | X68: Informe | AA68: Primer Nivel de Atención
B69: =IF(Tabla2[[#This Row],[Productos ]]="","",CONCATENATE(Tabla2[[#This Row],[POA]],".",Tabla2[[#This Row],[SRS]],".",Tabla2[[#This Row],[AREA]],".",Tabla2[[#This Row],[TIPO]])) -> #REF! | C69: =IF(Tabla2[[#This Row],[Productos ]]="","",'Formulario PPGR1'!#REF!) -> #REF! | D69: =IF(Tabla2[[#This Row],[Productos ]]="","",'Formulario PPGR1'!#REF!) -> #REF! | E69: =IF(Tabla2[[#This Row],[Productos ]]="","",'Formulario PPGR1'!#REF!) -> #REF! | F69: =IF(Tabla2[[#This Row],[Productos ]]="","",'Formulario PPGR1'!#REF!) -> #REF! | G69: 3.1.1.2 Despliegue Ruta Critica para el desarrollo del Modelo de Atención | H69: SRSEV 3.1.1.2.25 | I69: Seguimiento de la consulta programada en el Primer Nivel de Atención | J69: 3 | N69: 3 | R69: 3 | V69: =SUM(Tabla2[[#This Row],[Ene]:[Dic]]) -> 9 | W69: Hoja de supervisión | X69: Informe | Y69: Listado de participación | AA69: Primer Nivel de Atención
B70: =IF(Tabla2[[#This Row],[Productos ]]="","",CONCATENATE(Tabla2[[#This Row],[POA]],".",Tabla2[[#This Row],[SRS]],".",Tabla2[[#This Row],[AREA]],".",Tabla2[[#This Row],[TIPO]])) -> #REF! | C70: =IF(Tabla2[[#This Row],[Productos ]]="","",'Formulario PPGR1'!#REF!) -> #REF! | D70: =IF(Tabla2[[#This Row],[Productos ]]="","",'Formulario PPGR1'!#REF!) -> #REF! | E70: =IF(Tabla2[[#This Row],[Productos ]]="","",'Formulario PPGR1'!#REF!) -> #REF! | F70: =IF(Tabla2[[#This Row],[Productos ]]="","",'Formulario PPGR1'!#REF!) -> #REF! | G70: 3.1.1.2 Despliegue Ruta Critica para el desarrollo del Modelo de Atención | H70: SRSEV 3.1.1.2.26 | I70: Universalizacion de las fichas del programa de TB, en coordinacion con la unidad de Gestion clinica | J70: 2 | M70: 3 | P70: 3 | S70: 3 | V70: =SUM(Tabla2[[#This Row],[Ene]:[Dic]]) -> 11 | W70: Informe | X70: Listado de participación | AA70: Primer Nivel de Atención
B71: =IF(Tabla2[[#This Row],[Productos ]]="","",CONCATENATE(Tabla2[[#This Row],[POA]],".",Tabla2[[#This Row],[SRS]],".",Tabla2[[#This Row],[AREA]],".",Tabla2[[#This Row],[TIPO]])) -> #REF! | C71: =IF(Tabla2[[#This Row],[Productos ]]="","",'Formulario PPGR1'!#REF!) -> #REF! | D71: =IF(Tabla2[[#This Row],[Productos ]]="","",'Formulario PPGR1'!#REF!) -> #REF! | E71: =IF(Tabla2[[#This Row],[Productos ]]="","",'Formulario PPGR1'!#REF!) -> #REF! | F71: =IF(Tabla2[[#This Row],[Productos ]]="","",'Formulario PPGR1'!#REF!) -> #REF! | G71: 3.1.1.2 Despliegue Ruta Critica para el desarrollo del Modelo de Atención | H71: SRSEV 3.1.1.2.01 | I71: Seguimiento a la consulta programada entre niveles. | J71: 1 | O71: 1 | T71: 1 | V71: =SUM(Tabla2[[#This Row],[Ene]:[Dic]]) -> 3 | W71: Informe | X71: Listado de participación | AA71: Calidad de los Servicios y Gestión de Usuarios
B72: =IF(Tabla2[[#This Row],[Productos ]]="","",CONCATENATE(Tabla2[[#This Row],[POA]],".",Tabla2[[#This Row],[SRS]],".",Tabla2[[#This Row],[AREA]],".",Tabla2[[#This Row],[TIPO]])) -> #REF! | C72: =IF(Tabla2[[#This Row],[Productos ]]="","",'Formulario PPGR1'!#REF!) -> #REF! | D72: =IF(Tabla2[[#This Row],[Productos ]]="","",'Formulario PPGR1'!#REF!) -> #REF! | E72: =IF(Tabla2[[#This Row],[Productos ]]="","",'Formulario PPGR1'!#REF!) -> #REF! | F72: =IF(Tabla2[[#This Row],[Productos ]]="","",'Formulario PPGR1'!#REF!) -> #REF! | G72: 3.1.1.8 Fortalecimiento de la gestión de usuarios para la adhesión a la cultura de servicios | H72: SRSEV 3.1.1.8.01 | I72: Seguimiento a las GAS en la implementación de grupos focales para determinar la calidad percibida del servicio | M72: 1 | P72: 1 | T72: 1 | V72: =SUM(Tabla2[[#This Row],[Ene]:[Dic]]) -> 3 | W72: Informe | X72: Listado de participación | AA72: Calidad de los Servicios y Gestión de Usuarios
B73: =IF(Tabla2[[#This Row],[Productos ]]="","",CONCATENATE(Tabla2[[#This Row],[POA]],".",Tabla2[[#This Row],[SRS]],".",Tabla2[[#This Row],[AREA]],".",Tabla2[[#This Row],[TIPO]])) -> #REF! | C73: =IF(Tabla2[[#This Row],[Productos ]]="","",'Formulario PPGR1'!#REF!) -> #REF! | D73: =IF(Tabla2[[#This Row],[Productos ]]="","",'Formulario PPGR1'!#REF!) -> #REF! | E73: =IF(Tabla2[[#This Row],[Productos ]]="","",'Formulario PPGR1'!#REF!) -> #REF! | F73: =IF(Tabla2[[#This Row],[Productos ]]="","",'Formulario PPGR1'!#REF!) -> #REF! | G73: 3.1.1.8 Fortalecimiento de la gestión de usuarios para la adhesión a la cultura de servicios | H73: SRSEV 3.1.1.8.02 | I73: Visita de acompañamiento a los EESS sobre el cumplimiento de los procesos de gestión de usuarios ( afiches de derechos y deberes, cartera de servicios, señalización). | J73: 1 | K73: 1 | L73: 1 | N73: 1 | O73: 1 | Q73: 1 | R73: 1 | T73: 1 | V73: =SUM(Tabla2[[#This Row],[Ene]:[Dic]]) -> 8 | W73: Informe | X73: Listado de participación | Z73: Esta actividad será ejecutada en 2 CEAS y 2 CPN | AA73: Calidad de los Servicios y Gestión de Usuarios
B74: =IF(Tabla2[[#This Row],[Productos ]]="","",CONCATENATE(Tabla2[[#This Row],[POA]],".",Tabla2[[#This Row],[SRS]],".",Tabla2[[#This Row],[AREA]],".",Tabla2[[#This Row],[TIPO]])) -> #REF! | C74: =IF(Tabla2[[#This Row],[Productos ]]="","",'Formulario PPGR1'!#REF!) -> #REF! | D74: =IF(Tabla2[[#This Row],[Productos ]]="","",'Formulario PPGR1'!#REF!) -> #REF! | E74: =IF(Tabla2[[#This Row],[Productos ]]="","",'Formulario PPGR1'!#REF!) -> #REF! | F74: =IF(Tabla2[[#This Row],[Productos ]]="","",'Formulario PPGR1'!#REF!) -> #REF! | G74: 3.1.1.8 Fortalecimiento de la gestión de usuarios para la adhesión a la cultura de servicios | H74: SRSEV 3.1.1.8.04 | I74: Seguimiento a al programa de estandarización de la Gestión de Usuarios y Cultura de Servicios. | M74: 1 | Q74: 1 | V74: =SUM(Tabla2[[#This Row],[Ene]:[Dic]]) -> 2 | W74: Hoja de supervisión | X74: Informe | Y74: Listado de participación | Z74: La ejecución de esta actividad depende de la implementación del Programa por el SNS. | AA74: Calidad de los Servicios y Gestión de Usuarios
B75: =IF(Tabla2[[#This Row],[Productos ]]="","",CONCATENATE(Tabla2[[#This Row],[POA]],".",Tabla2[[#This Row],[SRS]],".",Tabla2[[#This Row],[AREA]],".",Tabla2[[#This Row],[TIPO]])) -> #REF! | C75: =IF(Tabla2[[#This Row],[Productos ]]="","",'Formulario PPGR1'!#REF!) -> #REF! | D75: =IF(Tabla2[[#This Row],[Productos ]]="","",'Formulario PPGR1'!#REF!) -> #REF! | E75: =IF(Tabla2[[#This Row],[Productos ]]="","",'Formulario PPGR1'!#REF!) -> #REF! | F75: =IF(Tabla2[[#This Row],[Productos ]]="","",'Formulario PPGR1'!#REF!) -> #REF! | G75: 3.1.1.8 Fortalecimiento de la gestión de usuarios para la adhesión a la cultura de servicios | H75: SRSEV 3.1.1.8.05 | I75: Seguimiento a la instalación y readecuación de los buzones de quejas y sugerencias en los EESS | J75: 1 | M75: 1 | P75: 1 | S75: 1 | V75: =SUM(Tabla2[[#This Row],[Ene]:[Dic]]) -> 4 | W75: Informe | X75: Listado de participación | AA75: Calidad de los Servicios y Gestión de Usuarios
B76: =IF(Tabla2[[#This Row],[Productos ]]="","",CONCATENATE(Tabla2[[#This Row],[POA]],".",Tabla2[[#This Row],[SRS]],".",Tabla2[[#This Row],[AREA]],".",Tabla2[[#This Row],[TIPO]])) -> #REF! | C76: =IF(Tabla2[[#This Row],[Productos ]]="","",'Formulario PPGR1'!#REF!) -> #REF! | D76: =IF(Tabla2[[#This Row],[Productos ]]="","",'Formulario PPGR1'!#REF!) -> #REF! | E76: =IF(Tabla2[[#This Row],[Productos ]]="","",'Formulario PPGR1'!#REF!) -> #REF! | F76: =IF(Tabla2[[#This Row],[Productos ]]="","",'Formulario PPGR1'!#REF!) -> #REF! | G76: 3.1.1.8 Fortalecimiento de la gestión de usuarios para la adhesión a la cultura de servicios | H76: SRSEV 3.1.1.8.06 | I76: Conformación de comités de apertura de buzones de quejas y sugerencias en los CEAS. | L76: 1 | V76: =SUM(Tabla2[[#This Row],[Ene]:[Dic]]) -> 1 | W76: Registro Digital | X76: Informe | Y76: Acta | Z76: Ficha de registro de los CEAS/Centros Diagnosticos. | AA76: Calidad de los Servicios y Gestión de Usuarios
B77: =IF(Tabla2[[#This Row],[Productos ]]="","",CONCATENATE(Tabla2[[#This Row],[POA]],".",Tabla2[[#This Row],[SRS]],".",Tabla2[[#This Row],[AREA]],".",Tabla2[[#This Row],[TIPO]])) -> #REF! | C77: =IF(Tabla2[[#This Row],[Productos ]]="","",'Formulario PPGR1'!#REF!) -> #REF! | D77: =IF(Tabla2[[#This Row],[Productos ]]="","",'Formulario PPGR1'!#REF!) -> #REF! | E77: =IF(Tabla2[[#This Row],[Productos ]]="","",'Formulario PPGR1'!#REF!) -> #REF! | F77: =IF(Tabla2[[#This Row],[Productos ]]="","",'Formulario PPGR1'!#REF!) -> #REF! | G77: 3.1.1.8 Fortalecimiento de la gestión de usuarios para la adhesión a la cultura de servicios | H77: SRSEV 3.1.1.8.07 | I77: Reunion de Seguimiento a Quejas, Sugerencias y Reclamaciones de los EESS | L77: 1 | O77: 1 | R77: 1 | V77: =SUM(Tabla2[[#This Row],[Ene]:[Dic]]) -> 3 | W77: Registro Digital | X77: Informe | Y77: Listado de participación | AA77: Calidad de los Servicios y Gestión de Usuarios
B78: =IF(Tabla2[[#This Row],[Productos ]]="","",CONCATENATE(Tabla2[[#This Row],[POA]],".",Tabla2[[#This Row],[SRS]],".",Tabla2[[#This Row],[AREA]],".",Tabla2[[#This Row],[TIPO]])) -> #REF! | C78: =IF(Tabla2[[#This Row],[Productos ]]="","",'Formulario PPGR1'!#REF!) -> #REF! | D78: =IF(Tabla2[[#This Row],[Productos ]]="","",'Formulario PPGR1'!#REF!) -> #REF! | E78: =IF(Tabla2[[#This Row],[Productos ]]="","",'Formulario PPGR1'!#REF!) -> #REF! | F78: =IF(Tabla2[[#This Row],[Productos ]]="","",'Formulario PPGR1'!#REF!) -> #REF! | G78: 3.1.1.8 Fortalecimiento de la gestión de usuarios para la adhesión a la cultura de servicios | H78: SRSEV 3.1.1.8.08 | I78: Visita de seguimiento a los EESS en la utilización de herramientas (Buzón, Formulario) para la recolección de las quejas y sugerencias. | K78: 1 | L78: 1 | O78: 1 | P78: 1 | R78: 1 | S78: 1 | V78: =SUM(Tabla2[[#This Row],[Ene]:[Dic]]) -> 6 | W78: Hoja de supervisión | X78: Listado de participación | Z78: Esta actividad será ejecutada en 2 CEAS y 2 CPN | AA78: Calidad de los Servicios y Gestión de Usuarios
B79: =IF(Tabla2[[#This Row],[Productos ]]="","",CONCATENATE(Tabla2[[#This Row],[POA]],".",Tabla2[[#This Row],[SRS]],".",Tabla2[[#This Row],[AREA]],".",Tabla2[[#This Row],[TIPO]])) -> #REF! | C79: =IF(Tabla2[[#This Row],[Productos ]]="","",'Formulario PPGR1'!#REF!) -> #REF! | D79: =IF(Tabla2[[#This Row],[Productos ]]="","",'Formulario PPGR1'!#REF!) -> #REF! | E79: =IF(Tabla2[[#This Row],[Productos ]]="","",'Formulario PPGR1'!#REF!) -> #REF! | F79: =IF(Tabla2[[#This Row],[Productos ]]="","",'Formulario PPGR1'!#REF!) -> #REF! | G79: 3.1.1.8 Fortalecimiento de la gestión de usuarios para la adhesión a la cultura de servicios | H79: SRSEV 3.1.1.8.09 | I79: Taller de humanización de los servicios en salud a un CEAS. | L79: 1 | P79: 1 | S79: 1 | V79: =SUM(Tabla2[[#This Row],[Ene]:[Dic]]) -> 3 | W79: Listado de participación | X79: Agenda | Y79: Fotos | AA79: Calidad de los Servicios y Gestión de Usuarios
B80: =IF(Tabla2[[#This Row],[Productos ]]="","",CONCATENATE(Tabla2[[#This Row],[POA]],".",Tabla2[[#This Row],[SRS]],".",Tabla2[[#This Row],[AREA]],".",Tabla2[[#This Row],[TIPO]])) -> #REF! | C80: =IF(Tabla2[[#This Row],[Productos ]]="","",'Formulario PPGR1'!#REF!) -> #REF! | D80: =IF(Tabla2[[#This Row],[Productos ]]="","",'Formulario PPGR1'!#REF!) -> #REF! | E80: =IF(Tabla2[[#This Row],[Productos ]]="","",'Formulario PPGR1'!#REF!) -> #REF! | F80: =IF(Tabla2[[#This Row],[Productos ]]="","",'Formulario PPGR1'!#REF!) -> #REF! | G80: 3.1.1.8 Fortalecimiento de la gestión de usuarios para la adhesión a la cultura de servicios | H80: SRSEV 3.1.1.8.10 | I80: Seguimiento a Aplicación de Encuesta de Satisfacción de Usuarios en los EESS. | L80: 1 | Q80: 1 | V80: =SUM(Tabla2[[#This Row],[Ene]:[Dic]]) -> 2 | W80: Base de datos | X80: Informe | AA80: Calidad de los Servicios y Gestión de Usuarios
B81: =IF(Tabla2[[#This Row],[Productos ]]="","",CONCATENATE(Tabla2[[#This Row],[POA]],".",Tabla2[[#This Row],[SRS]],".",Tabla2[[#This Row],[AREA]],".",Tabla2[[#This Row],[TIPO]])) -> #REF! | C81: =IF(Tabla2[[#This Row],[Productos ]]="","",'Formulario PPGR1'!#REF!) -> #REF! | D81: =IF(Tabla2[[#This Row],[Productos ]]="","",'Formulario PPGR1'!#REF!) -> #REF! | E81: =IF(Tabla2[[#This Row],[Productos ]]="","",'Formulario PPGR1'!#REF!) -> #REF! | F81: =IF(Tabla2[[#This Row],[Productos ]]="","",'Formulario PPGR1'!#REF!) -> #REF! | G81: 3.1.1.8 Fortalecimiento de la gestión de usuarios para la adhesión a la cultura de servicios | H81: SRSEV 3.1.1.8.11 | I81: Coordinación de Elaboración de Plan de mejora de acuerdo al resultado obtenido en Encuesta de satisfacción de usuarios. | M81: 1 | R81: 1 | V81: =SUM(Tabla2[[#This Row],[Ene]:[Dic]]) -> 2 | W81: Plan | Z81: EESS Priorizados. | AA81: Calidad de los Servicios y Gestión de Usuarios
B82: =IF(Tabla2[[#This Row],[Productos ]]="","",CONCATENATE(Tabla2[[#This Row],[POA]],".",Tabla2[[#This Row],[SRS]],".",Tabla2[[#This Row],[AREA]],".",Tabla2[[#This Row],[TIPO]])) -> #REF! | C82: =IF(Tabla2[[#This Row],[Productos ]]="","",'Formulario PPGR1'!#REF!) -> #REF! | D82: =IF(Tabla2[[#This Row],[Productos ]]="","",'Formulario PPGR1'!#REF!) -> #REF! | E82: =IF(Tabla2[[#This Row],[Productos ]]="","",'Formulario PPGR1'!#REF!) -> #REF! | F82: =IF(Tabla2[[#This Row],[Productos ]]="","",'Formulario PPGR1'!#REF!) -> #REF! | G82: 3.1.1.8 Fortalecimiento de la gestión de usuarios para la adhesión a la cultura de servicios | H82: SRSEV 3.1.1.8.12 | I82: Visita de seguimiento a los EESS para verificar el cumplimiento del Plan de mejora de acuerdo al resultado obtenido en Encuesta de Satisfacción al Usuario. | O82: 1 | U82: 1 | V82: =SUM(Tabla2[[#This Row],[Ene]:[Dic]]) -> 2 | W82: Hoja de supervisión | X82: Informe | Y82: Listado de participación | AA82: Calidad de los Servicios y Gestión de Usuarios
B83: =IF(Tabla2[[#This Row],[Productos ]]="","",CONCATENATE(Tabla2[[#This Row],[POA]],".",Tabla2[[#This Row],[SRS]],".",Tabla2[[#This Row],[AREA]],".",Tabla2[[#This Row],[TIPO]])) -> #REF! | C83: =IF(Tabla2[[#This Row],[Productos ]]="","",'Formulario PPGR1'!#REF!) -> #REF! | D83: =IF(Tabla2[[#This Row],[Productos ]]="","",'Formulario PPGR1'!#REF!) -> #REF! | E83: =IF(Tabla2[[#This Row],[Productos ]]="","",'Formulario PPGR1'!#REF!) -> #REF! | F83: =IF(Tabla2[[#This Row],[Productos ]]="","",'Formulario PPGR1'!#REF!) -> #REF! | G83: 3.1.1.8 Fortalecimiento de la gestión de usuarios para la adhesión a la cultura de servicios | H83: SRSEV 3.1.1.8.13 | I83: Presentación de Resultados de encuesta de satisfaccion de usuarios. | N83: 1 | S83: 1 | V83: =SUM(Tabla2[[#This Row],[Ene]:[Dic]]) -> 2 | W83: Listado de participación | X83: Minuta | AA83: Calidad de los Servicios y Gestión de Usuarios
B84: =IF(Tabla2[[#This Row],[Productos ]]="","",CONCATENATE(Tabla2[[#This Row],[POA]],".",Tabla2[[#This Row],[SRS]],".",Tabla2[[#This Row],[AREA]],".",Tabla2[[#This Row],[TIPO]])) -> #REF! | C84: =IF(Tabla2[[#This Row],[Productos ]]="","",'Formulario PPGR1'!#REF!) -> #REF! | D84: =IF(Tabla2[[#This Row],[Productos ]]="","",'Formulario PPGR1'!#REF!) -> #REF! | E84: =IF(Tabla2[[#This Row],[Productos ]]="","",'Formulario PPGR1'!#REF!) -> #REF! | F84: =IF(Tabla2[[#This Row],[Productos ]]="","",'Formulario PPGR1'!#REF!) -> #REF! | G84: 3.1.1.8 Fortalecimiento de la gestión de usuarios para la adhesión a la cultura de servicios | H84: SRSEV 3.1.1.8.14 | I84: Seguimiento al proceso de referencia y contrareferencia en los EESS | L84: 1 | O84: 1 | R84: 1 | U84: 1 | V84: =SUM(Tabla2[[#This Row],[Ene]:[Dic]]) -> 4 | W84: Base de datos | X84: Informe | Y84: Listado de participación | Z84: EESS Priorizados. | AA84: Calidad de los Servicios y Gestión de Usuarios
B85: =IF(Tabla2[[#This Row],[Productos ]]="","",CONCATENATE(Tabla2[[#This Row],[POA]],".",Tabla2[[#This Row],[SRS]],".",Tabla2[[#This Row],[AREA]],".",Tabla2[[#This Row],[TIPO]])) -> #REF! | C85: =IF(Tabla2[[#This Row],[Productos ]]="","",'Formulario PPGR1'!#REF!) -> #REF! | D85: =IF(Tabla2[[#This Row],[Productos ]]="","",'Formulario PPGR1'!#REF!) -> #REF! | E85: =IF(Tabla2[[#This Row],[Productos ]]="","",'Formulario PPGR1'!#REF!) -> #REF! | F85: =IF(Tabla2[[#This Row],[Productos ]]="","",'Formulario PPGR1'!#REF!) -> #REF! | G85: 3.1.1.8 Fortalecimiento de la gestión de usuarios para la adhesión a la cultura de servicios | H85: SRSEV 3.1.1.8.15 | I85: Reunión de Seguimiento a la implementación del Proyecto de Gestión Citas. | J85: 1 | L85: 1 | N85: 1 | P85: 1 | R85: 1 | V85: =SUM(Tabla2[[#This Row],[Ene]:[Dic]]) -> 5 | W85: Informe | X85: Listado de participación | AA85: Calidad de los Servicios y Gestión de Usuarios
B86: =IF(Tabla2[[#This Row],[Productos ]]="","",CONCATENATE(Tabla2[[#This Row],[POA]],".",Tabla2[[#This Row],[SRS]],".",Tabla2[[#This Row],[AREA]],".",Tabla2[[#This Row],[TIPO]])) -> #REF! | C86: =IF(Tabla2[[#This Row],[Productos ]]="","",'Formulario PPGR1'!#REF!) -> #REF! | D86: =IF(Tabla2[[#This Row],[Productos ]]="","",'Formulario PPGR1'!#REF!) -> #REF! | E86: =IF(Tabla2[[#This Row],[Productos ]]="","",'Formulario PPGR1'!#REF!) -> #REF! | F86: =IF(Tabla2[[#This Row],[Productos ]]="","",'Formulario PPGR1'!#REF!) -> #REF! | G86: 3.1.1.2 Despliegue Ruta Critica para el desarrollo del Modelo de Atención | H86: SRSEV 3.1.1.2.02 | I86: Monitoreo del cumplimiento del protocolo de la completitud de los expedientes clinicos | M86: 1 | S86: 1 | V86: =SUM(Tabla2[[#This Row],[Ene]:[Dic]]) -> 2 | W86: Hoja de supervisión | X86: Listado de participación | Y86: Informe | AA86: Calidad de los Servicios y Gestión de Usuarios
B87: =IF(Tabla2[[#This Row],[Productos ]]="","",CONCATENATE(Tabla2[[#This Row],[POA]],".",Tabla2[[#This Row],[SRS]],".",Tabla2[[#This Row],[AREA]],".",Tabla2[[#This Row],[TIPO]])) -> #REF! | C87: =IF(Tabla2[[#This Row],[Productos ]]="","",'Formulario PPGR1'!#REF!) -> #REF! | D87: =IF(Tabla2[[#This Row],[Productos ]]="","",'Formulario PPGR1'!#REF!) -> #REF! | E87: =IF(Tabla2[[#This Row],[Productos ]]="","",'Formulario PPGR1'!#REF!) -> #REF! | F87: =IF(Tabla2[[#This Row],[Productos ]]="","",'Formulario PPGR1'!#REF!) -> #REF! | G87: 3.1.1.2 Despliegue Ruta Critica para el desarrollo del Modelo de Atención | H87: SRSEV 3.1.1.2.03 | I87: Supervisión periodica al cumplimiento de los cambios requeridos según informes de monitoreo protocolo dengue, malaria y leptospira. | L87: 1 | O87: 1 | R87: 1 | U87: 1 | V87: =SUM(Tabla2[[#This Row],[Ene]:[Dic]]) -> 4 | W87: Informe | X87: Listado de participación | Z87: Esta actividad depende del Enc de calidad de los servicios. (Medio de Verificacion: CHECK LIST) | AA87: Calidad de los Servicios y Gestión de Usuarios
B88: =IF(Tabla2[[#This Row],[Productos ]]="","",CONCATENATE(Tabla2[[#This Row],[POA]],".",Tabla2[[#This Row],[SRS]],".",Tabla2[[#This Row],[AREA]],".",Tabla2[[#This Row],[TIPO]])) -> #REF! | C88: =IF(Tabla2[[#This Row],[Productos ]]="","",'Formulario PPGR1'!#REF!) -> #REF! | D88: =IF(Tabla2[[#This Row],[Productos ]]="","",'Formulario PPGR1'!#REF!) -> #REF! | E88: =IF(Tabla2[[#This Row],[Productos ]]="","",'Formulario PPGR1'!#REF!) -> #REF! | F88: =IF(Tabla2[[#This Row],[Productos ]]="","",'Formulario PPGR1'!#REF!) -> #REF! | G88: 3.1.1.2 Despliegue Ruta Critica para el desarrollo del Modelo de Atención | H88: SRSEV 3.1.1.2.04 | I88: Supervisión periodica al cumplimiento de los cambios requeridos según informes de monitoreo de los protocolos Materno y Neonatal asociados a morbilidad | K88: 1 | O88: 1 | R88: 1 | V88: =SUM(Tabla2[[#This Row],[Ene]:[Dic]]) -> 3 | W88: Informe | X88: Listado de participación | AA88: Calidad de los Servicios y Gestión de Usuarios
B89: =IF(Tabla2[[#This Row],[Productos ]]="","",CONCATENATE(Tabla2[[#This Row],[POA]],".",Tabla2[[#This Row],[SRS]],".",Tabla2[[#This Row],[AREA]],".",Tabla2[[#This Row],[TIPO]])) -> #REF! | C89: =IF(Tabla2[[#This Row],[Productos ]]="","",'Formulario PPGR1'!#REF!) -> #REF! | D89: =IF(Tabla2[[#This Row],[Productos ]]="","",'Formulario PPGR1'!#REF!) -> #REF! | E89: =IF(Tabla2[[#This Row],[Productos ]]="","",'Formulario PPGR1'!#REF!) -> #REF! | F89: =IF(Tabla2[[#This Row],[Productos ]]="","",'Formulario PPGR1'!#REF!) -> #REF! | G89: 3.1.1.2 Despliegue Ruta Critica para el desarrollo del Modelo de Atención | H89: SRSEV 3.1.1.2.05 | I89: Supervisión periodica al cumplimiento de los cambios requeridos según informes de monitoreo de observacion de la practica clínica de los protocolos Materno y Neonatal | K89: 1 | O89: 1 | R89: 1 | V89: =SUM(Tabla2[[#This Row],[Ene]:[Dic]]) -> 3 | W89: Informe | X89: Listado de participación | AA89: Calidad de los Servicios y Gestión de Usuarios
B90: =IF(Tabla2[[#This Row],[Productos ]]="","",CONCATENATE(Tabla2[[#This Row],[POA]],".",Tabla2[[#This Row],[SRS]],".",Tabla2[[#This Row],[AREA]],".",Tabla2[[#This Row],[TIPO]])) -> #REF! | C90: =IF(Tabla2[[#This Row],[Productos ]]="","",'Formulario PPGR1'!#REF!) -> #REF! | D90: =IF(Tabla2[[#This Row],[Productos ]]="","",'Formulario PPGR1'!#REF!) -> #REF! | E90: =IF(Tabla2[[#This Row],[Productos ]]="","",'Formulario PPGR1'!#REF!) -> #REF! | F90: =IF(Tabla2[[#This Row],[Productos ]]="","",'Formulario PPGR1'!#REF!) -> #REF! | G90: 3.1.1.2 Despliegue Ruta Critica para el desarrollo del Modelo de Atención | H90: SRSEV 3.1.1.2.06 | I90: Supervisión y apoyo a los EESS en los procesos de solicitud de habilitación (nuevos y renovacion de licencia). | M90: 3 | S90: 3 | V90: =SUM(Tabla2[[#This Row],[Ene]:[Dic]]) -> 6 | W90: Informe | X90: Listado de participación | AA90: Calidad de los Servicios y Gestión de Usuarios
B91: =IF(Tabla2[[#This Row],[Productos ]]="","",CONCATENATE(Tabla2[[#This Row],[POA]],".",Tabla2[[#This Row],[SRS]],".",Tabla2[[#This Row],[AREA]],".",Tabla2[[#This Row],[TIPO]])) -> #REF! | C91: =IF(Tabla2[[#This Row],[Productos ]]="","",'Formulario PPGR1'!#REF!) -> #REF! | D91: =IF(Tabla2[[#This Row],[Productos ]]="","",'Formulario PPGR1'!#REF!) -> #REF! | E91: =IF(Tabla2[[#This Row],[Productos ]]="","",'Formulario PPGR1'!#REF!) -> #REF! | F91: =IF(Tabla2[[#This Row],[Productos ]]="","",'Formulario PPGR1'!#REF!) -> #REF! | G91: 1.6.3.1 Protocolo Auditoría Calidad del Dato | H91: SRSEV 1.6.3.1.01 | I91: Auditoria a los Expedientes Clínicos de los CEAS Priorizados. | L91: 1 | R91: 1 | V91: =SUM(Tabla2[[#This Row],[Ene]:[Dic]]) -> 2 | W91: Informe | X91: Listado de participación | Z91: Hospital Dr. Alejandro Cabral, Rosa Duarte, Taiwan, Federico A. Aybar. | AA91: Centros Hospitalarios
B92: =IF(Tabla2[[#This Row],[Productos ]]="","",CONCATENATE(Tabla2[[#This Row],[POA]],".",Tabla2[[#This Row],[SRS]],".",Tabla2[[#This Row],[AREA]],".",Tabla2[[#This Row],[TIPO]])) -> #REF! | C92: =IF(Tabla2[[#This Row],[Productos ]]="","",'Formulario PPGR1'!#REF!) -> #REF! | D92: =IF(Tabla2[[#This Row],[Productos ]]="","",'Formulario PPGR1'!#REF!) -> #REF! | E92: =IF(Tabla2[[#This Row],[Productos ]]="","",'Formulario PPGR1'!#REF!) -> #REF! | F92: =IF(Tabla2[[#This Row],[Productos ]]="","",'Formulario PPGR1'!#REF!) -> #REF! | G92: 1.6.3.1 Protocolo Auditoría Calidad del Dato | H92: SRSEV 1.6.3.1.02 | I92: Reunión para presentar y analizar los resultados de la auditoria a los expedientes clínicos con los directores de los CEAS priorizados. | M92: 1 | S92: 1 | V92: =SUM(Tabla2[[#This Row],[Ene]:[Dic]]) -> 2 | W92: Listado de participación | X92: Informe | AA92: Centros Hospitalarios
B93: =IF(Tabla2[[#This Row],[Productos ]]="","",CONCATENATE(Tabla2[[#This Row],[POA]],".",Tabla2[[#This Row],[SRS]],".",Tabla2[[#This Row],[AREA]],".",Tabla2[[#This Row],[TIPO]])) -> #REF! | C93: =IF(Tabla2[[#This Row],[Productos ]]="","",'Formulario PPGR1'!#REF!) -> #REF! | D93: =IF(Tabla2[[#This Row],[Productos ]]="","",'Formulario PPGR1'!#REF!) -> #REF! | E93: =IF(Tabla2[[#This Row],[Productos ]]="","",'Formulario PPGR1'!#REF!) -> #REF! | F93: =IF(Tabla2[[#This Row],[Productos ]]="","",'Formulario PPGR1'!#REF!) -> #REF! | G93: 4.1.3.1Despliegue Inicativa Madre y Bebé bien cuidados | H93: SRSEV 4.1.3.1.01 | I93: Seguimiento a la Inicativa Madre y Bebé bien cuidados | K93: 1 | O93: 1 | R93: 1 | V93: =SUM(Tabla2[[#This Row],[Ene]:[Dic]]) -> 3 | W93: Informe | X93: Listado de participación | AA93: Centros Hospitalarios
B94: =IF(Tabla2[[#This Row],[Productos ]]="","",CONCATENATE(Tabla2[[#This Row],[POA]],".",Tabla2[[#This Row],[SRS]],".",Tabla2[[#This Row],[AREA]],".",Tabla2[[#This Row],[TIPO]])) -> #REF! | C94: =IF(Tabla2[[#This Row],[Productos ]]="","",'Formulario PPGR1'!#REF!) -> #REF! | D94: =IF(Tabla2[[#This Row],[Productos ]]="","",'Formulario PPGR1'!#REF!) -> #REF! | E94: =IF(Tabla2[[#This Row],[Productos ]]="","",'Formulario PPGR1'!#REF!) -> #REF! | F94: =IF(Tabla2[[#This Row],[Productos ]]="","",'Formulario PPGR1'!#REF!) -> #REF! | G94: 4.1.3.2 Provisión de servicios Salud Materno, Neonatal y Adolescente | H94: SRSEV 4.1.3.2.01 | I94: Monitoreo de la adherencia a protocolos obstétricos y neonatales en los tres CEAS priorizados (un CEAS en el mes que corresponda) | L94: 1 | P94: 1 | T94: 1 | V94: =SUM(Tabla2[[#This Row],[Ene]:[Dic]]) -> 3 | W94: Registro Digital | X94: Listado de participación | Z94: Un CEAS por actividad. | AA94: Centros Hospitalarios
B95: =IF(Tabla2[[#This Row],[Productos ]]="","",CONCATENATE(Tabla2[[#This Row],[POA]],".",Tabla2[[#This Row],[SRS]],".",Tabla2[[#This Row],[AREA]],".",Tabla2[[#This Row],[TIPO]])) -> #REF! | C95: =IF(Tabla2[[#This Row],[Productos ]]="","",'Formulario PPGR1'!#REF!) -> #REF! | D95: =IF(Tabla2[[#This Row],[Productos ]]="","",'Formulario PPGR1'!#REF!) -> #REF! | E95: =IF(Tabla2[[#This Row],[Productos ]]="","",'Formulario PPGR1'!#REF!) -> #REF! | F95: =IF(Tabla2[[#This Row],[Productos ]]="","",'Formulario PPGR1'!#REF!) -> #REF! | G95: 3.1.1.4 Disminución de las Listas de Espera | H95: SRSEV 3.1.1.4.01 | I95: Seguimiento a la disminución de las listas de espera quirúrgica | L95: 1 | O95: 1 | S95: 1 | V95: =SUM(Tabla2[[#This Row],[Ene]:[Dic]]) -> 3 | W95: Informe | AA95: Centros Hospitalarios
B96: =IF(Tabla2[[#This Row],[Productos ]]="","",CONCATENATE(Tabla2[[#This Row],[POA]],".",Tabla2[[#This Row],[SRS]],".",Tabla2[[#This Row],[AREA]],".",Tabla2[[#This Row],[TIPO]])) -> #REF! | C96: =IF(Tabla2[[#This Row],[Productos ]]="","",'Formulario PPGR1'!#REF!) -> #REF! | D96: =IF(Tabla2[[#This Row],[Productos ]]="","",'Formulario PPGR1'!#REF!) -> #REF! | E96: =IF(Tabla2[[#This Row],[Productos ]]="","",'Formulario PPGR1'!#REF!) -> #REF! | F96: =IF(Tabla2[[#This Row],[Productos ]]="","",'Formulario PPGR1'!#REF!) -> #REF! | G96: 3.1.1.4 Disminución de las Listas de Espera | H96: SRSEV 3.1.1.4.02 | I96: Coordinación de acuerdos inter e intrasectoriales para apoyar la disminución de las listas de espera quirúrgicas | M96: 1 | Q96: 1 | V96: =SUM(Tabla2[[#This Row],[Ene]:[Dic]]) -> 2 | W96: Informe | AA96: Centros Hospitalarios
B97: =IF(Tabla2[[#This Row],[Productos ]]="","",CONCATENATE(Tabla2[[#This Row],[POA]],".",Tabla2[[#This Row],[SRS]],".",Tabla2[[#This Row],[AREA]],".",Tabla2[[#This Row],[TIPO]])) -> #REF! | C97: =IF(Tabla2[[#This Row],[Productos ]]="","",'Formulario PPGR1'!#REF!) -> #REF! | D97: =IF(Tabla2[[#This Row],[Productos ]]="","",'Formulario PPGR1'!#REF!) -> #REF! | E97: =IF(Tabla2[[#This Row],[Productos ]]="","",'Formulario PPGR1'!#REF!) -> #REF! | F97: =IF(Tabla2[[#This Row],[Productos ]]="","",'Formulario PPGR1'!#REF!) -> #REF! | G97: 3.1.1.4 Disminución de las Listas de Espera | H97: SRSEV 3.1.1.4.03 | I97: Coordinación Jornadas Quirúrgicas a CEAS Priorizados | N97: 1 | R97: 1 | V97: =SUM(Tabla2[[#This Row],[Ene]:[Dic]]) -> 2 | W97: Informe | AA97: Centros Hospitalarios
B98: =IF(Tabla2[[#This Row],[Productos ]]="","",CONCATENATE(Tabla2[[#This Row],[POA]],".",Tabla2[[#This Row],[SRS]],".",Tabla2[[#This Row],[AREA]],".",Tabla2[[#This Row],[TIPO]])) -> #REF! | C98: =IF(Tabla2[[#This Row],[Productos ]]="","",'Formulario PPGR1'!#REF!) -> #REF! | D98: =IF(Tabla2[[#This Row],[Productos ]]="","",'Formulario PPGR1'!#REF!) -> #REF! | E98: =IF(Tabla2[[#This Row],[Productos ]]="","",'Formulario PPGR1'!#REF!) -> #REF! | F98: =IF(Tabla2[[#This Row],[Productos ]]="","",'Formulario PPGR1'!#REF!) -> #REF! | G98: 3.1.1.4 Disminución de las Listas de Espera | H98: SRSEV 3.1.1.4.04 | I98: Visitas de monitoreo a establecimientos especializados para verificar el cumplimiento del personal asistencial en la cartera de servicios | K98: 1 | N98: 1 | T98: 1 | V98: =SUM(Tabla2[[#This Row],[Ene]:[Dic]]) -> 3 | W98: Hoja De Supervision | X98: Informe | Y98: Listado de participación | AA98: Centros Hospitalarios
B99: =IF(Tabla2[[#This Row],[Productos ]]="","",CONCATENATE(Tabla2[[#This Row],[POA]],".",Tabla2[[#This Row],[SRS]],".",Tabla2[[#This Row],[AREA]],".",Tabla2[[#This Row],[TIPO]])) -> #REF! | C99: =IF(Tabla2[[#This Row],[Productos ]]="","",'Formulario PPGR1'!#REF!) -> #REF! | D99: =IF(Tabla2[[#This Row],[Productos ]]="","",'Formulario PPGR1'!#REF!) -> #REF! | E99: =IF(Tabla2[[#This Row],[Productos ]]="","",'Formulario PPGR1'!#REF!) -> #REF! | F99: =IF(Tabla2[[#This Row],[Productos ]]="","",'Formulario PPGR1'!#REF!) -> #REF! | G99: 1.2.1.3 Conectividad de la Red | H99: SRSEV 1.2.1.3.01 | I99: Capacitacion en la MGP a los CEAS | M99: 1 | V99: =SUM(Tabla2[[#This Row],[Ene]:[Dic]]) -> 1 | W99: Listado de participación | X99: Agenda | Z99: Depende de un capacitador del SNS | AA99: Centros Hospitalarios
B100: =IF(Tabla2[[#This Row],[Productos ]]="","",CONCATENATE(Tabla2[[#This Row],[POA]],".",Tabla2[[#This Row],[SRS]],".",Tabla2[[#This Row],[AREA]],".",Tabla2[[#This Row],[TIPO]])) -> #REF! | C100: =IF(Tabla2[[#This Row],[Productos ]]="","",'Formulario PPGR1'!#REF!) -> #REF! | D100: =IF(Tabla2[[#This Row],[Productos ]]="","",'Formulario PPGR1'!#REF!) -> #REF! | E100: =IF(Tabla2[[#This Row],[Productos ]]="","",'Formulario PPGR1'!#REF!) -> #REF! | F100: =IF(Tabla2[[#This Row],[Productos ]]="","",'Formulario PPGR1'!#REF!) -> #REF! | G100: 1.3.1.3 Objecciones Medicas Disminuidas | H100: SRSEV 1.3.1.3.01 | I100: Apoyo en la elaboracion y seguimiento de planes de mejora de los CEAS | L100: 1 | O100: 1 | S100: 1 | V100: =SUM(Tabla2[[#This Row],[Ene]:[Dic]]) -> 3 | W100: Listado de participación | X100: Reporte | AA100: Centros Hospitalarios
B101: =IF(Tabla2[[#This Row],[Productos ]]="","",CONCATENATE(Tabla2[[#This Row],[POA]],".",Tabla2[[#This Row],[SRS]],".",Tabla2[[#This Row],[AREA]],".",Tabla2[[#This Row],[TIPO]])) -> #REF! | C101: =IF(Tabla2[[#This Row],[Productos ]]="","",'Formulario PPGR1'!#REF!) -> #REF! | D101: =IF(Tabla2[[#This Row],[Productos ]]="","",'Formulario PPGR1'!#REF!) -> #REF! | E101: =IF(Tabla2[[#This Row],[Productos ]]="","",'Formulario PPGR1'!#REF!) -> #REF! | F101: =IF(Tabla2[[#This Row],[Productos ]]="","",'Formulario PPGR1'!#REF!) -> #REF! | G101: 1.3.1.4 Despliegue del convenio marco en los CEAS | H101: SRSEV 1.3.1.4.01 | I101: Seguimiento a los CEAS para el cumplimiento de los indicadores del Convenio Marco | M101: 1 | P101: 1 | S101: 1 | V101: =SUM(Tabla2[[#This Row],[Ene]:[Dic]]) -> 3 | W101: Informe | X101: Listado de participación | AA101: Centros Hospitalarios
B102: =IF(Tabla2[[#This Row],[Productos ]]="","",CONCATENATE(Tabla2[[#This Row],[POA]],".",Tabla2[[#This Row],[SRS]],".",Tabla2[[#This Row],[AREA]],".",Tabla2[[#This Row],[TIPO]])) -> #REF! | C102: =IF(Tabla2[[#This Row],[Productos ]]="","",'Formulario PPGR1'!#REF!) -> #REF! | D102: =IF(Tabla2[[#This Row],[Productos ]]="","",'Formulario PPGR1'!#REF!) -> #REF! | E102: =IF(Tabla2[[#This Row],[Productos ]]="","",'Formulario PPGR1'!#REF!) -> #REF! | F102: =IF(Tabla2[[#This Row],[Productos ]]="","",'Formulario PPGR1'!#REF!) -> #REF! | G102: 1.1.3.5 Implementación del Circulo de Desarrollo Gerencial | H102: SRSEV 1.1.3.5.01 | I102: Capacitacion para el fortalecimiento de las habilidades tecnicas y blandas de los colaboradores | R102: 1 | V102: =SUM(Tabla2[[#This Row],[Ene]:[Dic]]) -> 1 | W102: Listado de participación | X102: Agenda | Z102: Depende del SNS | AA102: Centros Hospitalarios
B103: =IF(Tabla2[[#This Row],[Productos ]]="","",CONCATENATE(Tabla2[[#This Row],[POA]],".",Tabla2[[#This Row],[SRS]],".",Tabla2[[#This Row],[AREA]],".",Tabla2[[#This Row],[TIPO]])) -> #REF! | C103: =IF(Tabla2[[#This Row],[Productos ]]="","",'Formulario PPGR1'!#REF!) -> #REF! | D103: =IF(Tabla2[[#This Row],[Productos ]]="","",'Formulario PPGR1'!#REF!) -> #REF! | E103: =IF(Tabla2[[#This Row],[Productos ]]="","",'Formulario PPGR1'!#REF!) -> #REF! | F103: =IF(Tabla2[[#This Row],[Productos ]]="","",'Formulario PPGR1'!#REF!) -> #REF! | G103: 1.6.4.1 Sistema del EIS implementado con un registro minimo de un 20% | H103: SRSEV 1.6.4.1.01 | I103: Seguimiento al logro minimo de 20% de registro en el EIS en los CEAS | L103: 1 | O103: 1 | R103: 1 | V103: =SUM(Tabla2[[#This Row],[Ene]:[Dic]]) -> 3 | W103: Informe | Z103: Esto tiene que ver con lo registro de odontologia. | AA103: Centros Hospitalarios
...

Sheet Formulario PPGR3
S1: Venta Servicios
I2: ='Formulario PPGR1'!H2 -> Servicio Nacional de Salud
I3: ='Formulario PPGR1'!H3 -> Dirección de Planificación y Desarrollo
I5: Identificación de necesidades de insumos
I6: ='Formulario PPGR1'!$N$3 -> R6 - SRS El Valle
B8: ID_Dependendencia | C8: POA | D8: SRS | E8: AREA | F8: TIPO | G8: Código_Actividad | H8: Actividad | I8: Total de Actividades | J8: Insumo/Rubro | K8: InsumoAbrev | L8: Descripción | M8: Unidad de Medida | N8: Cantidad de Insumos | O8: Precio Unitario | P8: Valor Total | Q8: Código Presupuestario | R8: Fuente de Financiamiento
B9: =IF(Tabla1[[#This Row],[Código_Actividad]]="","",CONCATENATE(Tabla1[[#This Row],[POA]],".",Tabla1[[#This Row],[SRS]],".",Tabla1[[#This Row],[AREA]],".",Tabla1[[#This Row],[TIPO]])) -> #REF! | C9: =IF(Tabla1[[#This Row],[Código_Actividad]]="","",'Formulario PPGR1'!#REF!) -> #REF! | D9: =IF(Tabla1[[#This Row],[Código_Actividad]]="","",'Formulario PPGR1'!#REF!) -> #REF! | E9: =IF(Tabla1[[#This Row],[Código_Actividad]]="","",'Formulario PPGR1'!#REF!) -> #REF! | F9: =IF(Tabla1[[#This Row],[Código_Actividad]]="","",'Formulario PPGR1'!#REF!) -> #REF! | G9: SRSE V1.2.2.2.01 | H9: Taller con los Supervisores de Areas y personal directivo de los EESS para socializar la "Guia Para hacer Gestión Clínica". | I9: 1 | J9: Refrigerio | L9: Gasoil | M9: Personas | N9: 35 | O9: 350 | P9: =Tabla1[[#This Row],[Precio Unitario]]*Tabla1[[#This Row],[Cantidad de Insumos]] -> 12250 | Q9: 231101 | R9: Venta de servicios
B10: =IF(Tabla1[[#This Row],[Código_Actividad]]="","",CONCATENATE(Tabla1[[#This Row],[POA]],".",Tabla1[[#This Row],[SRS]],".",Tabla1[[#This Row],[AREA]],".",Tabla1[[#This Row],[TIPO]])) -> #REF! | C10: =IF(Tabla1[[#This Row],[Código_Actividad]]="","",'Formulario PPGR1'!#REF!) -> #REF! | D10: =IF(Tabla1[[#This Row],[Código_Actividad]]="","",'Formulario PPGR1'!#REF!) -> #REF! | E10: =IF(Tabla1[[#This Row],[Código_Actividad]]="","",'Formulario PPGR1'!#REF!) -> #REF! | F10: =IF(Tabla1[[#This Row],[Código_Actividad]]="","",'Formulario PPGR1'!#REF!) -> #REF! | G10: SRSE V1.2.2.2.01 | H10: Taller con los Supervisores de Areas y personal directivo de los EESS para socializar la "Guia Para hacer Gestión Clínica". | I10: 1 | J10: Almuerzo | L10: Gasolina | M10: Personas | N10: 35 | O10: 350 | P10: =Tabla1[[#This Row],[Precio Unitario]]*Tabla1[[#This Row],[Cantidad de Insumos]] -> 12250 | Q10: 231101 | R10: Venta de servicios
B11: =IF(Tabla1[[#This Row],[Código_Actividad]]="","",CONCATENATE(Tabla1[[#This Row],[POA]],".",Tabla1[[#This Row],[SRS]],".",Tabla1[[#This Row],[AREA]],".",Tabla1[[#This Row],[TIPO]])) -> #REF! | C11: =IF(Tabla1[[#This Row],[Código_Actividad]]="","",'Formulario PPGR1'!#REF!) -> #REF! | D11: =IF(Tabla1[[#This Row],[Código_Actividad]]="","",'Formulario PPGR1'!#REF!) -> #REF! | E11: =IF(Tabla1[[#This Row],[Código_Actividad]]="","",'Formulario PPGR1'!#REF!) -> #REF! | F11: =IF(Tabla1[[#This Row],[Código_Actividad]]="","",'Formulario PPGR1'!#REF!) -> #REF! | G11: SRSEV 1.1.3.1.01 | H11: Socializacion con los Enc. De RRHH de la Red los objetivos del del poa 2020 del eje de Gestion humana | I11: 1 | J11: Desayuno | L11: Gasolina | M11: Personas | N11: 25 | O11: 200 | P11: =Tabla1[[#This Row],[Precio Unitario]]*Tabla1[[#This Row],[Cantidad de Insumos]] -> 5000 | Q11: 231101 | R11: Venta de servicios
B12: =IF(Tabla1[[#This Row],[Código_Actividad]]="","",CONCATENATE(Tabla1[[#This Row],[POA]],".",Tabla1[[#This Row],[SRS]],".",Tabla1[[#This Row],[AREA]],".",Tabla1[[#This Row],[TIPO]])) -> #REF! | C12: =IF(Tabla1[[#This Row],[Código_Actividad]]="","",'Formulario PPGR1'!#REF!) -> #REF! | D12: =IF(Tabla1[[#This Row],[Código_Actividad]]="","",'Formulario PPGR1'!#REF!) -> #REF! | E12: =IF(Tabla1[[#This Row],[Código_Actividad]]="","",'Formulario PPGR1'!#REF!) -> #REF! | F12: =IF(Tabla1[[#This Row],[Código_Actividad]]="","",'Formulario PPGR1'!#REF!) -> #REF! | G12: SRSEV 1.1.3.1.01 | H12: Elaboración del POA 2021 | I12: 1 | J12: Refrigerio | L12: Gasoil | M12: Unidad | N12: 90 | O12: 150 | P12: =Tabla1[[#This Row],[Precio Unitario]]*Tabla1[[#This Row],[Cantidad de Insumos]] -> 13500 | Q12: 231101 | R12: Venta de servicios
B13: =IF(Tabla1[[#This Row],[Código_Actividad]]="","",CONCATENATE(Tabla1[[#This Row],[POA]],".",Tabla1[[#This Row],[SRS]],".",Tabla1[[#This Row],[AREA]],".",Tabla1[[#This Row],[TIPO]])) -> #REF! | C13: =IF(Tabla1[[#This Row],[Código_Actividad]]="","",'Formulario PPGR1'!#REF!) -> #REF! | D13: =IF(Tabla1[[#This Row],[Código_Actividad]]="","",'Formulario PPGR1'!#REF!) -> #REF! | E13: =IF(Tabla1[[#This Row],[Código_Actividad]]="","",'Formulario PPGR1'!#REF!) -> #REF! | F13: =IF(Tabla1[[#This Row],[Código_Actividad]]="","",'Formulario PPGR1'!#REF!) -> #REF! | G13: SRSEV 1.1.3.1.01 | H13: Elaboración del POA 2021 | I13: 1 | J13: Almuerzo | L13: Gasolina | M13: Unidad | N13: 90 | O13: 350 | P13: =Tabla1[[#This Row],[Precio Unitario]]*Tabla1[[#This Row],[Cantidad de Insumos]] -> 31500 | Q13: 231101 | R13: Venta de servicios
B14: =IF(Tabla1[[#This Row],[Código_Actividad]]="","",CONCATENATE(Tabla1[[#This Row],[POA]],".",Tabla1[[#This Row],[SRS]],".",Tabla1[[#This Row],[AREA]],".",Tabla1[[#This Row],[TIPO]])) -> #REF! | C14: =IF(Tabla1[[#This Row],[Código_Actividad]]="","",'Formulario PPGR1'!#REF!) -> #REF! | D14: =IF(Tabla1[[#This Row],[Código_Actividad]]="","",'Formulario PPGR1'!#REF!) -> #REF! | E14: =IF(Tabla1[[#This Row],[Código_Actividad]]="","",'Formulario PPGR1'!#REF!) -> #REF! | F14: =IF(Tabla1[[#This Row],[Código_Actividad]]="","",'Formulario PPGR1'!#REF!) -> #REF! | G14: SRSEV 1.1.3.1.01 | H14: Elaboración del POA 2021 | I14: 1 | J14: Folder 81/2*11 | M14: Resma | N14: 1 | O14: 319 | P14: =Tabla1[[#This Row],[Precio Unitario]]*Tabla1[[#This Row],[Cantidad de Insumos]] -> 319 | Q14: 233201 | R14: Venta de servicios
B15: =IF(Tabla1[[#This Row],[Código_Actividad]]="","",CONCATENATE(Tabla1[[#This Row],[POA]],".",Tabla1[[#This Row],[SRS]],".",Tabla1[[#This Row],[AREA]],".",Tabla1[[#This Row],[TIPO]])) -> #REF! | C15: =IF(Tabla1[[#This Row],[Código_Actividad]]="","",'Formulario PPGR1'!#REF!) -> #REF! | D15: =IF(Tabla1[[#This Row],[Código_Actividad]]="","",'Formulario PPGR1'!#REF!) -> #REF! | E15: =IF(Tabla1[[#This Row],[Código_Actividad]]="","",'Formulario PPGR1'!#REF!) -> #REF! | F15: =IF(Tabla1[[#This Row],[Código_Actividad]]="","",'Formulario PPGR1'!#REF!) -> #REF! | G15: SRSEV 1.1.3.1.01 | H15: Elaboración del POA 2021 | I15: 1 | J15: Boligrafos | K15: almuerzo | M15: Caja | N15: 6 | O15: 151.8 | P15: =Tabla1[[#This Row],[Precio Unitario]]*Tabla1[[#This Row],[Cantidad de Insumos]] -> 910.8 | Q15: 239201 | R15: Venta de servicios
B16: =IF(Tabla1[[#This Row],[Código_Actividad]]="","",CONCATENATE(Tabla1[[#This Row],[POA]],".",Tabla1[[#This Row],[SRS]],".",Tabla1[[#This Row],[AREA]],".",Tabla1[[#This Row],[TIPO]])) -> #REF! | C16: =IF(Tabla1[[#This Row],[Código_Actividad]]="","",'Formulario PPGR1'!#REF!) -> #REF! | D16: =IF(Tabla1[[#This Row],[Código_Actividad]]="","",'Formulario PPGR1'!#REF!) -> #REF! | E16: =IF(Tabla1[[#This Row],[Código_Actividad]]="","",'Formulario PPGR1'!#REF!) -> #REF! | F16: =IF(Tabla1[[#This Row],[Código_Actividad]]="","",'Formulario PPGR1'!#REF!) -> #REF! | G16: SRSEV 1.1.3.1.01 | H16: Elaboración del POA 2021 | I16: 1 | J16: Lapiz De Carbon | M16: Caja | N16: 6 | O16: 82.5 | P16: =Tabla1[[#This Row],[Precio Unitario]]*Tabla1[[#This Row],[Cantidad de Insumos]] -> 495 | Q16: 239201 | R16: Venta de servicios
B17: =IF(Tabla1[[#This Row],[Código_Actividad]]="","",CONCATENATE(Tabla1[[#This Row],[POA]],".",Tabla1[[#This Row],[SRS]],".",Tabla1[[#This Row],[AREA]],".",Tabla1[[#This Row],[TIPO]])) -> #REF! | C17: =IF(Tabla1[[#This Row],[Código_Actividad]]="","",'Formulario PPGR1'!#REF!) -> #REF! | D17: =IF(Tabla1[[#This Row],[Código_Actividad]]="","",'Formulario PPGR1'!#REF!) -> #REF! | E17: =IF(Tabla1[[#This Row],[Código_Actividad]]="","",'Formulario PPGR1'!#REF!) -> #REF! | F17: =IF(Tabla1[[#This Row],[Código_Actividad]]="","",'Formulario PPGR1'!#REF!) -> #REF! | G17: SRSEV 1.1.3.1.01 | H17: Elaboración del POA 2021 | I17: 1 | J17: Gasoil | M17: Galon | N17: 50 | O17: 220 | P17: =Tabla1[[#This Row],[Precio Unitario]]*Tabla1[[#This Row],[Cantidad de Insumos]] -> 11000 | Q17: 237102 | R17: Venta de servicios
B18: =IF(Tabla1[[#This Row],[Código_Actividad]]="","",CONCATENATE(Tabla1[[#This Row],[POA]],".",Tabla1[[#This Row],[SRS]],".",Tabla1[[#This Row],[AREA]],".",Tabla1[[#This Row],[TIPO]])) -> #REF! | C18: =IF(Tabla1[[#This Row],[Código_Actividad]]="","",'Formulario PPGR1'!#REF!) -> #REF! | D18: =IF(Tabla1[[#This Row],[Código_Actividad]]="","",'Formulario PPGR1'!#REF!) -> #REF! | E18: =IF(Tabla1[[#This Row],[Código_Actividad]]="","",'Formulario PPGR1'!#REF!) -> #REF! | F18: =IF(Tabla1[[#This Row],[Código_Actividad]]="","",'Formulario PPGR1'!#REF!) -> #REF! | G18: SRSEV 1.1.3.1.01 | H18: Elaboración del POA 2021 | I18: 1 | J18: Hotel | M18: Estadia | N18: 1 | O18: 14000 | P18: =Tabla1[[#This Row],[Precio Unitario]]*Tabla1[[#This Row],[Cantidad de Insumos]] -> 14000 | Q18: 228601 | R18: Venta de servicios
B19: =IF(Tabla1[[#This Row],[Código_Actividad]]="","",CONCATENATE(Tabla1[[#This Row],[POA]],".",Tabla1[[#This Row],[SRS]],".",Tabla1[[#This Row],[AREA]],".",Tabla1[[#This Row],[TIPO]])) -> #REF! | C19: =IF(Tabla1[[#This Row],[Código_Actividad]]="","",'Formulario PPGR1'!#REF!) -> #REF! | D19: =IF(Tabla1[[#This Row],[Código_Actividad]]="","",'Formulario PPGR1'!#REF!) -> #REF! | E19: =IF(Tabla1[[#This Row],[Código_Actividad]]="","",'Formulario PPGR1'!#REF!) -> #REF! | F19: =IF(Tabla1[[#This Row],[Código_Actividad]]="","",'Formulario PPGR1'!#REF!) -> #REF! | G19: SRSEV 1.1.3.1.02 | H19: Socializar las descripciones de puestos con los encargados departamentales donde cada colaborador conozca claramente el rol y las responsabilidades correspondientes. | I19: 1 | J19: Refrigerio | M19: Personas | N19: 25 | O19: 150 | P19: =Tabla1[[#This Row],[Precio Unitario]]*Tabla1[[#This Row],[Cantidad de Insumos]] -> 3750 | Q19: 231101 | R19: Venta de servicios
B20: =IF(Tabla1[[#This Row],[Código_Actividad]]="","",CONCATENATE(Tabla1[[#This Row],[POA]],".",Tabla1[[#This Row],[SRS]],".",Tabla1[[#This Row],[AREA]],".",Tabla1[[#This Row],[TIPO]])) -> #REF! | C20: =IF(Tabla1[[#This Row],[Código_Actividad]]="","",'Formulario PPGR1'!#REF!) -> #REF! | D20: =IF(Tabla1[[#This Row],[Código_Actividad]]="","",'Formulario PPGR1'!#REF!) -> #REF! | E20: =IF(Tabla1[[#This Row],[Código_Actividad]]="","",'Formulario PPGR1'!#REF!) -> #REF! | F20: =IF(Tabla1[[#This Row],[Código_Actividad]]="","",'Formulario PPGR1'!#REF!) -> #REF! | G20: SRSEV 1.1.3.1.02 | H20: Elaboración de la Memoria Institucional 2020 | I20: 1 | J20: Almuerzo | M20: Unidad | N20: 5 | O20: 350 | P20: =Tabla1[[#This Row],[Precio Unitario]]*Tabla1[[#This Row],[Cantidad de Insumos]] -> 1750 | Q20: 231101 | R20: Venta de servicios
B21: =IF(Tabla1[[#This Row],[Código_Actividad]]="","",CONCATENATE(Tabla1[[#This Row],[POA]],".",Tabla1[[#This Row],[SRS]],".",Tabla1[[#This Row],[AREA]],".",Tabla1[[#This Row],[TIPO]])) -> #REF! | C21: =IF(Tabla1[[#This Row],[Código_Actividad]]="","",'Formulario PPGR1'!#REF!) -> #REF! | D21: =IF(Tabla1[[#This Row],[Código_Actividad]]="","",'Formulario PPGR1'!#REF!) -> #REF! | E21: =IF(Tabla1[[#This Row],[Código_Actividad]]="","",'Formulario PPGR1'!#REF!) -> #REF! | F21: =IF(Tabla1[[#This Row],[Código_Actividad]]="","",'Formulario PPGR1'!#REF!) -> #REF! | G21: SRSEV 1.1.3.1.02 | H21: Elaboración de la Memoria Institucional 2020 | I21: 1 | J21: Encuadernado | M21: Unidad | N21: 2 | O21: 60 | P21: =Tabla1[[#This Row],[Precio Unitario]]*Tabla1[[#This Row],[Cantidad de Insumos]] -> 120 | Q21: 222201 | R21: Venta de servicios
B22: =IF(Tabla1[[#This Row],[Código_Actividad]]="","",CONCATENATE(Tabla1[[#This Row],[POA]],".",Tabla1[[#This Row],[SRS]],".",Tabla1[[#This Row],[AREA]],".",Tabla1[[#This Row],[TIPO]])) -> #REF! | C22: =IF(Tabla1[[#This Row],[Código_Actividad]]="","",'Formulario PPGR1'!#REF!) -> #REF! | D22: =IF(Tabla1[[#This Row],[Código_Actividad]]="","",'Formulario PPGR1'!#REF!) -> #REF! | E22: =IF(Tabla1[[#This Row],[Código_Actividad]]="","",'Formulario PPGR1'!#REF!) -> #REF! | F22: =IF(Tabla1[[#This Row],[Código_Actividad]]="","",'Formulario PPGR1'!#REF!) -> #REF! | G22: SRSEV 1.1.3.1.02 | H22: Elaboración de la Memoria Institucional 2020 | I22: 1 | J22: Toner a Color | M22: Unidad | N22: 1 | O22: 3500 | P22: =Tabla1[[#This Row],[Precio Unitario]]*Tabla1[[#This Row],[Cantidad de Insumos]] -> 3500 | Q22: 239201 | R22: Venta de servicios
B23: =IF(Tabla1[[#This Row],[Código_Actividad]]="","",CONCATENATE(Tabla1[[#This Row],[POA]],".",Tabla1[[#This Row],[SRS]],".",Tabla1[[#This Row],[AREA]],".",Tabla1[[#This Row],[TIPO]])) -> #REF! | C23: =IF(Tabla1[[#This Row],[Código_Actividad]]="","",'Formulario PPGR1'!#REF!) -> #REF! | D23: =IF(Tabla1[[#This Row],[Código_Actividad]]="","",'Formulario PPGR1'!#REF!) -> #REF! | E23: =IF(Tabla1[[#This Row],[Código_Actividad]]="","",'Formulario PPGR1'!#REF!) -> #REF! | F23: =IF(Tabla1[[#This Row],[Código_Actividad]]="","",'Formulario PPGR1'!#REF!) -> #REF! | G23: SRSEV 1.1.3.1.02 | H23: Elaboración de la Memoria Institucional 2020 | I23: 1 | J23: Papel 81/2 *11 | M23: Caja | N23: 1 | O23: 2475 | P23: =Tabla1[[#This Row],[Precio Unitario]]*Tabla1[[#This Row],[Cantidad de Insumos]] -> 2475 | Q23: 233101 | R23: Anticipo Financiero
B24: =IF(Tabla1[[#This Row],[Código_Actividad]]="","",CONCATENATE(Tabla1[[#This Row],[POA]],".",Tabla1[[#This Row],[SRS]],".",Tabla1[[#This Row],[AREA]],".",Tabla1[[#This Row],[TIPO]])) -> #REF! | C24: =IF(Tabla1[[#This Row],[Código_Actividad]]="","",'Formulario PPGR1'!#REF!) -> #REF! | D24: =IF(Tabla1[[#This Row],[Código_Actividad]]="","",'Formulario PPGR1'!#REF!) -> #REF! | E24: =IF(Tabla1[[#This Row],[Código_Actividad]]="","",'Formulario PPGR1'!#REF!) -> #REF! | F24: =IF(Tabla1[[#This Row],[Código_Actividad]]="","",'Formulario PPGR1'!#REF!) -> #REF! | G24: SRSEV 1.1.3.1.03 | H24: Levantamiento de los proyectos y Donaciones de cooperacion finalizados en el 2019 y en ejecución en el 2020 | I24: 2 | J24: Gasolina | M24: Galon | N24: 30 | O24: 240 | P24: =Tabla1[[#This Row],[Precio Unitario]]*Tabla1[[#This Row],[Cantidad de Insumos]] -> 7200 | Q24: 237101 | R24: Venta de servicios
B25: =IF(Tabla1[[#This Row],[Código_Actividad]]="","",CONCATENATE(Tabla1[[#This Row],[POA]],".",Tabla1[[#This Row],[SRS]],".",Tabla1[[#This Row],[AREA]],".",Tabla1[[#This Row],[TIPO]])) -> #REF! | C25: =IF(Tabla1[[#This Row],[Código_Actividad]]="","",'Formulario PPGR1'!#REF!) -> #REF! | D25: =IF(Tabla1[[#This Row],[Código_Actividad]]="","",'Formulario PPGR1'!#REF!) -> #REF! | E25: =IF(Tabla1[[#This Row],[Código_Actividad]]="","",'Formulario PPGR1'!#REF!) -> #REF! | F25: =IF(Tabla1[[#This Row],[Código_Actividad]]="","",'Formulario PPGR1'!#REF!) -> #REF! | G25: SRSEV 1.1.3.1.04 | H25: Monitoreo de los planes operativos de la Red | I25: 87 | J25: Gasolina | M25: Galon | N25: 870 | O25: 240 | P25: =Tabla1[[#This Row],[Precio Unitario]]*Tabla1[[#This Row],[Cantidad de Insumos]] -> 208800 | Q25: 237101 | R25: Venta de servicios
B26: =IF(Tabla1[[#This Row],[Código_Actividad]]="","",CONCATENATE(Tabla1[[#This Row],[POA]],".",Tabla1[[#This Row],[SRS]],".",Tabla1[[#This Row],[AREA]],".",Tabla1[[#This Row],[TIPO]])) -> #REF! | C26: =IF(Tabla1[[#This Row],[Código_Actividad]]="","",'Formulario PPGR1'!#REF!) -> #REF! | D26: =IF(Tabla1[[#This Row],[Código_Actividad]]="","",'Formulario PPGR1'!#REF!) -> #REF! | E26: =IF(Tabla1[[#This Row],[Código_Actividad]]="","",'Formulario PPGR1'!#REF!) -> #REF! | F26: =IF(Tabla1[[#This Row],[Código_Actividad]]="","",'Formulario PPGR1'!#REF!) -> #REF! | G26: SRSEV 1.1.3.1.05 | H26: Mesa de trabajo con directores de los CEAS para coordinar acciones para el cumplimiento del POA 2020 | I26: 8 | J26: Refrigerio | M26: Unidad | N26: 78 | O26: 150 | P26: =Tabla1[[#This Row],[Precio Unitario]]*Tabla1[[#This Row],[Cantidad de Insumos]] -> 11700 | Q26: 231101 | R26: Venta de servicios
B27: =IF(Tabla1[[#This Row],[Código_Actividad]]="","",CONCATENATE(Tabla1[[#This Row],[POA]],".",Tabla1[[#This Row],[SRS]],".",Tabla1[[#This Row],[AREA]],".",Tabla1[[#This Row],[TIPO]])) -> #REF! | C27: =IF(Tabla1[[#This Row],[Código_Actividad]]="","",'Formulario PPGR1'!#REF!) -> #REF! | D27: =IF(Tabla1[[#This Row],[Código_Actividad]]="","",'Formulario PPGR1'!#REF!) -> #REF! | E27: =IF(Tabla1[[#This Row],[Código_Actividad]]="","",'Formulario PPGR1'!#REF!) -> #REF! | F27: =IF(Tabla1[[#This Row],[Código_Actividad]]="","",'Formulario PPGR1'!#REF!) -> #REF! | G27: SRSEV 1.1.3.1.05 | H27: Mesa de trabajo con directores de los CEAS para coordinar acciones para el cumplimiento del POA 2020 | I27: 8 | J27: Almuerzo | M27: Unidad | N27: 78 | O27: 350 | P27: =Tabla1[[#This Row],[Precio Unitario]]*Tabla1[[#This Row],[Cantidad de Insumos]] -> 27300 | Q27: 231101 | R27: Venta de servicios
... B64: =IF(Tabla1[[#This Row],[Código_Actividad]]="","",CONCATENATE(Tabla1[[#This Row],[POA]],".",Tabla1[[#This Row],[SRS]],".",Tabla1[[#This Row],[AREA]],".",Tabla1[[#This Row],[TIPO]])) -> #REF! | C64: =IF(Tabla1[[#This Row],[Código_Actividad]]="","",'Formulario PPGR1'!#REF!) -> #REF! | D64: =IF(Tabla1[[#This Row],[Código_Actividad]]="","",'Formulario PPGR1'!#REF!) -> #REF! | E64: =IF(Tabla1[[#This Row],[Código_Actividad]]="","",'Formulario PPGR1'!#REF!) -> #REF! | F64: =IF(Tabla1[[#This Row],[Código_Actividad]]="","",'Formulario PPGR1'!#REF!) -> #REF! | G64: SRSEV 1.2.1.1.02 | H64: Reunión de seguimiento al comité de medios web | I64: 4 | J64: Refrigerio | M64: Personas | N64: 7 | O64: 150 | P64: =Tabla1[[#This Row],[Precio Unitario]]*Tabla1[[#This Row],[Cantidad de Insumos]] -> 1050 | Q64: 231101 | R64: Venta de servicios
B65: =IF(Tabla1[[#This Row],[Código_Actividad]]="","",CONCATENATE(Tabla1[[#This Row],[POA]],".",Tabla1[[#This Row],[SRS]],".",Tabla1[[#This Row],[AREA]],".",Tabla1[[#This Row],[TIPO]])) -> #REF! | C65: =IF(Tabla1[[#This Row],[Código_Actividad]]="","",'Formulario PPGR1'!#REF!) -> #REF! | D65: =IF(Tabla1[[#This Row],[Código_Actividad]]="","",'Formulario PPGR1'!#REF!) -> #REF! | E65: =IF(Tabla1[[#This Row],[Código_Actividad]]="","",'Formulario PPGR1'!#REF!) -> #REF! | F65: =IF(Tabla1[[#This Row],[Código_Actividad]]="","",'Formulario PPGR1'!#REF!) -> #REF! | G65: SRSEV 1.2.1.1.02 | H65: Reunión de seguimiento al comité de medios web | I65: 4 | J65: Refrigerio | K65: Refrigerio | M65: Personas | N65: 7 | O65: 150 | P65: =Tabla1[[#This Row],[Precio Unitario]]*Tabla1[[#This Row],[Cantidad de Insumos]] -> 1050 | Q65: 231101 | R65: Venta de servicios
B66: =IF(Tabla1[[#This Row],[Código_Actividad]]="","",CONCATENATE(Tabla1[[#This Row],[POA]],".",Tabla1[[#This Row],[SRS]],".",Tabla1[[#This Row],[AREA]],".",Tabla1[[#This Row],[TIPO]])) -> #REF! | C66: =IF(Tabla1[[#This Row],[Código_Actividad]]="","",'Formulario PPGR1'!#REF!) -> #REF! | D66: =IF(Tabla1[[#This Row],[Código_Actividad]]="","",'Formulario PPGR1'!#REF!) -> #REF! | E66: =IF(Tabla1[[#This Row],[Código_Actividad]]="","",'Formulario PPGR1'!#REF!) -> #REF! | F66: =IF(Tabla1[[#This Row],[Código_Actividad]]="","",'Formulario PPGR1'!#REF!) -> #REF! | G66: SRSEV 1.2.1.1.03 | H66: Socialización sobre la Clasificacion de la Informacion según el articulo 23 y 29, de la ley 200-4 | I66: 1 | J66: Refrigerio | M66: Personas | N66: 15 | O66: 150 | P66: =Tabla1[[#This Row],[Precio Unitario]]*Tabla1[[#This Row],[Cantidad de Insumos]] -> 2250 | Q66: 231101 | R66: Venta de servicios
B67: =IF(Tabla1[[#This Row],[Código_Actividad]]="","",CONCATENATE(Tabla1[[#This Row],[POA]],".",Tabla1[[#This Row],[SRS]],".",Tabla1[[#This Row],[AREA]],".",Tabla1[[#This Row],[TIPO]])) -> #REF! | C67: =IF(Tabla1[[#This Row],[Código_Actividad]]="","",'Formulario PPGR1'!#REF!) -> #REF! | D67: =IF(Tabla1[[#This Row],[Código_Actividad]]="","",'Formulario PPGR1'!#REF!) -> #REF! | E67: =IF(Tabla1[[#This Row],[Código_Actividad]]="","",'Formulario PPGR1'!#REF!) -> #REF! | F67: =IF(Tabla1[[#This Row],[Código_Actividad]]="","",'Formulario PPGR1'!#REF!) -> #REF! | G67: SRSEV 1.2.1.1.04 | H67: Clasificación de la Información según el artículo 23 y 29, de la ley 200-04 | I67: 1 | J67: Papel 81/2 *11 | M67: Resma | N67: 1 | O67: 247.5 | P67: =Tabla1[[#This Row],[Precio Unitario]]*Tabla1[[#This Row],[Cantidad de Insumos]] -> 247.5 | Q67: 233101 | R67: Anticipo Financiero
B68: =IF(Tabla1[[#This Row],[Código_Actividad]]="","",CONCATENATE(Tabla1[[#This Row],[POA]],".",Tabla1[[#This Row],[SRS]],".",Tabla1[[#This Row],[AREA]],".",Tabla1[[#This Row],[TIPO]])) -> #REF! | C68: =IF(Tabla1[[#This Row],[Código_Actividad]]="","",'Formulario PPGR1'!#REF!) -> #REF! | D68: =IF(Tabla1[[#This Row],[Código_Actividad]]="","",'Formulario PPGR1'!#REF!) -> #REF! | E68: =IF(Tabla1[[#This Row],[Código_Actividad]]="","",'Formulario PPGR1'!#REF!) -> #REF! | F68: =IF(Tabla1[[#This Row],[Código_Actividad]]="","",'Formulario PPGR1'!#REF!) -> #REF! | G68: SRSEV 1.2.1.1.05 | H68: Análisis y seguimiento al proceso de Quejas y Sugerencias del portal de Atención Ciudadana 311 | I68: 4 | J68: Papel 81/2 *11 | M68: Resma | N68: 1 | O68: 247.5 | P68: =Tabla1[[#This Row],[Precio Unitario]]*Tabla1[[#This Row],[Cantidad de Insumos]] -> 247.5 | Q68: 233101 | R68: Anticipo Financiero
B69: =IF(Tabla1[[#This Row],[Código_Actividad]]="","",CONCATENATE(Tabla1[[#This Row],[POA]],".",Tabla1[[#This Row],[SRS]],".",Tabla1[[#This Row],[AREA]],".",Tabla1[[#This Row],[TIPO]])) -> #REF! | C69: =IF(Tabla1[[#This Row],[Código_Actividad]]="","",'Formulario PPGR1'!#REF!) -> #REF! | D69: =IF(Tabla1[[#This Row],[Código_Actividad]]="","",'Formulario PPGR1'!#REF!) -> #REF! | E69: =IF(Tabla1[[#This Row],[Código_Actividad]]="","",'Formulario PPGR1'!#REF!) -> #REF! | F69: =IF(Tabla1[[#This Row],[Código_Actividad]]="","",'Formulario PPGR1'!#REF!) -> #REF! | G69: SRSEV 1.2.1.1.06 | H69: Taller de Capacitación sobre Acceso a la Información | I69: 1 | J69: Desayuno | M69: Personas | N69: 15 | O69: 200 | P69: =Tabla1[[#This Row],[Precio Unitario]]*Tabla1[[#This Row],[Cantidad de Insumos]] -> 3000 | Q69: 231101 | R69: Venta de servicios
B70: =IF(Tabla1[[#This Row],[Código_Actividad]]="","",CONCATENATE(Tabla1[[#This Row],[POA]],".",Tabla1[[#This Row],[SRS]],".",Tabla1[[#This Row],[AREA]],".",Tabla1[[#This Row],[TIPO]])) -> #REF! | C70: =IF(Tabla1[[#This Row],[Código_Actividad]]="","",'Formulario PPGR1'!#REF!) -> #REF! | D70: =IF(Tabla1[[#This Row],[Código_Actividad]]="","",'Formulario PPGR1'!#REF!) -> #REF! | E70: =IF(Tabla1[[#This Row],[Código_Actividad]]="","",'Formulario PPGR1'!#REF!) -> #REF! | F70: =IF(Tabla1[[#This Row],[Código_Actividad]]="","",'Formulario PPGR1'!#REF!) -> #REF! | G70: SRSEV 1.2.1.1.07 | H70: Taller de Capacitación sobre Ley de Protección de Datos | I70: 1 | J70: Desayuno | M70: Personas | N70: 15 | O70: 200 | P70: =Tabla1[[#This Row],[Precio Unitario]]*Tabla1[[#This Row],[Cantidad de Insumos]] -> 3000 | Q70: 231101 | R70: Venta de servicios
B71: =IF(Tabla1[[#This Row],[Código_Actividad]]="","",CONCATENATE(Tabla1[[#This Row],[POA]],".",Tabla1[[#This Row],[SRS]],".",Tabla1[[#This Row],[AREA]],".",Tabla1[[#This Row],[TIPO]])) -> #REF! | C71: =IF(Tabla1[[#This Row],[Código_Actividad]]="","",'Formulario PPGR1'!#REF!) -> #REF! | D71: =IF(Tabla1[[#This Row],[Código_Actividad]]="","",'Formulario PPGR1'!#REF!) -> #REF! | E71: =IF(Tabla1[[#This Row],[Código_Actividad]]="","",'Formulario PPGR1'!#REF!) -> #REF! | F71: =IF(Tabla1[[#This Row],[Código_Actividad]]="","",'Formulario PPGR1'!#REF!) -> #REF! | G71: SRSEV 1.2.1.1.08 | H71: Taller capacitacion SAIP | I71: 1 | J71: Refrigerio | M71: Personas | N71: 25 | O71: 150 | P71: =Tabla1[[#This Row],[Precio Unitario]]*Tabla1[[#This Row],[Cantidad de Insumos]] -> 3750 | Q71: 231101 | R71: Venta de servicios
B72: =IF(Tabla1[[#This Row],[Código_Actividad]]="","",CONCATENATE(Tabla1[[#This Row],[POA]],".",Tabla1[[#This Row],[SRS]],".",Tabla1[[#This Row],[AREA]],".",Tabla1[[#This Row],[TIPO]])) -> #REF! | C72: =IF(Tabla1[[#This Row],[Código_Actividad]]="","",'Formulario PPGR1'!#REF!) -> #REF! | D72: =IF(Tabla1[[#This Row],[Código_Actividad]]="","",'Formulario PPGR1'!#REF!) -> #REF! | E72: =IF(Tabla1[[#This Row],[Código_Actividad]]="","",'Formulario PPGR1'!#REF!) -> #REF! | F72: =IF(Tabla1[[#This Row],[Código_Actividad]]="","",'Formulario PPGR1'!#REF!) -> #REF! | G72: SRSEV 1.2.1.1.09 | H72: Visitas para conformacion y habilitacion espacio fisico OAI | I72: 25 | J72: Gasoil | M72: Galon | N72: 20 | O72: 220 | P72: =Tabla1[[#This Row],[Precio Unitario]]*Tabla1[[#This Row],[Cantidad de Insumos]] -> 4400 | Q72: 237102 | R72: Anticipo Financiero
B73: =IF(Tabla1[[#This Row],[Código_Actividad]]="","",CONCATENATE(Tabla1[[#This Row],[POA]],".",Tabla1[[#This Row],[SRS]],".",Tabla1[[#This Row],[AREA]],".",Tabla1[[#This Row],[TIPO]])) -> #REF! | C73: =IF(Tabla1[[#This Row],[Código_Actividad]]="","",'Formulario PPGR1'!#REF!) -> #REF! | D73: =IF(Tabla1[[#This Row],[Código_Actividad]]="","",'Formulario PPGR1'!#REF!) -> #REF! | E73: =IF(Tabla1[[#This Row],[Código_Actividad]]="","",'Formulario PPGR1'!#REF!) -> #REF! | F73: =IF(Tabla1[[#This Row],[Código_Actividad]]="","",'Formulario PPGR1'!#REF!) -> #REF! | G73: SRSEV 1.2.1.1.10 | H73: Conformacion del Comité de Etica del SRS | I73: 1 | J73: Refrigerio | M73: Personas | N73: 15 | O73: 150 | P73: =Tabla1[[#This Row],[Precio Unitario]]*Tabla1[[#This Row],[Cantidad de Insumos]] -> 2250 | Q73: 231101 | R73: Venta de servicios
B74: =IF(Tabla1[[#This Row],[Código_Actividad]]="","",CONCATENATE(Tabla1[[#This Row],[POA]],".",Tabla1[[#This Row],[SRS]],".",Tabla1[[#This Row],[AREA]],".",Tabla1[[#This Row],[TIPO]])) -> #REF! | C74: =IF(Tabla1[[#This Row],[Código_Actividad]]="","",'Formulario PPGR1'!#REF!) -> #REF! | D74: =IF(Tabla1[[#This Row],[Código_Actividad]]="","",'Formulario PPGR1'!#REF!) -> #REF! | E74: =IF(Tabla1[[#This Row],[Código_Actividad]]="","",'Formulario PPGR1'!#REF!) -> #REF! | F74: =IF(Tabla1[[#This Row],[Código_Actividad]]="","",'Formulario PPGR1'!#REF!) -> #REF! | G74: SRSEV 1.2.1.1.11 | H74: Seguimiento Comisiones de Etica SRS | I74: 1 | J74: Papel 81/2 *11 | M74: Resma | N74: 1 | O74: 247.5 | P74: =Tabla1[[#This Row],[Precio Unitario]]*Tabla1[[#This Row],[Cantidad de Insumos]] -> 247.5 | Q74: 233101 | R74: Anticipo Financiero
B75: =IF(Tabla1[[#This Row],[Código_Actividad]]="","",CONCATENATE(Tabla1[[#This Row],[POA]],".",Tabla1[[#This Row],[SRS]],".",Tabla1[[#This Row],[AREA]],".",Tabla1[[#This Row],[TIPO]])) -> #REF! | C75: =IF(Tabla1[[#This Row],[Código_Actividad]]="","",'Formulario PPGR1'!#REF!) -> #REF! | D75: =IF(Tabla1[[#This Row],[Código_Actividad]]="","",'Formulario PPGR1'!#REF!) -> #REF! | E75: =IF(Tabla1[[#This Row],[Código_Actividad]]="","",'Formulario PPGR1'!#REF!) -> #REF! | F75: =IF(Tabla1[[#This Row],[Código_Actividad]]="","",'Formulario PPGR1'!#REF!) -> #REF! | G75: SRSEV 1.2.1.1.12 | H75: Seguimiento a la Implementación de la Plantilla estandar para los sub-portales de transparencia de la red SNS | I75: 1 | J75: Papel 81/2 *11 | M75: Resma | N75: 1 | O75: 247.5 | P75: =Tabla1[[#This Row],[Precio Unitario]]*Tabla1[[#This Row],[Cantidad de Insumos]] -> 247.5 | Q75: 233101 | R75: Anticipo Financiero
B76: =IF(Tabla1[[#This Row],[Código_Actividad]]="","",CONCATENATE(Tabla1[[#This Row],[POA]],".",Tabla1[[#This Row],[SRS]],".",Tabla1[[#This Row],[AREA]],".",Tabla1[[#This Row],[TIPO]])) -> #REF! | C76: =IF(Tabla1[[#This Row],[Código_Actividad]]="","",'Formulario PPGR1'!#REF!) -> #REF! | D76: =IF(Tabla1[[#This Row],[Código_Actividad]]="","",'Formulario PPGR1'!#REF!) -> #REF! | E76: =IF(Tabla1[[#This Row],[Código_Actividad]]="","",'Formulario PPGR1'!#REF!) -> #REF! | F76: =IF(Tabla1[[#This Row],[Código_Actividad]]="","",'Formulario PPGR1'!#REF!) -> #REF! | G76: SRSEV 1.2.1.1.13 | H76: Taller de Capacitación sobre Declaración Jurada | I76: 1 | J76: Refrigerio | M76: Personas | N76: 20 | O76: 150 | P76: =Tabla1[[#This Row],[Precio Unitario]]*Tabla1[[#This Row],[Cantidad de Insumos]] -> 3000 | Q76: 231101 | R76: Venta de servicios
B77: =IF(Tabla1[[#This Row],[Código_Actividad]]="","",CONCATENATE(Tabla1[[#This Row],[POA]],".",Tabla1[[#This Row],[SRS]],".",Tabla1[[#This Row],[AREA]],".",Tabla1[[#This Row],[TIPO]])) -> #REF! | C77: =IF(Tabla1[[#This Row],[Código_Actividad]]="","",'Formulario PPGR1'!#REF!) -> #REF! | D77: =IF(Tabla1[[#This Row],[Código_Actividad]]="","",'Formulario PPGR1'!#REF!) -> #REF! | E77: =IF(Tabla1[[#This Row],[Código_Actividad]]="","",'Formulario PPGR1'!#REF!) -> #REF! | F77: =IF(Tabla1[[#This Row],[Código_Actividad]]="","",'Formulario PPGR1'!#REF!) -> #REF! | G77: SRSEV 1.2.1.1.14 | H77: Taller de Capacitación sobre Atención ciudadana 311 | I77: 1 | J77: Refrigerio | M77: Personas | N77: 15 | O77: 150 | P77: =Tabla1[[#This Row],[Precio Unitario]]*Tabla1[[#This Row],[Cantidad de Insumos]] -> 2250 | Q77: 231101 | R77: Venta de servicios
... B95: =IF(Tabla1[[#This Row],[Código_Actividad]]="","",CONCATENATE(Tabla1[[#This Row],[POA]],".",Tabla1[[#This Row],[SRS]],".",Tabla1[[#This Row],[AREA]],".",Tabla1[[#This Row],[TIPO]])) -> #REF! | C95: =IF(Tabla1[[#This Row],[Código_Actividad]]="","",'Formulario PPGR1'!#REF!) -> #REF! | D95: =IF(Tabla1[[#This Row],[Código_Actividad]]="","",'Formulario PPGR1'!#REF!) -> #REF! | E95: =IF(Tabla1[[#This Row],[Código_Actividad]]="","",'Formulario PPGR1'!#REF!) -> #REF! | F95: =IF(Tabla1[[#This Row],[Código_Actividad]]="","",'Formulario PPGR1'!#REF!) -> #REF! | G95: SRSEV 1.4.1.1.01 | H95: Taller con los Directores ,Gerentes de area en el regimen etico y disciplinario | I95: 1 | J95: Almuerzo | M95: Personas | N95: 30 | O95: 350 | P95: =Tabla1[[#This Row],[Precio Unitario]]*Tabla1[[#This Row],[Cantidad de Insumos]] -> 10500 | Q95: 231101 | R95: Venta de servicios
B96: =IF(Tabla1[[#This Row],[Código_Actividad]]="","",CONCATENATE(Tabla1[[#This Row],[POA]],".",Tabla1[[#This Row],[SRS]],".",Tabla1[[#This Row],[AREA]],".",Tabla1[[#This Row],[TIPO]])) -> #REF! | C96: =IF(Tabla1[[#This Row],[Código_Actividad]]="","",'Formulario PPGR1'!#REF!) -> #REF! | D96: =IF(Tabla1[[#This Row],[Código_Actividad]]="","",'Formulario PPGR1'!#REF!) -> #REF! | E96: =IF(Tabla1[[#This Row],[Código_Actividad]]="","",'Formulario PPGR1'!#REF!) -> #REF! | F96: =IF(Tabla1[[#This Row],[Código_Actividad]]="","",'Formulario PPGR1'!#REF!) -> #REF! | G96: SRSEV 1.6.1.1.01 | H96: Soporte a los requerimientos tecnológicos de usuarios internos y externos | I96: 4 | J96: Gasoil Regular | L96: Unidad | M96: Galon | N96: 20 | O96: 220 | P96: =Tabla1[[#This Row],[Precio Unitario]]*Tabla1[[#This Row],[Cantidad de Insumos]] -> 4400 | Q96: 237102 | R96: Venta de servicios
B97: =IF(Tabla1[[#This Row],[Código_Actividad]]="","",CONCATENATE(Tabla1[[#This Row],[POA]],".",Tabla1[[#This Row],[SRS]],".",Tabla1[[#This Row],[AREA]],".",Tabla1[[#This Row],[TIPO]])) -> #REF! | C97: =IF(Tabla1[[#This Row],[Código_Actividad]]="","",'Formulario PPGR1'!#REF!) -> #REF! | D97: =IF(Tabla1[[#This Row],[Código_Actividad]]="","",'Formulario PPGR1'!#REF!) -> #REF! | E97: =IF(Tabla1[[#This Row],[Código_Actividad]]="","",'Formulario PPGR1'!#REF!) -> #REF! | F97: =IF(Tabla1[[#This Row],[Código_Actividad]]="","",'Formulario PPGR1'!#REF!) -> #REF! | G97: SRSEV 1.6.1.1.01 | H97: Soporte a los requerimientos tecnológicos de usuarios internos y externos | I97: 4 | J97: Proyector | L97: Unidad | M97: Proyector | N97: 1 | O97: 30000 | P97: =Tabla1[[#This Row],[Precio Unitario]]*Tabla1[[#This Row],[Cantidad de Insumos]] -> 30000 | Q97: 261401 | R97: Venta de servicios
B98: =IF(Tabla1[[#This Row],[Código_Actividad]]="","",CONCATENATE(Tabla1[[#This Row],[POA]],".",Tabla1[[#This Row],[SRS]],".",Tabla1[[#This Row],[AREA]],".",Tabla1[[#This Row],[TIPO]])) -> #REF! | C98: =IF(Tabla1[[#This Row],[Código_Actividad]]="","",'Formulario PPGR1'!#REF!) -> #REF! | D98: =IF(Tabla1[[#This Row],[Código_Actividad]]="","",'Formulario PPGR1'!#REF!) -> #REF! | E98: =IF(Tabla1[[#This Row],[Código_Actividad]]="","",'Formulario PPGR1'!#REF!) -> #REF! | F98: =IF(Tabla1[[#This Row],[Código_Actividad]]="","",'Formulario PPGR1'!#REF!) -> #REF! | G98: SRSEV 1.6.1.1.01 | H98: Soporte a los requerimientos tecnológicos de usuarios internos y externos | I98: 4 | J98: Cajas de Lapiceros Azules | L98: Unidad | M98: Caja | N98: 12 | O98: 151.8 | P98: =Tabla1[[#This Row],[Precio Unitario]]*Tabla1[[#This Row],[Cantidad de Insumos]] -> 1821.6 | Q98: 239201 | R98: Venta de servicios
B99: =IF(Tabla1[[#This Row],[Código_Actividad]]="","",CONCATENATE(Tabla1[[#This Row],[POA]],".",Tabla1[[#This Row],[SRS]],".",Tabla1[[#This Row],[AREA]],".",Tabla1[[#This Row],[TIPO]])) -> #REF! | C99: =IF(Tabla1[[#This Row],[Código_Actividad]]="","",'Formulario PPGR1'!#REF!) -> #REF! | D99: =IF(Tabla1[[#This Row],[Código_Actividad]]="","",'Formulario PPGR1'!#REF!) -> #REF! | E99: =IF(Tabla1[[#This Row],[Código_Actividad]]="","",'Formulario PPGR1'!#REF!) -> #REF! | F99: =IF(Tabla1[[#This Row],[Código_Actividad]]="","",'Formulario PPGR1'!#REF!) -> #REF! | G99: SRSEV 1.6.1.1.01 | H99: Soporte a los requerimientos tecnológicos de usuarios internos y externos | I99: 4 | J99: Bateria AA (docenas) Maxell | L99: Unidad | M99: paquete | N99: 5 | O99: 215 | P99: =Tabla1[[#This Row],[Precio Unitario]]*Tabla1[[#This Row],[Cantidad de Insumos]] -> 1075 | Q99: 239601 | R99: Venta de servicios
B100: =IF(Tabla1[[#This Row],[Código_Actividad]]="","",CONCATENATE(Tabla1[[#This Row],[POA]],".",Tabla1[[#This Row],[SRS]],".",Tabla1[[#This Row],[AREA]],".",Tabla1[[#This Row],[TIPO]])) -> #REF! | C100: =IF(Tabla1[[#This Row],[Código_Actividad]]="","",'Formulario PPGR1'!#REF!) -> #REF! | D100: =IF(Tabla1[[#This Row],[Código_Actividad]]="","",'Formulario PPGR1'!#REF!) -> #REF! | E100: =IF(Tabla1[[#This Row],[Código_Actividad]]="","",'Formulario PPGR1'!#REF!) -> #REF! | F100: =IF(Tabla1[[#This Row],[Código_Actividad]]="","",'Formulario PPGR1'!#REF!) -> #REF! | G100: SRSEV 1.6.1.1.01 | H100: Soporte a los requerimientos tecnológicos de usuarios internos y externos | I100: 4 | J100: Bateria AAA Maxell (docenas) | L100: Unidad | M100: Caja | N100: 5 | O100: 265 | P100: =Tabla1[[#This Row],[Precio Unitario]]*Tabla1[[#This Row],[Cantidad de Insumos]] -> 1325 | Q100: 239601 | R100: Venta de servicios
B101: =IF(Tabla1[[#This Row],[Código_Actividad]]="","",CONCATENATE(Tabla1[[#This Row],[POA]],".",Tabla1[[#This Row],[SRS]],".",Tabla1[[#This Row],[AREA]],".",Tabla1[[#This Row],[TIPO]])) -> #REF! | C101: =IF(Tabla1[[#This Row],[Código_Actividad]]="","",'Formulario PPGR1'!#REF!) -> #REF! | D101: =IF(Tabla1[[#This Row],[Código_Actividad]]="","",'Formulario PPGR1'!#REF!) -> #REF! | E101: =IF(Tabla1[[#This Row],[Código_Actividad]]="","",'Formulario PPGR1'!#REF!) -> #REF! | F101: =IF(Tabla1[[#This Row],[Código_Actividad]]="","",'Formulario PPGR1'!#REF!) -> #REF! | G101: SRSEV 1.6.1.1.01 | H101: Soporte a los requerimientos tecnológicos de usuarios internos y externos | I101: 4 | J101: Mantenimiento y/o Reparación Impresora Laser | L101: Unidad | M101: unidad | N101: 4 | O101: 2500 | P101: =Tabla1[[#This Row],[Precio Unitario]]*Tabla1[[#This Row],[Cantidad de Insumos]] -> 10000 | Q101: 227202 | R101: Venta de servicios
B102: =IF(Tabla1[[#This Row],[Código_Actividad]]="","",CONCATENATE(Tabla1[[#This Row],[POA]],".",Tabla1[[#This Row],[SRS]],".",Tabla1[[#This Row],[AREA]],".",Tabla1[[#This Row],[TIPO]])) -> #REF! | C102: =IF(Tabla1[[#This Row],[Código_Actividad]]="","",'Formulario PPGR1'!#REF!) -> #REF! | D102: =IF(Tabla1[[#This Row],[Código_Actividad]]="","",'Formulario PPGR1'!#REF!) -> #REF! | E102: =IF(Tabla1[[#This Row],[Código_Actividad]]="","",'Formulario PPGR1'!#REF!) -> #REF! | F102: =IF(Tabla1[[#This Row],[Código_Actividad]]="","",'Formulario PPGR1'!#REF!) -> #REF! | G102: SRSEV 1.6.1.1.01 | H102: Soporte a los requerimientos tecnológicos de usuarios internos y externos | I102: 4 | J102: Folders 8 1/2x 11 (100/1) Impropapel | L102: Unidad | M102: Caja | N102: 3 | O102: 319 | P102: =Tabla1[[#This Row],[Precio Unitario]]*Tabla1[[#This Row],[Cantidad de Insumos]] -> 957 | Q102: 233201 | R102: Venta de servicios
B103: =IF(Tabla1[[#This Row],[Código_Actividad]]="","",CONCATENATE(Tabla1[[#This Row],[POA]],".",Tabla1[[#This Row],[SRS]],".",Tabla1[[#This Row],[AREA]],".",Tabla1[[#This Row],[TIPO]])) -> #REF! | C103: =IF(Tabla1[[#This Row],[Código_Actividad]]="","",'Formulario PPGR1'!#REF!) -> #REF! | D103: =IF(Tabla1[[#This Row],[Código_Actividad]]="","",'Formulario PPGR1'!#REF!) -> #REF! | E103: =IF(Tabla1[[#This Row],[Código_Actividad]]="","",'Formulario PPGR1'!#REF!) -> #REF! | F103: =IF(Tabla1[[#This Row],[Código_Actividad]]="","",'Formulario PPGR1'!#REF!) -> #REF! | G103: SRSEV 1.6.1.1.01 | H103: Soporte a los requerimientos tecnológicos de usuarios internos y externos | I103: 4 | J103: Marcadores de Pizarra | L103: Unidad | M103: Caja | N103: 2 | O103: 385 | P103: =Tabla1[[#This Row],[Precio Unitario]]*Tabla1[[#This Row],[Cantidad de Insumos]] -> 770 | Q103: 239201 | R103: Venta de servicios
B104: =IF(Tabla1[[#This Row],[Código_Actividad]]="","",CONCATENATE(Tabla1[[#This Row],[POA]],".",Tabla1[[#This Row],[SRS]],".",Tabla1[[#This Row],[AREA]],".",Tabla1[[#This Row],[TIPO]])) -> #REF! | C104: =IF(Tabla1[[#This Row],[Código_Actividad]]="","",'Formulario PPGR1'!#REF!) -> #REF! | D104: =IF(Tabla1[[#This Row],[Código_Actividad]]="","",'Formulario PPGR1'!#REF!) -> #REF! | E104: =IF(Tabla1[[#This Row],[Código_Actividad]]="","",'Formulario PPGR1'!#REF!) -> #REF! | F104: =IF(Tabla1[[#This Row],[Código_Actividad]]="","",'Formulario PPGR1'!#REF!) -> #REF! | G104: SRSEV 1.6.1.1.01 | H104: Soporte a los requerimientos tecnológicos de usuarios internos y externos | I104: 4 | J104: CE285A (85A) para impresora HP P1102W | L104: Unidad | M104: unidad | N104: 15 | O104: 900 | P104: =Tabla1[[#This Row],[Precio Unitario]]*Tabla1[[#This Row],[Cantidad de Insumos]] -> 13500 | Q104: 239201 | R104: Venta de servicios
B105: =IF(Tabla1[[#This Row],[Código_Actividad]]="","",CONCATENATE(Tabla1[[#This Row],[POA]],".",Tabla1[[#This Row],[SRS]],".",Tabla1[[#This Row],[AREA]],".",Tabla1[[#This Row],[TIPO]])) -> #REF! | C105: =IF(Tabla1[[#This Row],[Código_Actividad]]="","",'Formulario PPGR1'!#REF!) -> #REF! | D105: =IF(Tabla1[[#This Row],[Código_Actividad]]="","",'Formulario PPGR1'!#REF!) -> #REF! | E105: =IF(Tabla1[[#This Row],[Código_Actividad]]="","",'Formulario PPGR1'!#REF!) -> #REF! | F105: =IF(Tabla1[[#This Row],[Código_Actividad]]="","",'Formulario PPGR1'!#REF!) -> #REF! | G105: SRSEV 1.6.1.1.01 | H105: Soporte a los requerimientos tecnológicos de usuarios internos y externos | I105: 4 | J105: CF283A (83A) para impresora HP MFP M127 FN | L105: Unidad | M105: unidad | N105: 15 | O105: 900 | P105: =Tabla1[[#This Row],[Precio Unitario]]*Tabla1[[#This Row],[Cantidad de Insumos]] -> 13500 | Q105: 239201 | R105: Venta de servicios
B106: =IF(Tabla1[[#This Row],[Código_Actividad]]="","",CONCATENATE(Tabla1[[#This Row],[POA]],".",Tabla1[[#This Row],[SRS]],".",Tabla1[[#This Row],[AREA]],".",Tabla1[[#This Row],[TIPO]])) -> #REF! | C106: =IF(Tabla1[[#This Row],[Código_Actividad]]="","",'Formulario PPGR1'!#REF!) -> #REF! | D106: =IF(Tabla1[[#This Row],[Código_Actividad]]="","",'Formulario PPGR1'!#REF!) -> #REF! | E106: =IF(Tabla1[[#This Row],[Código_Actividad]]="","",'Formulario PPGR1'!#REF!) -> #REF! | F106: =IF(Tabla1[[#This Row],[Código_Actividad]]="","",'Formulario PPGR1'!#REF!) -> #REF! | G106: SRSEV 1.6.1.1.01 | H106: Soporte a los requerimientos tecnológicos de usuarios internos y externos | I106: 4 | J106: Disco Duro externo de 2 Tera Bytes | L106: Unidad | M106: unidad | N106: 4 | O106: 3800 | P106: =Tabla1[[#This Row],[Precio Unitario]]*Tabla1[[#This Row],[Cantidad de Insumos]] -> 15200 | Q106: 239201 | R106: Venta de servicios
B107: =IF(Tabla1[[#This Row],[Código_Actividad]]="","",CONCATENATE(Tabla1[[#This Row],[POA]],".",Tabla1[[#This Row],[SRS]],".",Tabla1[[#This Row],[AREA]],".",Tabla1[[#This Row],[TIPO]])) -> #REF! | C107: =IF(Tabla1[[#This Row],[Código_Actividad]]="","",'Formulario PPGR1'!#REF!) -> #REF! | D107: =IF(Tabla1[[#This Row],[Código_Actividad]]="","",'Formulario PPGR1'!#REF!) -> #REF! | E107: =IF(Tabla1[[#This Row],[Código_Actividad]]="","",'Formulario PPGR1'!#REF!) -> #REF! | F107: =IF(Tabla1[[#This Row],[Código_Actividad]]="","",'Formulario PPGR1'!#REF!) -> #REF! | G107: SRSEV 1.6.1.1.01 | H107: Soporte a los requerimientos tecnológicos de usuarios internos y externos | I107: 4 | J107: Memorias USB 32 GB | L107: Unidad | M107: unidad | N107: 24 | O107: 800 | P107: =Tabla1[[#This Row],[Precio Unitario]]*Tabla1[[#This Row],[Cantidad de Insumos]] -> 19200 | Q107: 239201 | R107: Venta de servicios
... B145: =IF(Tabla1[[#This Row],[Código_Actividad]]="","",CONCATENATE(Tabla1[[#This Row],[POA]],".",Tabla1[[#This Row],[SRS]],".",Tabla1[[#This Row],[AREA]],".",Tabla1[[#This Row],[TIPO]])) -> #REF! | C145: =IF(Tabla1[[#This Row],[Código_Actividad]]="","",'Formulario PPGR1'!#REF!) -> #REF! | D145: =IF(Tabla1[[#This Row],[Código_Actividad]]="","",'Formulario PPGR1'!#REF!) -> #REF! | E145: =IF(Tabla1[[#This Row],[Código_Actividad]]="","",'Formulario PPGR1'!#REF!) -> #REF! | F145: =IF(Tabla1[[#This Row],[Código_Actividad]]="","",'Formulario PPGR1'!#REF!) -> #REF! | G145: SRSEV 1.6.2.2.03 | H145: Actualización del Perfil de estadísticos de los CEAS y Sistema de información de las áreas | I145: 1 | J145: Gasoil | L145: Gasoil | M145: Galon | N145: 65 | O145: 220 | P145: =Tabla1[[#This Row],[Precio Unitario]]*Tabla1[[#This Row],[Cantidad de Insumos]] -> 14300 | Q145: 237102 | R145: Anticipo Financiero
B146: =IF(Tabla1[[#This Row],[Código_Actividad]]="","",CONCATENATE(Tabla1[[#This Row],[POA]],".",Tabla1[[#This Row],[SRS]],".",Tabla1[[#This Row],[AREA]],".",Tabla1[[#This Row],[TIPO]])) -> #REF! | C146: =IF(Tabla1[[#This Row],[Código_Actividad]]="","",'Formulario PPGR1'!#REF!) -> #REF! | D146: =IF(Tabla1[[#This Row],[Código_Actividad]]="","",'Formulario PPGR1'!#REF!) -> #REF! | E146: =IF(Tabla1[[#This Row],[Código_Actividad]]="","",'Formulario PPGR1'!#REF!) -> #REF! | F146: =IF(Tabla1[[#This Row],[Código_Actividad]]="","",'Formulario PPGR1'!#REF!) -> #REF! | G146: SRSEV 1.6.3.1.01 | H146: Reunión para presentar y analizar los resultados de la auditoria a los expedientes clínicos con los directores de los CEAS priorizados. | I146: 2 | J146: Refrigerio | M146: Unidad | N146: 60 | O146: 150 | P146: =Tabla1[[#This Row],[Precio Unitario]]*Tabla1[[#This Row],[Cantidad de Insumos]] -> 9000 | Q146: 231101 | R146: Venta de servicios
B147: =IF(Tabla1[[#This Row],[Código_Actividad]]="","",CONCATENATE(Tabla1[[#This Row],[POA]],".",Tabla1[[#This Row],[SRS]],".",Tabla1[[#This Row],[AREA]],".",Tabla1[[#This Row],[TIPO]])) -> #REF! | C147: =IF(Tabla1[[#This Row],[Código_Actividad]]="","",'Formulario PPGR1'!#REF!) -> #REF! | D147: =IF(Tabla1[[#This Row],[Código_Actividad]]="","",'Formulario PPGR1'!#REF!) -> #REF! | E147: =IF(Tabla1[[#This Row],[Código_Actividad]]="","",'Formulario PPGR1'!#REF!) -> #REF! | F147: =IF(Tabla1[[#This Row],[Código_Actividad]]="","",'Formulario PPGR1'!#REF!) -> #REF! | G147: SRSEV 1.6.3.1.01 | H147: Reunión para presentar y analizar los resultados de la auditoria a los expedientes clínicos con los directores de los CEAS priorizados. | I147: 2 | J147: Almuerzo | M147: Unidad | N147: 60 | O147: 350 | P147: =Tabla1[[#This Row],[Precio Unitario]]*Tabla1[[#This Row],[Cantidad de Insumos]] -> 21000 | Q147: 231101 | R147: Venta de servicios
B148: =IF(Tabla1[[#This Row],[Código_Actividad]]="","",CONCATENATE(Tabla1[[#This Row],[POA]],".",Tabla1[[#This Row],[SRS]],".",Tabla1[[#This Row],[AREA]],".",Tabla1[[#This Row],[TIPO]])) -> #REF! | C148: =IF(Tabla1[[#This Row],[Código_Actividad]]="","",'Formulario PPGR1'!#REF!) -> #REF! | D148: =IF(Tabla1[[#This Row],[Código_Actividad]]="","",'Formulario PPGR1'!#REF!) -> #REF! | E148: =IF(Tabla1[[#This Row],[Código_Actividad]]="","",'Formulario PPGR1'!#REF!) -> #REF! | F148: =IF(Tabla1[[#This Row],[Código_Actividad]]="","",'Formulario PPGR1'!#REF!) -> #REF! | G148: SRSEV 1.6.3.1.01 | H148: Auditoria a los Expedientes Clínicos de los CEAS Priorizados. | I148: 2 | J148: Gasoil | L148: Gasoil | M148: Galon | N148: 10 | O148: 220 | P148: =Tabla1[[#This Row],[Precio Unitario]]*Tabla1[[#This Row],[Cantidad de Insumos]] -> 2200 | Q148: 237102 | R148: Anticipo Financiero
B149: =IF(Tabla1[[#This Row],[Código_Actividad]]="","",CONCATENATE(Tabla1[[#This Row],[POA]],".",Tabla1[[#This Row],[SRS]],".",Tabla1[[#This Row],[AREA]],".",Tabla1[[#This Row],[TIPO]])) -> #REF! | C149: =IF(Tabla1[[#This Row],[Código_Actividad]]="","",'Formulario PPGR1'!#REF!) -> #REF! | D149: =IF(Tabla1[[#This Row],[Código_Actividad]]="","",'Formulario PPGR1'!#REF!) -> #REF! | E149: =IF(Tabla1[[#This Row],[Código_Actividad]]="","",'Formulario PPGR1'!#REF!) -> #REF! | F149: =IF(Tabla1[[#This Row],[Código_Actividad]]="","",'Formulario PPGR1'!#REF!) -> #REF! | G149: SRSEV 1.6.3.1.01 | H149: Auditoria a los Expedientes Clínicos de los CEAS Priorizados. | I149: 2 | J149: impresiones a color | L149: Gasolina | M149: Unidad | N149: 30 | O149: 15 | P149: =Tabla1[[#This Row],[Precio Unitario]]*Tabla1[[#This Row],[Cantidad de Insumos]] -> 450 | Q149: 222201 | R149: Anticipo Financiero
B150: =IF(Tabla1[[#This Row],[Código_Actividad]]="","",CONCATENATE(Tabla1[[#This Row],[POA]],".",Tabla1[[#This Row],[SRS]],".",Tabla1[[#This Row],[AREA]],".",Tabla1[[#This Row],[TIPO]])) -> #REF! | C150: =IF(Tabla1[[#This Row],[Código_Actividad]]="","",'Formulario PPGR1'!#REF!) -> #REF! | D150: =IF(Tabla1[[#This Row],[Código_Actividad]]="","",'Formulario PPGR1'!#REF!) -> #REF! | E150: =IF(Tabla1[[#This Row],[Código_Actividad]]="","",'Formulario PPGR1'!#REF!) -> #REF! | F150: =IF(Tabla1[[#This Row],[Código_Actividad]]="","",'Formulario PPGR1'!#REF!) -> #REF! | G150: SRSEV 1.6.3.1.01 | H150: Visita a los CEAS para auditoria de calidad del dato en los informes | I150: 13 | J150: Gasoil | L150: Gasoil | M150: Galon | N150: 65 | O150: 220 | P150: =Tabla1[[#This Row],[Precio Unitario]]*Tabla1[[#This Row],[Cantidad de Insumos]] -> 14300 | Q150: 237102 | R150: Anticipo Financiero
B151: =IF(Tabla1[[#This Row],[Código_Actividad]]="","",CONCATENATE(Tabla1[[#This Row],[POA]],".",Tabla1[[#This Row],[SRS]],".",Tabla1[[#This Row],[AREA]],".",Tabla1[[#This Row],[TIPO]])) -> #REF! | C151: =IF(Tabla1[[#This Row],[Código_Actividad]]="","",'Formulario PPGR1'!#REF!) -> #REF! | D151: =IF(Tabla1[[#This Row],[Código_Actividad]]="","",'Formulario PPGR1'!#REF!) -> #REF! | E151: =IF(Tabla1[[#This Row],[Código_Actividad]]="","",'Formulario PPGR1'!#REF!) -> #REF! | F151: =IF(Tabla1[[#This Row],[Código_Actividad]]="","",'Formulario PPGR1'!#REF!) -> #REF! | G151: SRSEV 1.6.3.1.01 | H151: Visita a los CEAS para auditoria de calidad del dato en los informes | I151: 13 | J151: Lapiz De Carbon | L151: Gasoil | M151: Unidad | N151: 13 | O151: 7 | P151: =Tabla1[[#This Row],[Precio Unitario]]*Tabla1[[#This Row],[Cantidad de Insumos]] -> 91 | Q151: 239201 | R151: Anticipo Financiero
B152: =IF(Tabla1[[#This Row],[Código_Actividad]]="","",CONCATENATE(Tabla1[[#This Row],[POA]],".",Tabla1[[#This Row],[SRS]],".",Tabla1[[#This Row],[AREA]],".",Tabla1[[#This Row],[TIPO]])) -> #REF! | C152: =IF(Tabla1[[#This Row],[Código_Actividad]]="","",'Formulario PPGR1'!#REF!) -> #REF! | D152: =IF(Tabla1[[#This Row],[Código_Actividad]]="","",'Formulario PPGR1'!#REF!) -> #REF! | E152: =IF(Tabla1[[#This Row],[Código_Actividad]]="","",'Formulario PPGR1'!#REF!) -> #REF! | F152: =IF(Tabla1[[#This Row],[Código_Actividad]]="","",'Formulario PPGR1'!#REF!) -> #REF! | G152: SRSEV 1.6.3.1.02 | H152: Reunión para presentar y analizar los resultados de la auditoria a los expedientes clínicos con los directores de los CEAS priorizados. | I152: 2 | J152: Desayuno | M152: Unidad | N152: 70 | O152: 200 | P152: =Tabla1[[#This Row],[Precio Unitario]]*Tabla1[[#This Row],[Cantidad de Insumos]] -> 14000 | Q152: 231101 | R152: Venta de servicios
B153: =IF(Tabla1[[#This Row],[Código_Actividad]]="","",CONCATENATE(Tabla1[[#This Row],[POA]],".",Tabla1[[#This Row],[SRS]],".",Tabla1[[#This Row],[AREA]],".",Tabla1[[#This Row],[TIPO]])) -> #REF! | C153: =IF(Tabla1[[#This Row],[Código_Actividad]]="","",'Formulario PPGR1'!#REF!) -> #REF! | D153: =IF(Tabla1[[#This Row],[Código_Actividad]]="","",'Formulario PPGR1'!#REF!) -> #REF! | E153: =IF(Tabla1[[#This Row],[Código_Actividad]]="","",'Formulario PPGR1'!#REF!) -> #REF! | F153: =IF(Tabla1[[#This Row],[Código_Actividad]]="","",'Formulario PPGR1'!#REF!) -> #REF! | G153: SRSEV 1.6.3.1.02 | H153: Visita a las UNAP para auditoria de calidad del dato de los informes | I153: 20 | J153: Gasoil | L153: Gasoil | M153: Galon | N153: 80 | O153: 220 | P153: =Tabla1[[#This Row],[Precio Unitario]]*Tabla1[[#This Row],[Cantidad de Insumos]] -> 17600 | Q153: 237102 | R153: Anticipo Financiero
B154: =IF(Tabla1[[#This Row],[Código_Actividad]]="","",CONCATENATE(Tabla1[[#This Row],[POA]],".",Tabla1[[#This Row],[SRS]],".",Tabla1[[#This Row],[AREA]],".",Tabla1[[#This Row],[TIPO]])) -> #REF! | C154: =IF(Tabla1[[#This Row],[Código_Actividad]]="","",'Formulario PPGR1'!#REF!) -> #REF! | D154: =IF(Tabla1[[#This Row],[Código_Actividad]]="","",'Formulario PPGR1'!#REF!) -> #REF! | E154: =IF(Tabla1[[#This Row],[Código_Actividad]]="","",'Formulario PPGR1'!#REF!) -> #REF! | F154: =IF(Tabla1[[#This Row],[Código_Actividad]]="","",'Formulario PPGR1'!#REF!) -> #REF! | G154: SRSEV 1.6.3.1.02 | H154: Visita a las UNAP para auditoria de calidad del dato de los informes | I154: 20 | J154: Lapiz De Carbon | L154: Gasoil | M154: Unidad | N154: 10 | O154: 7 | P154: =Tabla1[[#This Row],[Precio Unitario]]*Tabla1[[#This Row],[Cantidad de Insumos]] -> 70 | Q154: 239201 | R154: Anticipo Financiero
B155: =IF(Tabla1[[#This Row],[Código_Actividad]]="","",CONCATENATE(Tabla1[[#This Row],[POA]],".",Tabla1[[#This Row],[SRS]],".",Tabla1[[#This Row],[AREA]],".",Tabla1[[#This Row],[TIPO]])) -> #REF! | C155: =IF(Tabla1[[#This Row],[Código_Actividad]]="","",'Formulario PPGR1'!#REF!) -> #REF! | D155: =IF(Tabla1[[#This Row],[Código_Actividad]]="","",'Formulario PPGR1'!#REF!) -> #REF! | E155: =IF(Tabla1[[#This Row],[Código_Actividad]]="","",'Formulario PPGR1'!#REF!) -> #REF! | F155: =IF(Tabla1[[#This Row],[Código_Actividad]]="","",'Formulario PPGR1'!#REF!) -> #REF! | G155: SRSEV 1.6.3.1.03 | H155: Visita a los Centros Diagnósticos para auditoria de calidad del dato de los informes | I155: 9 | J155: Gasoil | L155: Gasoil | M155: Galon | N155: 30 | O155: 220 | P155: =Tabla1[[#This Row],[Precio Unitario]]*Tabla1[[#This Row],[Cantidad de Insumos]] -> 6600 | Q155: 237102 | R155: Anticipo Financiero
B156: =IF(Tabla1[[#This Row],[Código_Actividad]]="","",CONCATENATE(Tabla1[[#This Row],[POA]],".",Tabla1[[#This Row],[SRS]],".",Tabla1[[#This Row],[AREA]],".",Tabla1[[#This Row],[TIPO]])) -> #REF! | C156: =IF(Tabla1[[#This Row],[Código_Actividad]]="","",'Formulario PPGR1'!#REF!) -> #REF! | D156: =IF(Tabla1[[#This Row],[Código_Actividad]]="","",'Formulario PPGR1'!#REF!) -> #REF! | E156: =IF(Tabla1[[#This Row],[Código_Actividad]]="","",'Formulario PPGR1'!#REF!) -> #REF! | F156: =IF(Tabla1[[#This Row],[Código_Actividad]]="","",'Formulario PPGR1'!#REF!) -> #REF! | G156: SRSEV 1.6.3.1.03 | H156: Visita a los Centros Diagnósticos para auditoria de calidad del dato de los informes | I156: 9 | J156: Lapiz De Carbon | L156: Gasoil | M156: Unidad | N156: 9 | O156: 7 | P156: =Tabla1[[#This Row],[Precio Unitario]]*Tabla1[[#This Row],[Cantidad de Insumos]] -> 63 | Q156: 239201 | R156: Anticipo Financiero
B157: =IF(Tabla1[[#This Row],[Código_Actividad]]="","",CONCATENATE(Tabla1[[#This Row],[POA]],".",Tabla1[[#This Row],[SRS]],".",Tabla1[[#This Row],[AREA]],".",Tabla1[[#This Row],[TIPO]])) -> #REF! | C157: =IF(Tabla1[[#This Row],[Código_Actividad]]="","",'Formulario PPGR1'!#REF!) -> #REF! | D157: =IF(Tabla1[[#This Row],[Código_Actividad]]="","",'Formulario PPGR1'!#REF!) -> #REF! | E157: =IF(Tabla1[[#This Row],[Código_Actividad]]="","",'Formulario PPGR1'!#REF!) -> #REF! | F157: =IF(Tabla1[[#This Row],[Código_Actividad]]="","",'Formulario PPGR1'!#REF!) -> #REF! | G157: SRSEV 1.6.3.1.04 | H157: Reunión de seguimiento al llenado del registro diario del medico | I157: 2 | J157: Refrigerio | L157: Gasoil | M157: Unidad | N157: 40 | O157: 150 | P157: =Tabla1[[#This Row],[Precio Unitario]]*Tabla1[[#This Row],[Cantidad de Insumos]] -> 6000 | Q157: 231101 | R157: Venta de servicios
B158: =IF(Tabla1[[#This Row],[Código_Actividad]]="","",CONCATENATE(Tabla1[[#This Row],[POA]],".",Tabla1[[#This Row],[SRS]],".",Tabla1[[#This Row],[AREA]],".",Tabla1[[#This Row],[TIPO]])) -> #REF! | C158: =IF(Tabla1[[#This Row],[Código_Actividad]]="","",'Formulario PPGR1'!#REF!) -> #REF! | D158: =IF(Tabla1[[#This Row],[Código_Actividad]]="","",'Formulario PPGR1'!#REF!) -> #REF! | E158: =IF(Tabla1[[#This Row],[Código_Actividad]]="","",'Formulario PPGR1'!#REF!) -> #REF! | F158: =IF(Tabla1[[#This Row],[Código_Actividad]]="","",'Formulario PPGR1'!#REF!) -> #REF! | G158: SRSEV 1.6.3.1.05 | H158: Visita a los CEAS para Seguimiento al cumplimiento del tablero de mando | I158: 13 | J158: Gasoil | L158: Gasoil | M158: Galon | N158: 45 | O158: 220 | P158: =Tabla1[[#This Row],[Precio Unitario]]*Tabla1[[#This Row],[Cantidad de Insumos]] -> 9900 | Q158: 237102 | R158: Anticipo Financiero
B159: =IF(Tabla1[[#This Row],[Código_Actividad]]="","",CONCATENATE(Tabla1[[#This Row],[POA]],".",Tabla1[[#This Row],[SRS]],".",Tabla1[[#This Row],[AREA]],".",Tabla1[[#This Row],[TIPO]])) -> #REF! | C159: =IF(Tabla1[[#This Row],[Código_Actividad]]="","",'Formulario PPGR1'!#REF!) -> #REF! | D159: =IF(Tabla1[[#This Row],[Código_Actividad]]="","",'Formulario PPGR1'!#REF!) -> #REF! | E159: =IF(Tabla1[[#This Row],[Código_Actividad]]="","",'Formulario PPGR1'!#REF!) -> #REF! | F159: =IF(Tabla1[[#This Row],[Código_Actividad]]="","",'Formulario PPGR1'!#REF!) -> #REF! | G159: SRSEV 1.6.3.1.06 | H159: Taller de reforzamiento de registros de producción de servicios y bases de datos de reportes de eventos y notificación de enfermedades. acorde al informe de auditoría de calidad del dato del SNS | I159: 1 | J159: Refrigerio | L159: Gasoil | M159: Unidad | N159: 25 | O159: 150 | P159: =Tabla1[[#This Row],[Precio Unitario]]*Tabla1[[#This Row],[Cantidad de Insumos]] -> 3750 | Q159: 231101 | R159: Venta de servicios
B160: =IF(Tabla1[[#This Row],[Código_Actividad]]="","",CONCATENATE(Tabla1[[#This Row],[POA]],".",Tabla1[[#This Row],[SRS]],".",Tabla1[[#This Row],[AREA]],".",Tabla1[[#This Row],[TIPO]])) -> #REF! | C160: =IF(Tabla1[[#This Row],[Código_Actividad]]="","",'Formulario PPGR1'!#REF!) -> #REF! | D160: =IF(Tabla1[[#This Row],[Código_Actividad]]="","",'Formulario PPGR1'!#REF!) -> #REF! | E160: =IF(Tabla1[[#This Row],[Código_Actividad]]="","",'Formulario PPGR1'!#REF!) -> #REF! | F160: =IF(Tabla1[[#This Row],[Código_Actividad]]="","",'Formulario PPGR1'!#REF!) -> #REF! | G160: SRSEV 1.6.3.1.06 | H160: Taller de reforzamiento de registros de producción de servicios y bases de datos de reportes de eventos y notificación de enfermedades. acorde al informe de auditoría de calidad del dato del SNS | I160: 1 | J160: Almuerzo | L160: Gasoil | M160: Unidad | N160: 25 | O160: 350 | P160: =Tabla1[[#This Row],[Precio Unitario]]*Tabla1[[#This Row],[Cantidad de Insumos]] -> 8750 | Q160: 231101 | R160: Venta de servicios
B161: =IF(Tabla1[[#This Row],[Código_Actividad]]="","",CONCATENATE(Tabla1[[#This Row],[POA]],".",Tabla1[[#This Row],[SRS]],".",Tabla1[[#This Row],[AREA]],".",Tabla1[[#This Row],[TIPO]])) -> #REF! | C161: =IF(Tabla1[[#This Row],[Código_Actividad]]="","",'Formulario PPGR1'!#REF!) -> #REF! | D161: =IF(Tabla1[[#This Row],[Código_Actividad]]="","",'Formulario PPGR1'!#REF!) -> #REF! | E161: =IF(Tabla1[[#This Row],[Código_Actividad]]="","",'Formulario PPGR1'!#REF!) -> #REF! | F161: =IF(Tabla1[[#This Row],[Código_Actividad]]="","",'Formulario PPGR1'!#REF!) -> #REF! | G161: SRSEV 1.6.3.1.06 | H161: Taller de reforzamiento de registros de producción de servicios y bases de datos de reportes de eventos y notificación de enfermedades. acorde al informe de auditoría de calidad del dato del SNS | I161: 1 | J161: Papel 81/2 *11 | L161: Gasoil | M161: Resma | N161: 1 | O161: 247.5 | P161: =Tabla1[[#This Row],[Precio Unitario]]*Tabla1[[#This Row],[Cantidad de Insumos]] -> 247.5 | Q161: 233101 | R161: Anticipo Financiero
B162: =IF(Tabla1[[#This Row],[Código_Actividad]]="","",CONCATENATE(Tabla1[[#This Row],[POA]],".",Tabla1[[#This Row],[SRS]],".",Tabla1[[#This Row],[AREA]],".",Tabla1[[#This Row],[TIPO]])) -> #REF! | C162: =IF(Tabla1[[#This Row],[Código_Actividad]]="","",'Formulario PPGR1'!#REF!) -> #REF! | D162: =IF(Tabla1[[#This Row],[Código_Actividad]]="","",'Formulario PPGR1'!#REF!) -> #REF! | E162: =IF(Tabla1[[#This Row],[Código_Actividad]]="","",'Formulario PPGR1'!#REF!) -> #REF! | F162: =IF(Tabla1[[#This Row],[Código_Actividad]]="","",'Formulario PPGR1'!#REF!) -> #REF! | G162: SRSEV 1.6.3.1.06 | H162: Taller de reforzamiento de registros de producción de servicios y bases de datos de reportes de eventos y notificación de enfermedades. acorde al informe de auditoría de calidad del dato del SNS | I162: 1 | J162: Folder 81/2*11 | L162: Gasoil | M162: Caja/50 | N162: 1 | O162: 319 | P162: =Tabla1[[#This Row],[Precio Unitario]]*Tabla1[[#This Row],[Cantidad de Insumos]] -> 319 | Q162: 233201 | R162: Anticipo Financiero
B163: =IF(Tabla1[[#This Row],[Código_Actividad]]="","",CONCATENATE(Tabla1[[#This Row],[POA]],".",Tabla1[[#This Row],[SRS]],".",Tabla1[[#This Row],[AREA]],".",Tabla1[[#This Row],[TIPO]])) -> #REF! | C163: =IF(Tabla1[[#This Row],[Código_Actividad]]="","",'Formulario PPGR1'!#REF!) -> #REF! | D163: =IF(Tabla1[[#This Row],[Código_Actividad]]="","",'Formulario PPGR1'!#REF!) -> #REF! | E163: =IF(Tabla1[[#This Row],[Código_Actividad]]="","",'Formulario PPGR1'!#REF!) -> #REF! | F163: =IF(Tabla1[[#This Row],[Código_Actividad]]="","",'Formulario PPGR1'!#REF!) -> #REF! | G163: SRSEV 1.6.3.1.06 | H163: Taller de reforzamiento de registros de producción de servicios y bases de datos de reportes de eventos y notificación de enfermedades. acorde al informe de auditoría de calidad del dato del SNS | I163: 1 | J163: Lapiz De Carbon | L163: Gasoil | M163: Unidad | N163: 20 | O163: 7 | P163: =Tabla1[[#This Row],[Precio Unitario]]*Tabla1[[#This Row],[Cantidad de Insumos]] -> 140 | Q163: 239201 | R163: Anticipo Financiero
B164: =IF(Tabla1[[#This Row],[Código_Actividad]]="","",CONCATENATE(Tabla1[[#This Row],[POA]],".",Tabla1[[#This Row],[SRS]],".",Tabla1[[#This Row],[AREA]],".",Tabla1[[#This Row],[TIPO]])) -> #REF! | C164: =IF(Tabla1[[#This Row],[Código_Actividad]]="","",'Formulario PPGR1'!#REF!) -> #REF! | D164: =IF(Tabla1[[#This Row],[Código_Actividad]]="","",'Formulario PPGR1'!#REF!) -> #REF! | E164: =IF(Tabla1[[#This Row],[Código_Actividad]]="","",'Formulario PPGR1'!#REF!) -> #REF! | F164: =IF(Tabla1[[#This Row],[Código_Actividad]]="","",'Formulario PPGR1'!#REF!) -> #REF! | G164: SRSEV 1.6.3.1.07 | H164: Mesas de trabajo con CEAS, acorde al informe de auditoría de calidad del dato del SNS | I164: 1 | J164: Refrigerio | L164: Gasoil | M164: Unidad | N164: 20 | O164: 150 | P164: =Tabla1[[#This Row],[Precio Unitario]]*Tabla1[[#This Row],[Cantidad de Insumos]] -> 3000 | Q164: 231101 | R164: Venta de servicios
